 Dungeon Crawl Stone Soup version 0.24.0-13-gcf9b319 (webtiles) character file.

Game seed: 14386541951039063514, levelgen mode: deterministic

786175 AgonHex the Merry Vine Stalker (level 27, -2/164 HPs)
             Began as a Vine Stalker Berserker on May 22, 2020.
             Was the Champion of Trog.
             Killed from afar by an Ice Fiend (7 damage)
             ... with a bolt of cold
             ... on level 7 of Cocytus on May 24, 2020.
             The game lasted 06:21:59 (65498 turns).

AgonHex the Merry Vine Stalker (VSBe)              Turns: 65498, Time: 06:21:59

Health: -2/164     AC: 41    Str: 46    XL:     27
Magic:  0/32       EV: 16    Int:  7    God:    Trog [******]
Gold:   4195       SH:  4    Dex: 14    Spells: 26/26 levels left

rFire    + + +     SeeInvis +   a - +9 longbow (flame)
rCold    + + .     Gourm    +   (shield currently unavailable)
rNeg     + + .     Faith    .   V - +9 scales of the Dragon King {rPois rF+ rC+ MR+}
rPois    +         Spirit   +   C - -2 hat of the Alchemist {rElec rPois rF+ rC+ rN+ MR+ rMut rCorr}
rElec    +         Reflect  .   I - +0 cloak of a ziggurat {rC+ Regen+ MP-9 Str+8}
rCorr    +         Harm     .   X - +2 pair of gloves {Str+3} {Str+3}
rMut     +                      s - +2 pair of boots {Fly}
MR       +++++                  H - amulet of Melee {Gourm rPois Str+2}
Stlth    ..........             E - ring "Ydutzin" {+Fly SInv}
HPRegen  2.57/turn              F - ring "Luuv" {rPois rF+++ rC- rN+ MP+9}
MPRegen  0.23/turn

@: about to teleport, flying, regenerating, studying Maces & Flails
A: fangs 3, horns 1, large bone plates 1, regeneration 2, magic shield,
antimagic bite, no potion heal 3, rot immunity
}: 6/15 runes: decaying, slimy, silver, obsidian, abyssal, gossamer
a: Berserk, Trog's Hand, Brothers in Arms, Renounce Religion, Stop Flying


You were on level 7 of Cocytus.
You worshipped Trog.
Trog was exalted by your worship.
You were not hungry.

You visited 14 branches of the dungeon, and saw 69 of its levels.
You visited the Abyss 1 time.
You visited 1 bazaar.
You also visited: Ice Cave, Wizlab and Desolation.

You collected 6767 gold pieces.
You spent 2572 gold pieces at shops.

Inventory:

Hand Weapons
 a - a +9 longbow of flaming (weapon)
 b - the +10 hand axe of Governance {protect, Str+6 Stlth+}
   (You found it on level 5 of the Dungeon)

   It grants its wielder temporary protection when it strikes (+7 to AC).
   It affects your strength (+6).
   It makes you more stealthy.
 c - the +6 shillelagh "Devastator" {shatter}
   (You found it on level 1 of the Lair of Beasts)
 z - a +9 longbow of freezing
 Z - the +14 obsidian axe {chop, +Fly SInv *Curse}
   (Trog gifted it to you on level 2 of the Spider Nest)

   It inflicts extra damage upon your enemies.
   It lets you see invisible.
   It lets you fly.
   It curses itself when equipped.
Missiles
 j - 1206 arrows (quivered)
 P - a throwing net {=f}
Armour
 s - a +2 pair of boots of flying (worn)
 C - the -2 hat of the Alchemist (worn) {rElec rPois rF+ rC+ rN+ MR+ rMut rCorr}
   (You found it in a wizard's laboratory)

   It protects you from fire.
   It protects you from cold.
   It insulates you from electricity.
   It protects you from poison.
   It protects you from negative energy.
   It affects your resistance to hostile enchantments.
   It provides partial protection from all sources of acid and corrosion.
   It protects you from mutation.
 I - the +0 cloak of a ziggurat (worn) {rC+ Regen+ MP-9 Str+8}
   (You acquired it on level 1 of the Depths)

   It affects your strength (+8).
   It protects you from cold.
   It affects your magic capacity (-9).
   It increases your rate of regeneration.
 V - the +9 scales of the Dragon King (worn) {rPois rF+ rC+ MR+}
   (You found it on level 2 of the Swamp)

   It protects you from fire.
   It protects you from cold.
   It protects you from poison.
   It affects your resistance to hostile enchantments.
 X - a +2 pair of gloves of strength (worn) {Str+3}
Jewellery
 E - the ring "Ydutzin" (left hand) {+Fly SInv}
   (You took it off a fire giant on level 2 of the Depths)

   [ring of flight]

   It lets you see invisible.
   It lets you fly.
 F - the ring "Luuv" (right hand) {rPois rF+++ rC- rN+ MP+9}
   (You found it in the Desolation of Salt)

   [ring of magical power]

   It renders you almost immune to fire.
   It makes you vulnerable to cold.
   It protects you from poison.
   It protects you from negative energy.
   It affects your magic capacity (+9).
 H - the amulet of Melee (around neck) {Gourm rPois Str+2}
   (You found it on level 5 of the Vaults)

   [amulet of the gourmand]

   It allows you to eat raw meat even when not hungry.
   It affects your strength (+2).
   It protects you from poison.
 W - the ring "Apijiy" {-Tele AC+2 Int+8 Slay+6}
   (You found it on level 4 of the Swamp)

   [ring of protection]

   It affects your AC (+2).
   It affects your intelligence (+8).
   It affects your accuracy and damage with ranged weapons and melee attacks
   (+6).
   It prevents most forms of teleportation.
Wands
 d - a wand of disintegration (33)
 l - a wand of enslavement (20)
 q - a wand of polymorph (42)
 r - a wand of paralysis (4)
 D - a wand of digging (7)
 G - a wand of iceblast (67)
 L - a wand of scattershot (5)
 Q - a wand of acid (16)
 Y - a wand of clouds (7)
Scrolls
 f - 5 scrolls of fog
 h - 9 scrolls of remove curse
 i - 2 scrolls of identify
 o - 5 scrolls of magic mapping {!r}
 p - a scroll of holy word {!r}
 t - 13 scrolls of teleportation
 v - 4 scrolls of immolation {!r}
 w - 3 scrolls of summoning
 A - a scroll of torment {!r}
 B - 5 scrolls of blinking {!r}
 J - 4 scrolls of fear
 M - 6 scrolls of vulnerability {!r!r}
 O - 5 scrolls of enchant armour
 S - 3 scrolls of silence
Potions
 g - 5 potions of agility
 k - 8 potions of brilliance
 m - 3 potions of cancellation
 n - 18 potions of curing
 u - 9 potions of might
 x - 21 potions of mutation {!q}
 K - 3 potions of magic
 R - a potion of flight
 T - 6 potions of ambrosia
Books
 y - a manual of Maces & Flails {!d}
Miscellaneous
 N - the horn of Geryon (inert)
Comestibles
 e - 77 rations


   Skills:
 + Level 23.2 Fighting
   Level 2.6 Short Blades
 - Level 14.0 Axes
 O Level 27 Bows
 - Level 2.0 Throwing
 + Level 22.0 Armour
 - Level 12.0 Dodging
 * Level 11.2 Evocations


You had 26 spell levels left.
You didn't know any spells.
Your spell library contained the following spells:

 Spells                   Type           Power        Failure   Level  Hunger
 Animate Skeleton         Necr           N/A          88%         1    ##.....
 Apportation              Tloc           #.....       88%         1    ##.....
 Beastly Appendage        Tmut           #.....       88%         1    ##.....
 Confusing Touch          Hex            #.....       88%         1    ##.....
 Corona                   Hex            #......      88%         1    ##.....
 Flame Tongue             Conj/Fire      #....        88%         1    ##.....
 Infusion                 Chrm           #...         88%         1    ##.....
 Magic Dart               Conj           #...         88%         1    ##.....
 Pain                     Necr           #...         88%         1    ##.....
 Sandblast                Erth           #.....       88%         1    ##.....
 Sting                    Conj/Pois      #...         88%         1    ##.....
 Summon Butterflies       Summ           #.......     88%         1    ##.....
 Summon Small Mammal      Summ           #...         88%         1    ##.....
 Blink                    Tloc           N/A          96%         2    ###....
 Call Imp                 Summ           #.......     96%         2    ###....
 Corpse Rot               Necr           N/A          96%         2    ###....
 Passwall                 Tmut/Erth      #.......     96%         2    ###....
 Searing Ray              Conj           #.....       96%         2    ###....
 Shroud of Golubria       Chrm/Tloc      #.....       96%         2    ###....
 Slow                     Hex            #.......     96%         2    ###....
 Song of Slaying          Chrm           #.......     96%         2    ###....
 Sticks to Snakes         Tmut           #.......     96%         2    ###....
 Sublimation of Blood     Necr           #.........   96%         2    ###....
 Swiftness                Chrm/Air       #.......     96%         2    ###....
 Throw Flame              Conj/Fire      #.....       96%         2    ###....
 Call Canine Familiar     Summ           #.......     99%         3    ####...
 Confuse                  Hex            #.......     99%         3    ####...
 Conjure Flame            Conj/Fire      #.......     99%         3    ####...
 Dazzling Spray           Conj/Hex       #.....       99%         3    ####...
 Gell's Gravitas          Tloc           #.........   99%         3    ####...
 Ignite Poison            Fire/Tmut/Pois #.......     99%         3    ####...
 Inner Flame              Hex/Fire       #.......     99%         3    ####...
 Lesser Beckoning         Tloc           #.........   99%         3    ####...
 Mephitic Cloud           Conj/Pois/Air  #.......     99%         3    ####...
 Ozocubu's Armour         Chrm/Ice       #.......     99%         3    ####...
 Portal Projectile        Hex/Tloc       #.....       99%         3    ####...
 Recall                   Summ/Tloc      N/A          99%         3    ####...
 Regeneration             Chrm/Necr      #.........   99%         3    ####...
 Spectral Weapon          Hex/Chrm       #.......     99%         3    ####...
 Spider Form              Tmut/Pois      #.........   99%         3    ####...
 Static Discharge         Conj/Air       #.......     99%         3    ####...
 Stone Arrow              Conj/Erth      #.....       99%         3    ####...
 Summon Guardian Golem    Hex/Summ       #.......     99%         3    ####...
 Teleport Other           Tloc           #.......     99%         3    ####...
 Tukima's Dance           Hex            #.......     99%         3    ####...
 Vampiric Draining        Necr           #.........   99%         3    ####...
 Airstrike                Air            #.........   100%        4    #####..
 Animate Dead             Necr           N/A          100%        4    #####..
 Cause Fear               Hex            #.........   100%        4    #####..
 Force Lance              Conj/Tloc      #.......     100%        4    #####..
 Fulminant Prism          Conj/Hex       #.........   100%        4    #####..
 Ice Form                 Ice/Tmut       #.......     100%        4    #####..
 Iskenderun's Mystic Bla  Conj           #.......     100%        4    #####..
 Leda's Liquefaction      Hex/Erth       #.........   100%        4    #####..
 Passage of Golubria      Tloc           N/A          100%        4    #####..
 Petrify                  Tmut/Erth      #.......     100%        4    #####..
 Sticky Flame             Conj/Fire      #.......     100%        4    #####..
 Summon Ice Beast         Ice/Summ       #.......     100%        4    #####..
 Summon Lightning Spire   Summ/Air       #.......     100%        4    #####..
 Agony                    Necr           #.......     100%        5    ######.
 Alistair's Intoxication  Tmut/Pois      #.......     100%        5    ######.
 Blade Hands              Tmut           #.........   100%        5    ######.
 Bolt of Draining         Conj/Necr      #.........   100%        5    ######.
 Borgnjor's Vile Clutch   Necr/Erth      #.........   100%        5    ######.
 Dispel Undead            Necr           #.......     100%        5    ######.
 Excruciating Wounds      Chrm/Necr      #.........   100%        5    ######.
 Fireball                 Conj/Fire      #.........   100%        5    ######.
 Irradiate                Conj/Tmut      #.........   100%        5    ######.
 Lee's Rapid Deconstruct  Erth           #.........   100%        5    ######.
 Lightning Bolt           Conj/Air       #.........   100%        5    ######.
 Metabolic Englaciation   Hex/Ice        #.........   100%        5    ######.
 Silence                  Hex/Air        #.........   100%        5    ######.
 Summon Mana Viper        Hex/Summ       #.......     100%        5    ######.
 Yara's Violent Unravell  Hex/Tmut       #.........   100%        5    ######.
 Conjure Ball Lightning   Conj/Air       #.........   100%        6    #######
 Darkness                 Hex            #.........   100%        6    #######
 Death Channel            Necr           #.........   100%        6    #######
 Deflect Missiles         Chrm/Air       #.........   100%        6    #######
 Dispersal                Tloc           #.........   100%        6    #######
 Hydra Form               Tmut           #.........   100%        6    #######
 Invisibility             Hex            #.......     100%        6    #######
 Ozocubu's Refrigeration  Ice            #.........   100%        6    #######
 Simulacrum               Ice/Necr       #.........   100%        6    #######
 Statue Form              Tmut/Erth      #........    100%        6    #######
 Dragon Form              Tmut           #.........   100%        7    #######
 Haunt                    Necr/Summ      #.........   100%        7    #######
 Malign Gateway           Summ/Tloc      #.........   100%        7    #######
 Monstrous Menagerie      Summ           #.........   100%        7    #######
 Summon Greater Demon     Summ           #.........   100%        7    #######
 Summon Hydra             Summ           #.........   100%        7    #######
 Borgnjor's Revivificati  Necr           #.........   100%        8    #######
 Death's Door             Chrm/Necr      #.........   100%        8    #######
 Discord                  Hex            #.........   100%        8    #######
 Ignition                 Fire           #.........   100%        8    #######
 Infestation              Necr           #.........   100%        8    #######
 Necromutation            Tmut/Necr      #.........   100%        8    #######
 Summon Horrible Things   Summ           #.........   100%        8    #######
 Tornado                  Air            #.........   100%        9    #######


Dungeon Overview and Level Annotations

Branches:
Dungeon (15/15)            Temple (0/1) D:4            Lair (6/6) D:10
  Swamp (4/4) Lair:2       Spider (4/4) Lair:4        Slime (5/5) Lair:5
    Orc (2/2) D:9             Elf (3/3) Orc:2        Vaults (5/5) D:14
  Crypt (3/3) Vaults:2       Tomb (0/3) Crypt:3      Depths (5/5) D:15
   Hell (visited)             Dis (0/7) Hell            Geh (7/7) Hell
    Coc (7/7) Hell            Tar (2/7) Hell            Zot (0/5) Depths:5
  IceCv (visited)          WizLab (visited)         Desolation (visited)

Altars:
Ashenzari
Cheibriados
Elyvilon
Fedhas
Gozag
Hepliaklqana
Kikubaaqudgha
Makhleb
Uskayaw
Vehumet
Wu Jian
Beogh
Jiyva

Shops:
D:9 (   D:15 [   Orc:2 *[(}   Elf:1 ?%%   Elf:2 !   Elf:3 :[*?(   Vaults:1 }
Vaults:2 [   Depths:1 =}}   Depths:3 =

Portals:
Hell: Depths:1 Depths:2 Depths:3 Depths:5
Abyss: Depths:3 Depths:5
Pandemonium: Depths:2 Depths:3 Depths:5
Ziggurat: Depths:1

Annotations:
Swamp:2 exclusions: oklob plant and 1 more exclusion
Elf:3 1 runed translucent door, Klatu's ghost, adept TeGl
Depths:1 exclusions: 2 eyes of draining, shining eye and 1 more exclusion
Coc:7 Antaeus


Innate Abilities, Weirdness & Mutations

You have razor-sharp teeth.
You heal very quickly.
When hurt, damage is shared between your health and your magic reserves.
Your bite disrupts and absorbs the magic of your enemies.
Potions cannot restore your health.
You are immune to rotting.
You have a pair of small horns on your head.
You are partially covered in large bone plates. (SH +4)


Message History

You feel strangely unstable. The Ice Fiend gestures at you.
The bolt of cold hits Antaeus.
Antaeus resists.
The bolt of cold hits you. You resist.
* * * LOW MAGIC WARNING * * *;
* * * LOW HITPOINT WARNING * * *
The blizzard demon is engulfed in freezing vapours.
The iron dragon skeleton is engulfed in freezing vapours.
Antaeus hits you!!
* * * LOW MAGIC WARNING * * *;
* * * LOW HITPOINT WARNING * * *
Antaeus freezes you! You resist.
* * * LOW MAGIC WARNING * * *;
* * * LOW HITPOINT WARNING * * *
You block Antaeus's attack.
You take 32 damage, and have 1/164 hp.
You now have 1/32 mp.
The ice encasing you melts away.
The ice dragon roars deafeningly!
The Ice Fiend gestures at you.
The bolt of cold hits Antaeus.
Antaeus resists.
The bolt of cold hits you! You resist.
* * * LOW MAGIC WARNING * * *
You die...

≈≈≈≈≈≈≈≈≈≈≈≈≈≈≈≈
≈≈≈≈≈≈≈≈≈≈≈≈≈≈≈≈≈≈≈≈≈≈
≈≈≈≈≈≈≈≈≈≈≈≈≈≈≈≈≈≈≈≈≈≈
≈≈≈≈≈≈≈≈≈≈≈≈≈≈≈≈≈≈≈≈D≈
≈≈≈≈≈≈≈≈≈≈≈≈≈≈≈≈≈≈≈≈≈≈
≈≈≈≈≈≈≈≈≈≈≈≈≈≈≈≈≈≈≈≈≈≈
≈≈≈≈≈≈≈≈2≈≈≈≈≈≈≈≈.≈≈≈≈
≈≈≈≈≈≈≈≈D≈11.C@.....≈≈
≈≈≈≈≈≈..≈111(W#####...
......ZZ12#####
......§..## ≈.....2..#
≈≈≈≈≈≈.... ≈≈≈≈≈WZE...
≈≈≈1E≈1Z≈≈≈≈
≈≈≈≈≈≈≈≈≈≈≈≈≈


You could see Antaeus (wandering), 6 Ice Fiends, 2 ice dragons, 2 blizzard
demons, a freezing wraith and a fire giant skeleton.

Levels and vault maps discovered:
D:1:      dpeg_arrival_ternary, layout_rooms, minmay_shallow_snake_nest
D:2:      layout_basic, ashenzari_altar_1, lemuel_crystal_altar
D:3:      layout_basic, first_ration
D:4:      layout_gridville, minmay_temple_entry_tees
D:5:      layout_cave_pods, nicolae_overflow_crystal_walls, vehumet_statue
D:6:      layout_rooms, lemuel_round_altar, uniq_prince_ribbit1, uniq_duvessa
D:7:      layout_basic, kennysheep_mini, minivault_26, grunt_livestock
D:8:      layout_cave_pools, serial_park_tiny_pond, minmay_misc_feat_nine_boxes,
          uniq_erica
D:9:      layout_roguey, orc_david_3, basic_altar, minmay_misc_feat_columns,
          minmay_misc_feat_enclosed, uniq_harold
D:10:     layout_small_grid, dpeg_oklobed_lair
D:11:     layout_gridville, uniq_fannar
D:12:     layout_stronghold
D:13:     layout_basic, lightli_elemental_guards
D:14:     layout_long_grid, hangedman_vaults_entry_quadrant_bands, basic_altar,
          nicolae_gozag_cash_rules_everything_around_me, gammafunk_ghost_grave
D:15:     grunt_enter_depths_hoard, layout_long_grid,
          portal_ice_cave_demonic_guard, chequers_big_river, minmay_shop_chei
Lair:1:   layout_roguey [special_room_bee], minmay_lair_oklob_chamber,
          lemuel_fruit_tree, grunt_megastairs_2, uniq_nergalle
Lair:2:   layout_roguey, minmay_swamp_entry_swarm, lemuel_fruit_fields
Lair:3:   layout_loops_ring, lemuel_fruit_fields, uniq_urug
Lair:4:   layout_cave_shapes, spider_nest_entry_rubble, nicolae_lair_yak_garden,
          uniq_kirke, uniq_sonja
Lair:5:   layout_cave_pods, dpeg_slime_entry_corner, gauntlet_entry_generic,
          nicolae_lair_grove_arrangements, infiniplex_staircase_pool
Lair:6:   guppyfry_lair_end_dragon, layout_small_grid
Swamp:1:  layout_basic_swamp, evilmike_swamp_ruin_house_5, swamp_pool4
Swamp:2:  nicolae_swamp_phyte_club, layout_basic_swamp,
          evilmike_swamp_ruin_house_1, swamp_pool3
Swamp:3:  layout_falls_marsh, basic_altar
Swamp:4:  swamp_basic_johnstein, layout_basic_swamp,
          ebering_ghost_disaster_area, swamp_pool4, nicolae_swamp_spriggan_camp
Spider:1: layout_spider_delve, guppyfry_spider_mini_2, uniq_frances
Spider:2: hangedman_creepy_crawlies
Spider:3: layout_spider_delve, drop_trap
Spider:4: spider_rune_water, hangedman_stitches_earthworm
Slime:1:  layout_caves, cheibrodos_slime_lost_civilization_7
Slime:2:  layout_caves
Slime:3:  layout_caves, basic_altar
Slime:4:  cheibrodos_slime_lost_civilization_10, layout_caves
Slime:5:  uniq_donald
Orc:1:    layout_caves, statue_in_the_mist_lemuel, uniq_josephine
Orc:2:    st_orc_town, layout_diamond_mine
Elf:1:    minmay_elf_arrival_summoners, layout_geoelf_diagonals, minivault_28,
          minivault_13, minmay_shop_star
Elf:2:    layout_geoelf_diagonals, minmay_shoptagon
Elf:3:    elf_hall_gauntlet_narrow, layout_loops_ring, gammafunk_ghost_grave,
          serial_shops, shop, nicolae_elf_glass_and_crystal_pillar_1,
          minmay_shop_grid_forest, kilobyte_rumbling_trees
Vaults:1: v_misc_29, vaults_room_fours, v_rooms_1, hangedman_vaults_stream,
          nicolae_vaults_asterisk, hangedman_vaults_variations,
          hangedman_vaults_cutoff, vaults_room_door_ring,
          layout_vaults_omnigrid, serial_shops,
          nicolae_shop_competitors_out_of_business,
          portal_desolation_entry_garden
Vaults:2: ontoclasm_vaults_decontamination, minmay_crypt_entry_simple_plaza,
          v_misc_33, nicolae_vaults_network_quinsquares
          [nicolae_vaults_network_quincunx_subvault,
          nicolae_vaults_network_quincunx_subvault,
          nicolae_vaults_network_quincunx_subvault,
          nicolae_vaults_network_quincunx_subvault], vaults_room_pool,
          v_misc_12, v_misc_5, nicolae_vaults_octagons, nicolae_vaults_theta,
          vaults_dpeg_diagonal, vaults_room_grunt_arrival_checkpoint, v_misc_24,
          nicolae_vaults_little_squares_2, layout_vaults_omnibox, serial_shops,
          shop
Vaults:3: hangedman_vaults_slither, dpeg_vaults_monster_row,
          grunt_vaults_twisty, vaults_room_fancy_cross,
          ontoclasm_vaults_loading_screen, vaults_room_door_hall,
          vaults_room_pools, vaults_room_door_ring, ontoclasm_vaults_pinch,
          hangedman_vaults_snaps, layout_vaults_big_room
Vaults:4: nicolae_vaults_triangles, nicolae_vaults_yaktaur_gun_rack,
          vaults_mumra_hex, grunt_vaults_focal,
          vaults_mumra_minichess_inversion, v_pattern_2, grunt_vaults_funnel,
          nicolae_vaults_rhombus_6, v_misc_16, vaults_room_pool,
          nicolae_vaults_little_ls, layout_vaults_ring, uniq_frederick,
          uniq_xtahua
Vaults:5: serial_shops
Crypt:1:  layout_gridlike, grunt_megastairs_3, grunt_crypt_arrival_guarded_gate
Crypt:2:  layout_gridlike, minivault_25, nicolae_crypt_niches
Crypt:3:  church_of_pain_bobbens, layout_chaotic_city,
          nicolae_tomb_entry_grand_gallery, minivault_27, minivault_4,
          uniq_saint_roka
Depths:1: layout_gridlike, enter_ziggurat_c, lightli_too_deep,
          serial_sigils_hangedman_shear, grunt_ministairs_2, wad_dig_loot,
          minmay_shop_grove
Depths:2: minmay_the_grid_triangle_9x9_recursive_3_mashed
          [minmay_the_grid_triangle_9x9_thin_v,
          minmay_the_grid_triangle_9x9_from_above,
          minmay_the_grid_triangle_9x9_warning,
          minmay_the_grid_triangle_9x9_prize_special,
          minmay_the_grid_triangle_9x9_cache,
          minmay_the_grid_triangle_9x9_semitri,
          minmay_the_grid_triangle_9x9_negative_grid,
          minmay_the_grid_triangle_9x9_corruption,
          minmay_the_grid_triangle_9x9_impossible_snake], layout_gridlike,
          chequers_serial_rivers_marsh, rand_demon_pan_entry_3, hell_entry,
          serial_shops, freezing_bzr, grunt_ministairs_3, sword_in_stone
Depths:3: kennysheep_oblong_rooms, layout_basic, abyss_entry_crystal,
          infiniplex_staircase_river, serial_shops, shop, pan_entry,
          pf_dread_powers_of_hell, uniq_bai_suzhen
Depths:4: kennysheep_large_vault, layout_cross, bh_chokoban,
          abyss_entry_small_statue_room, grunt_hell_entry_dis_old
Depths:5: grunt_zot_entry_pinwheel, layout_basic, pf_coc_iceberg,
          roderic_lattice_octagonal_star, infiniplex_enter_wizlab_glasses,
          nicolae_abyss_entry_one_way_or_another, pan_entry
Hell
Geh:1:    layout_gehenna_pools_basic, minmay_fire_ice_demons
Geh:2:    layout_gehenna_pools_box
Geh:3:    layout_gehenna_pools_box, grunt_megastairs_1
Geh:4:    layout_gehenna_lava_caves
Geh:5:    layout_gehenna_pools_triple
Geh:6:    layout_gehenna_lava_caves
Geh:7:    geh_old
Coc:1:    layout_cocytus_water_paths
Coc:2:    layout_ice_bergs
Coc:3:    layout_ice_bergs
Coc:4:    layout_cocytus_water_paths
Coc:5:    layout_ice_bergs
Coc:6:    layout_cocytus_water_paths
Coc:7:    coc_dpeg
Tar:1:    layout_grid_maze
Tar:2:    layout_cathedral_of_symmetry, evilmike_ambush
          [evilmike_ambush_outer_corners, evilmike_ambush_inner_wall_1]

Notes
Turn   | Place    | Note
-------+----------+-------------------------------------------
     0 | D:1      | AgonHex the Vine Stalker Berserker began the quest for the
                  | Orb.
     0 | D:1      | Reached XP level 1. HP: 11/11 MP: 2/2
   105 | D:1      | Identified a +0 club
   114 | D:1      | Identified a +0 whip
   122 | D:1      | Identified a +0 club
   124 | D:1      | Identified a potion of mutation
   124 | D:1      | Gained mutation: You are dopey. (Int -2) [potion of
                  | mutation]
   124 | D:1      | Gained mutation: You are occasionally teleported next to
                  | monsters. [potion of mutation]
   124 | D:1      | Gained mutation: You are partially covered in large bone
                  | plates. (SH +4) [potion of mutation]
   125 | D:1      | Identified a scroll of magic mapping
   125 | D:1      | HP: 2/11 [jackal (1)]
   126 | D:1      | Identified a potion of heal wounds
   128 | D:1      | Reached skill level 3 in Fighting
   128 | D:1      | Reached XP level 2. HP: 6/16 MP: 3/3
   130 | D:1      | Reached skill level 2 in Armour
   135 | D:1      | HP: 5/24 [jackal (1)]
   140 | D:1      | HP: 3/24 [kobold/+0 whip (2)]
   448 | D:1      | Identified a +0 club
   542 | D:1      | Identified a +0 club
   617 | D:1      | Identified a +0 chain mail (You found it on level 1 of the
                  | Dungeon)
   717 | D:1      | Identified a +2 hat (You found it on level 1 of the
                  | Dungeon)
   794 | D:1      | Reached XP level 3. HP: 20/20 MP: 4/4
   947 | D:2      | Reached ** piety under Trog
  1090 | D:2      | Identified a +0 club
  1095 | D:2      | Found a shattered altar of Ashenzari.
  1470 | D:2      | Found a hazy altar of Hepliaklqana.
  1519 | D:2      | Gained mutation: Your natural rate of healing is unusually
                  | fast. [Vine Stalker growth]
  1519 | D:2      | Reached XP level 4. HP: 21/25 MP: 5/5
  1556 | D:2      | Identified a +0 dagger
  1727 | D:2      | Identified a +0 dagger
  2064 | D:3      | Identified a +0 trident
  2066 | D:3      | Identified a +0 war axe
  2067 | D:3      | Identified a +0 hand axe
  2067 | D:3      | Identified a +0 leather armour
  2072 | D:3      | Identified a cursed -1 war axe
  2248 | D:3      | Identified a +0 club
  2248 | D:3      | Identified a +0 chain mail
  2269 | D:3      | Identified a +0 dagger
  2503 | D:3      | Identified a cursed -1 dagger
  2696 | D:3      | Identified +0 ice dragon scales (You found it on level 3 of
                  | the Dungeon)
  2701 | D:3      | Identified a +0 pair of gloves (You found it on level 3 of
                  | the Dungeon)
  2740 | D:4      | Reached skill level 3 in Armour
  2764 | D:4      | Reached skill level 4 in Fighting
  2764 | D:4      | Reached XP level 5. HP: 26/29 MP: 6/6
  2777 | D:4      | Found a staircase to the Ecumenical Temple.
  3227 | D:4      | Identified a cursed -2 dagger
  3227 | D:4      | Identified a +0 leather armour
  3320 | D:4      | Identified a +0 falchion
  3320 | D:4      | Identified a +0 flail
  3320 | D:4      | Identified a +0 whip
  3320 | D:4      | Identified a +0 ring mail
  3320 | D:4      | Identified a +0 flail
  3452 | D:4      | Found a staircase to the Ecumenical Temple.
  3983 | D:5      | Entered Level 5 of the Dungeon
  4011 | D:5      | Reached *** piety under Trog
  4011 | D:5      | Reached XP level 6. HP: 34/34 MP: 7/7
  4016 | D:5      | Identified 6 scrolls of identify
  4016 | D:5      | Identified a scroll of immolation
  4017 | D:5      | Identified 4 scrolls of teleportation
  4044 | D:5      | Identified a scroll of amnesia
  4045 | D:5      | Identified a scroll of random uselessness
  4046 | D:5      | Identified 3 scrolls of remove curse
  4047 | D:5      | Identified a scroll of fog
  4048 | D:5      | Identified 2 scrolls of enchant weapon
  4050 | D:5      | Identified a potion of might
  4051 | D:5      | Identified a potion of agility
  4052 | D:5      | Identified a potion of lignification
  4053 | D:5      | Identified a potion of ambrosia
  4054 | D:5      | Identified a potion of berserk rage
  4151 | D:5      | Reached skill level 4 in Armour
  4169 | D:5      | Got a pitted hand axe
  4170 | D:5      | Identified the +10 hand axe of Governance {protect, Str+6
                  | Stlth+} (You found it on level 5 of the Dungeon)
  4197 | D:5      | Found a burning altar of Makhleb.
  4279 | D:5      | Reached skill level 5 in Fighting
  4281 | D:5      | Reached skill level 1 in Axes
  4445 | D:5      | Identified a +0 hand axe
  4449 | D:5      | Reached XP level 7. HP: 39/39 MP: 8/8
  4472 | D:5      | Found a radiant altar of Vehumet.
  4740 | D:5      | Identified a +0 club
  4740 | D:5      | Identified a +0 leather armour
  4743 | D:5      | Identified a +0 shortbow
  4750 | D:5      | Reached skill level 2 in Axes
  4895 | D:6      | Identified a +0 halberd
  4895 | D:6      | Identified a +0 club
  4895 | D:6      | Identified a +0 whip
  4895 | D:6      | Identified a +0 spear
  4902 | D:6      | Identified a +0 dagger
  4902 | D:6      | Identified a +2 robe of magic resistance
  4902 | D:6      | Noticed Dowan
  4904 | D:6      | Identified a +0 short sword of venom
  4904 | D:6      | Identified a +0 ring mail
  4904 | D:6      | Noticed Duvessa
  4910 | D:6      | Reached skill level 3 in Axes
  4914 | D:6      | Killed Duvessa
  4917 | D:6      | Killed Dowan
  4955 | D:6      | Noticed a wyvern
  4962 | D:6      | Killed a wyvern
  4962 | D:6      | Reached skill level 4 in Axes
  4962 | D:6      | Reached skill level 5 in Armour
  4962 | D:6      | Gained mutation: You have razor-sharp teeth. [Vine Stalker
                  | growth]
  4962 | D:6      | Reached XP level 8. HP: 25/43 MP: 6/9
  5015 | D:6      | Identified a +0 ring mail
  5015 | D:6      | Identified a +0 trident
  5015 | D:6      | Identified a +0 chain mail
  5018 | D:6      | Identified a +0 leather armour
  5040 | D:6      | Identified a +1 pair of boots (You found it on level 6 of
                  | the Dungeon)
  5087 | D:6      | Found a white marble altar of Elyvilon.
  5097 | D:6      | Identified a +0 giant club
  5101 | D:6      | Reached skill level 5 in Axes
  5147 | D:6      | Identified a +0 dagger
  5147 | D:6      | Identified a +0 robe
  5150 | D:6      | Identified a +0 short sword
  5150 | D:6      | Identified a +0 ring mail
  5153 | D:6      | Identified a +0 long sword
  5153 | D:6      | Identified a +0 robe
  5154 | D:6      | Identified a +0 short sword
  5160 | D:6      | Reached **** piety under Trog
  5224 | D:6      | Noticed Prince Ribbit
  5229 | D:6      | Killed Prince Ribbit
  5229 | D:6      | Reached skill level 6 in Axes
  5276 | D:6      | Identified a +0 halberd
  5276 | D:6      | Identified a +0 whip
  5276 | D:6      | Identified a +0 robe
  5284 | D:6      | Reached XP level 9. HP: 47/47 MP: 10/10
  5284 | D:6      | Identified a +0 spear
  5288 | D:6      | Identified a +3 whip
  5370 | D:6      | Identified a +0 shortbow
  5375 | D:6      | Reached skill level 7 in Axes
  5482 | D:6      | Identified a +1 pair of gloves of strength (You found it on
                  | level 6 of the Dungeon)
  5547 | D:7      | Identified a cursed -2 short sword
  5552 | D:7      | Identified a cursed -2 short sword
  5555 | D:7      | Identified a +0 club
  5575 | D:7      | Identified a ring of protection from fire (You found it on
                  | level 7 of the Dungeon)
  5586 | D:7      | Reached skill level 1 in Bows
  5640 | D:7      | Identified a +0 giant club
  5643 | D:7      | Identified a +0 shortbow
  5645 | D:7      | Identified a cursed -2 shortbow
  5654 | D:7      | Reached skill level 2 in Bows
  5711 | D:7      | Found a blossoming altar of Fedhas.
  5722 | D:7      | Identified a +0 hand axe
  5722 | D:7      | Identified a +0 animal skin
  5728 | D:7      | Reached skill level 8 in Axes
  5735 | D:7      | Reached skill level 3 in Bows
  5806 | D:7      | Identified a +4 dagger
  5806 | D:7      | Identified a +0 robe
  5806 | D:7      | Identified a +0 flail
  5808 | D:7      | Identified a +0 whip
  5814 | D:7      | Reached skill level 9 in Axes
  5910 | D:7      | Reached XP level 10. HP: 51/51 MP: 11/11
  6032 | D:7      | Reached ***** piety under Trog
  6035 | D:7      | Identified a potion of degeneration
  6036 | D:7      | Identified 2 potions of brilliance
  6155 | D:8      | Identified a +0 hand axe
  6155 | D:8      | Identified a +0 club
  6155 | D:8      | Identified a +0 chain mail
  6156 | D:8      | Identified a +0 dagger
  6156 | D:8      | Identified a +0 robe
  6156 | D:8      | Identified a +2 short sword of protection
  6164 | D:8      | Identified a +0 hand axe
  6164 | D:8      | Identified a +0 leather armour
  6185 | D:8      | Reached skill level 4 in Bows
  6212 | D:8      | Identified a +0 mace
  6212 | D:8      | Identified a +4 ring mail
  6232 | D:8      | Received a gift from Trog
  6233 | D:8      | Identified a +3 ring mail
  6251 | D:8      | Identified a +0 dagger
  6251 | D:8      | Identified a +0 robe
  6257 | D:8      | Identified a +0 dire flail
  6257 | D:8      | Identified a +0 giant club
  6257 | D:8      | Noticed a two-headed ogre
  6269 | D:8      | Killed a two-headed ogre
  6269 | D:8      | Reached skill level 10 in Axes
  6274 | D:8      | Reached skill level 5 in Bows
  6275 | D:8      | Received a gift from Trog
  6394 | D:8      | Identified a +2 scimitar of flaming
  6394 | D:8      | Identified a +0 robe
  6394 | D:8      | Noticed Erica
  6417 | D:8      | Noticed a cyclops
  6417 | D:8      | Identified a +0 giant club
  6563 | D:8      | Killed Erica
  6601 | D:8      | Reached skill level 11 in Axes
  6738 | D:8      | Killed a cyclops
  6738 | D:8      | Reached skill level 6 in Bows
  6738 | D:8      | Reached XP level 11. HP: 56/56 MP: 12/12
  7163 | D:9      | Found a hide-covered altar of Uskayaw.
  7164 | D:9      | Identified a +0 club
  7164 | D:9      | Identified a +0 flail
  7164 | D:9      | Identified a +0 war axe
  7164 | D:9      | Identified a +0 chain mail
  7165 | D:9      | Identified a +0 mace
  7166 | D:9      | Identified a +0 battleaxe
  7166 | D:9      | Identified a +0 plate armour
  7166 | D:9      | Identified a +0 whip
  7196 | D:9      | Identified a +0 mace
  7197 | D:9      | Identified a +0 hand axe
  7197 | D:9      | Identified a cursed -2 ring mail
  7208 | D:9      | Found a staircase to the Orcish Mines.
  7213 | D:9      | Found Tuhamuung's Weapon Emporium.
  7332 | D:9      | Identified 5 potions of curing
  7333 | D:9      | Identified a scroll of blinking
  7334 | D:9      | Identified a scroll of fear
  7335 | D:9      | Identified a ring of wizardry (You found it on level 9 of
                  | the Dungeon)
  7476 | D:9      | Identified a +0 halberd
  7476 | D:9      | Identified a +0 chain mail
  7476 | D:9      | Noticed Harold
  7491 | D:9      | Killed Harold
  7491 | D:9      | Reached skill level 12 in Axes
  7583 | D:10     | Entered Level 10 of the Dungeon
  7663 | D:10     | Identified a +0 whip
  7664 | D:10     | Identified a +0 leather armour
  7664 | D:10     | Identified a +0 short sword
  7675 | D:10     | Identified a +0 short sword
  7677 | D:10     | Identified a +0 whip
  7685 | D:10     | Received a gift from Trog
  7736 | D:10     | Found a staircase to the Lair.
  7736 | D:10     | Noticed an oklob plant
  7831 | D:10     | Reached skill level 6 in Armour
  8024 | D:10     | Identified a +0 flail
  8024 | D:10     | Identified a +0 scale mail
  8030 | D:10     | Identified a +0 club
  8030 | D:10     | Identified a +0 ring mail
  8030 | D:10     | Identified a +0 short sword
  8030 | D:10     | Identified a +0 leather armour
  8031 | D:10     | Identified a +0 trident
  8031 | D:10     | Identified a +0 leather armour
  8105 | D:10     | Identified Ukeitysch's Almanac of Bewitching Poisoning
  8107 | D:10     | Identified a scroll of acquirement
  8386 | D:10     | Got a scintillating granite ring
  8387 | D:10     | Identified the ring "Reocs" {rC+ Int+3} (You acquired it on
                  | level 10 of the Dungeon)
  8397 | D:10     | HP: 13/56 [acid (10)]
  8445 | D:10     | HP: 11/56 [acid (10)]
  8584 | D:10     | an oklob plant changed into a wandering mushroom
  8637 | D:11     | Identified a +0 giant club
  8637 | D:11     | Identified a +0 giant spiked club
  8637 | D:11     | Noticed a two-headed ogre
  8646 | D:11     | Killed a two-headed ogre
  8686 | D:11     | Noticed a cyclops
  8697 | D:11     | Identified a +0 quarterstaff of freezing
  8697 | D:11     | Identified a +2 robe of cold resistance
  8697 | D:11     | Identified an uncursed ring of ice
  8697 | D:11     | Noticed Fannar
  8761 | D:11     | Killed Fannar
  8762 | D:11     | Killed a cyclops
  8762 | D:11     | Reached skill level 6 in Fighting
  8891 | D:11     | Identified a +0 giant club
  9034 | D:11     | Identified a cursed +0 flail
  9034 | D:11     | Identified a +0 robe
  9034 | D:11     | Identified a +0 short sword
  9034 | D:11     | Identified a +0 robe
  9044 | D:11     | Identified a +0 spear
  9044 | D:11     | Identified a +0 robe
  9049 | D:11     | Identified a +0 falchion
  9049 | D:11     | Identified a +0 robe
  9049 | D:11     | Identified a +3 flail
  9049 | D:11     | Identified a +2 robe of magic resistance
  9175 | D:11     | Identified a +0 short sword
  9175 | D:11     | Identified a +0 scale mail
  9179 | D:11     | Identified a +0 dagger
  9179 | D:11     | Identified a +0 robe
  9183 | D:11     | Identified a +0 ring mail
  9303 | D:11     | Identified a +0 giant club
  9303 | D:11     | Identified a +0 giant club
  9303 | D:11     | Noticed a two-headed ogre
  9315 | D:11     | Killed a two-headed ogre
  9318 | D:11     | Identified a ring of fire (You found it on level 11 of the
                  | Dungeon)
  9565 | D:11     | Identified a +0 leather armour
  9565 | D:11     | Identified a +0 dagger
  9566 | D:11     | Identified a +0 hand axe
  9566 | D:11     | Identified a +0 leather armour of poison resistance
  9568 | D:11     | Identified a +0 mace
  9576 | D:11     | Gained mutation: You heal very quickly. [Vine Stalker
                  | growth]
  9576 | D:11     | Reached XP level 12. HP: 53/62 MP: 10/13
  9699 | D:12     | Reached skill level 13 in Axes
  9744 | D:12     | Identified a +0 shortbow
  9829 | D:12     | Reached skill level 7 in Armour
  9993 | D:12     | HP: 13/62 [cyclops/large rock (29)]
 10103 | D:12     | Identified a +0 giant club
 10121 | D:12     | Identified a +0 mace
 10189 | D:12     | Reached skill level 7 in Fighting
 10437 | D:12     | Identified a +0 rapier
 10466 | D:12     | Identified a +0 flail of protection
 10466 | D:12     | Identified a +0 leather armour
 10466 | D:12     | Identified a +0 club
 10467 | D:12     | Identified a +0 battleaxe
 10467 | D:12     | Identified a +0 plate armour of magic resistance
 10468 | D:12     | Identified a +0 dagger
 10468 | D:12     | Identified a +0 robe
 10477 | D:12     | Received a gift from Trog
 10749 | D:13     | Identified a +0 flail
 11066 | D:13     | Identified a +0 short sword
 11066 | D:13     | Identified a +2 flail of protection
 11066 | D:13     | Identified a +0 club
 11066 | D:13     | Identified a +0 ring mail
 11067 | D:13     | Identified a +0 short sword
 11067 | D:13     | Identified a +2 plate armour of cold resistance
 11067 | D:13     | Identified a +0 dagger
 11067 | D:13     | Identified a +0 robe
 11074 | D:13     | Identified a +0 shortbow
 11207 | D:13     | Found a large runed translucent door.
 11212 | D:13     | Found a large runed translucent door.
 11295 | D:13     | Identified a +0 giant club
 11730 | D:14     | Identified a +0 shortbow
 11730 | D:14     | Noticed a centaur warrior
 11730 | D:14     | Identified a +0 shortbow
 11730 | D:14     | Identified a +0 shortbow
 11730 | D:14     | Identified a +0 shortbow
 11730 | D:14     | Identified a +1 shortbow of freezing
 11730 | D:14     | Identified a +0 shortbow
 11730 | D:14     | Identified a +0 dagger
 11730 | D:14     | Identified a +0 robe
 11730 | D:14     | Identified a cursed +0 scimitar
 11730 | D:14     | Identified a +0 robe
 11730 | D:14     | Identified a cursed +2 hand axe of chopping
 11730 | D:14     | Identified a +0 robe
 11730 | D:14     | Identified a +2 flail of freezing
 11730 | D:14     | Identified a +0 robe
 11736 | D:14     | HP: 21/94 [centaur warrior (3)]
 11740 | D:14     | Killed a centaur warrior
 11742 | D:14     | Identified a +0 club
 11742 | D:14     | Identified a +0 leather armour
 11758 | D:14     | Identified a cursed -3 club
 11758 | D:14     | Identified a +0 ring mail
 11764 | D:14     | Identified a +0 great mace
 11764 | D:14     | Identified a +0 chain mail
 11769 | D:14     | Identified a cursed -2 flail
 11769 | D:14     | Identified a +0 leather armour
 11769 | D:14     | Identified a +4 whip
 11769 | D:14     | Identified a +0 ring mail
 11769 | D:14     | Identified a +0 flail
 11779 | D:14     | Reached skill level 1 in Evocations
 11780 | D:14     | Received a gift from Trog
 11848 | D:14     | Identified a scroll of brand weapon
 11866 | D:14     | Identified a +0 long sword
 11866 | D:14     | Identified a +0 arbalest
 11866 | D:14     | Identified a +0 rapier of venom
 11866 | D:14     | Identified a +0 leather armour
 11872 | D:14     | Reached skill level 14 in Axes
 11872 | D:14     | Reached skill level 8 in Armour
 11875 | D:14     | Identified a +0 arbalest
 11883 | D:14     | Identified a +1 long sword of holy wrath
 11883 | D:14     | Noticed a deep elf knight
 11884 | D:14     | Identified a cursed -3 short sword
 11884 | D:14     | Identified a +0 leather armour
 11891 | D:14     | Reached skill level 8 in Fighting
 11900 | D:14     | Killed a deep elf knight
 11900 | D:14     | Reached XP level 13. HP: 30/68 MP: 12/15
 11903 | D:14     | Reached skill level 2 in Evocations
 11909 | D:14     | Identified a +0 short sword
 11945 | D:14     | Identified a +0 shortbow
 11971 | D:14     | Identified a +0 dagger
 11971 | D:14     | Identified a +0 robe
 11971 | D:14     | Identified a +0 war axe
 11971 | D:14     | Identified a +0 chain mail
 11972 | D:14     | Identified a +0 lajatang
 11972 | D:14     | Identified a cursed +0 shortbow
 11975 | D:14     | Identified a +0 flail
 11991 | D:14     | Identified a +0 club
 11991 | D:14     | Identified a +0 ring mail
 12010 | D:14     | Identified a +0 broad axe
 12010 | D:14     | Identified a +0 chain mail
 12051 | D:14     | Found a gate to the Vaults.
 12132 | D:14     | Identified a +0 hand axe
 12132 | D:14     | Identified a +0 robe
 12134 | D:14     | Identified a +0 hand axe
 12134 | D:14     | Identified a cursed +0 leather armour
 12135 | D:14     | Identified a +0 hand axe
 12135 | D:14     | Identified a +0 leather armour
 12143 | D:14     | HP: 16/69 [meliai/divine providence (8)]
 12148 | D:14     | HP: 25/105 [poisoned by a meliai]
 12153 | D:14     | HP: 26/105 [poisoned by a meliai]
 12155 | D:14     | Reached skill level 3 in Evocations
 12159 | D:14     | Reached skill level 9 in Fighting
 12159 | D:14     | HP: 21/105 [white ugly thing (7)]
 12160 | D:14     | HP: 2/105 [white ugly thing (10)]
 12165 | D:14     | HP: 2/105 [poisoned by a meliai]
 12170 | D:14     | Reached skill level 9 in Armour
 12171 | D:14     | HP: 7/70 [poisoned by a meliai]
 12172 | D:14     | Identified a +0 battleaxe
 12172 | D:14     | Identified a +0 plate armour
 12175 | D:14     | Identified a +0 dagger
 12177 | D:14     | Identified a +0 flail
 12178 | D:14     | HP: 12/70 [poisoned by a meliai]
 12185 | D:14     | HP: 13/70 [poisoned by a meliai]
 12194 | D:14     | Received a gift from Trog
 12377 | D:14     | Found a runed translucent door.
 12378 | D:14     | Found an opulent altar of Gozag.
 12381 | D:14     | Noticed Qeujaof's ghost (journeyman MiFi)
 12533 | D:14     | Found an ornate altar of the Wu Jian Council.
 12731 | D:14     | Identified a potion of cancellation
 12834 | D:14     | Killed Qeujaof's ghost
 12852 | D:14     | Identified a ring of evasion (You found it on level 14 of
                  | the Dungeon)
 12965 | Orc:1    | Entered Level 1 of the Orcish Mines
 13050 | Orc:1    | Identified a cursed +0 dagger
 13050 | Orc:1    | Identified a +0 robe
 13050 | Orc:1    | Identified a +0 hand axe of freezing
 13050 | Orc:1    | Identified a +0 short sword
 13050 | Orc:1    | Identified a +0 dagger
 13050 | Orc:1    | Identified a +0 leather armour
 13066 | Orc:1    | Identified a +0 dagger
 13066 | Orc:1    | Identified a +0 robe
 13066 | Orc:1    | Noticed Josephine
 13071 | Orc:1    | Identified a +0 falchion
 13073 | Orc:1    | Identified a +0 war axe
 13073 | Orc:1    | Identified a +0 plate armour
 13075 | Orc:1    | Identified a +0 falchion
 13079 | Orc:1    | Identified a +0 dagger
 13079 | Orc:1    | Identified a +0 robe
 13079 | Orc:1    | Killed Josephine
 13080 | Orc:1    | Identified a +0 giant club
 13313 | Orc:2    | Entered Level 2 of the Orcish Mines
 13326 | Orc:2    | Identified a +0 dagger
 13326 | Orc:2    | Identified a +0 leather armour
 13327 | Orc:2    | Identified a +0 club
 13327 | Orc:2    | Identified a +0 chain mail
 13328 | Orc:2    | Identified a +0 trident
 13328 | Orc:2    | Identified a +0 plate armour
 13329 | Orc:2    | Identified a +0 dagger
 13329 | Orc:2    | Identified a +0 leather armour
 13330 | Orc:2    | Identified a +1 dagger of speed
 13330 | Orc:2    | Identified a +0 robe
 13331 | Orc:2    | Identified a +0 dagger
 13331 | Orc:2    | Identified a +0 robe
 13331 | Orc:2    | Identified a +0 trident
 13331 | Orc:2    | Identified a +0 leather armour
 13348 | Orc:2    | Identified a +0 club
 13348 | Orc:2    | Identified a +0 chain mail
 13481 | Orc:2    | Identified a +0 flail
 13481 | Orc:2    | Identified a +0 leather armour
 13507 | Orc:2    | Identified a +0 dagger
 13509 | Orc:2    | Identified a +0 flail
 13510 | Orc:2    | Identified a +0 war axe of draining
 13510 | Orc:2    | Identified a +0 ring mail
 13511 | Orc:2    | Identified a +0 trident
 13521 | Orc:2    | Identified a +0 hand axe
 13521 | Orc:2    | Identified a +0 short sword
 13521 | Orc:2    | Identified a +0 scale mail
 13528 | Orc:2    | Identified a +0 falchion
 13528 | Orc:2    | Identified a +0 ring mail
 13533 | Orc:2    | Identified a +1 great mace of protection
 13533 | Orc:2    | Identified a +0 plate armour
 13533 | Orc:2    | Noticed an orc warlord
 13559 | Orc:2    | Identified a +0 hand axe
 13561 | Orc:2    | Identified a +0 glaive
 13561 | Orc:2    | Identified a +0 chain mail
 13564 | Orc:2    | Identified a +0 glaive
 13564 | Orc:2    | Identified a +0 chain mail
 13570 | Orc:2    | Reached skill level 4 in Evocations
 13573 | Orc:2    | HP: 26/106 [orc warlord/+1 great mace of protection (13)]
 13576 | Orc:2    | Killed an orc warlord
 13626 | Orc:2    | Identified a +0 broad axe
 13626 | Orc:2    | Identified a +0 chain mail
 13628 | Orc:2    | Identified a +0 club
 13628 | Orc:2    | Identified a +0 chain mail
 13635 | Orc:2    | Received a gift from Trog
 13637 | Orc:2    | Identified a +4 executioner's axe of draining (Trog gifted
                  | it to you on level 2 of the Orcish Mines)
 13643 | Orc:2    | Identified a +0 trident
 13643 | Orc:2    | Identified a +0 plate armour
 13665 | Orc:2    | Identified a +0 falchion
 13665 | Orc:2    | Identified a +0 leather armour
 13676 | Orc:2    | Identified a +0 flail
 13679 | Orc:2    | Identified a cursed -3 short sword
 13681 | Orc:2    | Identified a +0 leather armour
 13685 | Orc:2    | Identified a +0 club
 13685 | Orc:2    | Identified a +0 ring mail
 13685 | Orc:2    | Identified a +0 flail
 13685 | Orc:2    | Identified a +0 leather armour
 13685 | Orc:2    | Identified a +0 dagger
 13685 | Orc:2    | Identified a +0 ring mail
 13685 | Orc:2    | Identified a +0 short sword
 13688 | Orc:2    | Identified a +0 short sword
 13688 | Orc:2    | Identified a +0 leather armour
 13690 | Orc:2    | Identified a +0 flail
 13690 | Orc:2    | Identified a +0 short sword
 13691 | Orc:2    | Identified a +0 dagger
 13694 | Orc:2    | Identified a +0 hand axe
 13694 | Orc:2    | Identified a +0 leather armour
 13696 | Orc:2    | Identified a +0 leather armour
 13696 | Orc:2    | Identified a +0 falchion
 13696 | Orc:2    | Identified a +0 ring mail
 13697 | Orc:2    | Identified a cursed -2 club
 13697 | Orc:2    | Identified a +0 ring mail
 13699 | Orc:2    | Identified a +0 club
 13699 | Orc:2    | Identified a cursed -1 club
 13702 | Orc:2    | Identified a +0 hand axe
 13702 | Orc:2    | Identified a +0 chain mail
 13794 | Orc:2    | Identified a +0 scimitar
 13796 | Orc:2    | Identified a +0 trident
 13831 | Orc:2    | Identified a +0 scale mail
 13833 | Orc:2    | Identified a +0 mace
 13836 | Orc:2    | Identified a +0 flail
 13859 | Orc:2    | Identified a +0 whip
 13861 | Orc:2    | Identified a +0 short sword
 13861 | Orc:2    | Identified a +0 ring mail
 13864 | Orc:2    | Identified a +0 dagger
 13872 | Orc:2    | Identified a +0 whip
 13872 | Orc:2    | Identified a +0 leather armour
 13878 | Orc:2    | Identified a +0 hand axe
 13878 | Orc:2    | Identified a +0 leather armour
 13882 | Orc:2    | Reached skill level 10 in Fighting
 13931 | Orc:2    | Found Qymanar's Weapon Emporium.
 13931 | Orc:2    | Found Xueg's Gadget Shop.
 13971 | Orc:2    | Bought a throwing net for 39 gold pieces
 13989 | Orc:2    | Found a roughly hewn altar of Beogh.
 14027 | Orc:2    | Identified a +1 scimitar of draining
 14044 | Orc:2    | Identified a +0 giant spiked club
 14071 | Orc:2    | Identified a +0 halberd
 14071 | Orc:2    | Identified a +1 plate armour of fire resistance
 14077 | Orc:2    | Identified a cursed -1 dagger
 14077 | Orc:2    | Identified a +0 robe
 14100 | Orc:2    | Identified a +0 trident
 14100 | Orc:2    | Identified a +0 leather armour
 14107 | Orc:2    | Identified a +0 flail
 14108 | Orc:2    | Identified a +0 short sword
 14133 | Orc:2    | Found a staircase to the Elven Halls.
 14133 | Orc:2    | Identified a +0 short sword
 14133 | Orc:2    | Identified a +0 dagger
 14134 | Orc:2    | Identified a +0 whip
 14138 | Orc:2    | Identified a +0 short sword
 14140 | Orc:2    | Identified a +0 short sword
 14141 | Orc:2    | Identified a +0 hand axe
 14170 | Orc:2    | Reached XP level 14. HP: 44/77 MP: 8/18
 14253 | Orc:2    | Identified a +2 hand axe of freezing
 14259 | Orc:2    | Identified a +0 dagger
 14259 | Orc:2    | Identified a +0 ring mail
 14272 | Orc:2    | Identified a cursed -3 mace
 14272 | Orc:2    | Identified a +0 scale mail
 14300 | Orc:2    | Identified a +0 hand axe
 14300 | Orc:2    | Identified a +0 leather armour
 14301 | Orc:2    | Found Cuiq's General Store.
 14301 | Orc:2    | Found Wamook's Armour Shop.
 14309 | Orc:2    | Reached skill level 10 in Armour
 14318 | Orc:2    | Bought a +2 helmet of see invisible for 344 gold pieces
 14351 | Orc:2    | Bought a scroll of magic mapping for 56 gold pieces
 14401 | Orc:2    | Identified a +2 dagger of draining
 14428 | Orc:2    | Identified a +0 short sword
 14428 | Orc:2    | Identified a +0 plate armour
 14428 | Orc:2    | Identified a +0 leather armour
 14429 | Orc:2    | Identified a +0 dagger
 14429 | Orc:2    | Identified a +0 robe
 14561 | Orc:2    | Identified a +0 club
 14675 | Orc:2    | Identified a +0 short sword
 14675 | Orc:2    | Identified a +0 short sword
 14678 | Orc:2    | Identified a +0 flail
 14678 | Orc:2    | Identified a +0 scale mail
 14682 | Orc:2    | Identified a +0 battleaxe
 14682 | Orc:2    | Identified a +0 plate armour
 14684 | Orc:2    | Identified a +0 mace
 14953 | Lair:1   | Entered Level 1 of the Lair of Beasts
 15134 | Lair:1   | Received a gift from Trog
 15136 | Lair:1   | Found the +6 shillelagh "Devastator" {shatter}
 15182 | Lair:1   | Identified a +0 dagger
 15182 | Lair:1   | Identified a +0 robe
 15182 | Lair:1   | Noticed Nergalle
 15183 | Lair:1   | Identified a +0 flail
 15183 | Lair:1   | Identified a +1 chain mail of cold resistance
 15190 | Lair:1   | Identified a +0 mace
 15198 | Lair:1   | Killed Nergalle
 15289 | Lair:1   | Reached skill level 5 in Evocations
 15401 | Lair:1   | Reached ****** piety under Trog
 15408 | Lair:1   | Reached skill level 7 in Bows
 16495 | Lair:2   | Got a smoking flail
 16496 | Lair:2   | Identified the +7 flail "Uphemn" {protect, rPois rF++ MR-
                  | Dex+4} (You found it on level 2 of the Lair of Beasts)
 16497 | Lair:2   | Identified a ring of magical power (You found it on level 1
                  | of the Lair of Beasts)
 16498 | Lair:2   | Identified a scroll of vulnerability
 16499 | Lair:2   | Identified 2 potions of magic
 16626 | Lair:2   | Found a staircase to the Swamp.
 16972 | Lair:3   | Reached skill level 11 in Fighting
 17136 | Lair:3   | Reached skill level 2 in Dodging
 17226 | Lair:3   | Identified a +7 battleaxe
 17226 | Lair:3   | Identified a +1 chain mail of magic resistance
 17226 | Lair:3   | Noticed Urug
 17248 | Lair:3   | Killed Urug
 17248 | Lair:3   | Received a gift from Trog
 17256 | Lair:3   | Got a brightly glowing quarterstaff {god gift}
 17945 | Lair:4   | Identified a +2 dagger of venom
 17945 | Lair:4   | Noticed Sonja
 17966 | Lair:4   | Reached skill level 3 in Dodging
 17981 | Lair:5   | HP: 17/79 [eight-headed hydra (9)]
 17984 | Lair:5   | HP: 6/79 [rime drake/flash freeze (12)]
 17992 | Lair:5   | HP: 18/79 [crocodile (4)]
 18063 | Lair:4   | Killed Sonja
 18155 | Lair:4   | Identified a cursed -2 quarterstaff
 18155 | Lair:4   | Noticed Kirke
 18162 | Lair:4   | Reached skill level 11 in Armour
 18174 | Lair:4   | Reached skill level 4 in Dodging
 18190 | Lair:4   | Reached skill level 8 in Bows
 18227 | Lair:4   | Reached XP level 15. HP: 51/83 MP: 14/19
 18231 | Lair:4   | Killed Kirke
 18505 | Lair:4   | Found a hole to the Spider Nest.
 18556 | Lair:4   | Identified a scarf of resistance (You found it on level 5
                  | of the Lair of Beasts)
 18852 | Lair:5   | Reached skill level 5 in Dodging
 18962 | Lair:5   | Identified an amulet of reflection (You found it on level 4
                  | of the Lair of Beasts)
 18965 | Lair:5   | Identified a ring of teleportation (You found it on level 3
                  | of the Lair of Beasts)
 19610 | Lair:5   | Found a staircase to the Slime Pits.
 19678 | Lair:5   | You fall into a shaft and drop 1 floor!
 19678 | Lair:6   | Entered Level 6 of the Lair of Beasts
 20327 | Lair:6   | Reached skill level 6 in Dodging
 20608 | Lair:6   | Received a gift from Trog
 20613 | Lair:6   | Identified a +7 longbow (Trog gifted it to you on level 6
                  | of the Lair of Beasts)
 20617 | Lair:6   | Identified a scroll of noise
 20743 | Lair:6   | Got a shimmering battleaxe
 21380 | D:15     | Entered Level 15 of the Dungeon
 21394 | D:15     | Identified a +0 long sword
 21394 | D:15     | Identified a +0 leather armour
 21397 | D:15     | Identified a +0 bardiche
 21397 | D:15     | Identified a +0 leather armour
 21428 | D:15     | Identified a +0 giant club
 21428 | D:15     | Identified a +0 giant club
 21446 | D:15     | Found a snail-covered altar of Cheibriados.
 21447 | D:15     | Found Cheibriados's Comfort Zone.
 21489 | D:15     | Reached skill level 9 in Bows
 21527 | D:15     | Found a frozen archway.
 21543 | IceCv    | Entered an ice cave
 21754 | IceCv    | Found an ancient bone altar of Kikubaaqudgha.
 21774 | IceCv    | Reached skill level 12 in Fighting
 21905 | IceCv    | Identified a +0 robe of cold resistance
 21950 | IceCv    | Identified a +1 pair of gloves of strength (You found it in
                  | an ice cave)
 22047 | D:15     | Identified the +8 battleaxe of Dueditonant {chop, +Fly
                  | Int+2} (You found it on level 6 of the Lair of Beasts)
 22117 | D:15     | Identified 4 potions of flight
 22124 | D:15     | Identified a cursed +0 giant club
 22124 | D:15     | Identified a cursed -1 giant spiked club
 22124 | D:15     | Identified a +0 giant spiked club
 22124 | D:15     | Identified a +0 dire flail
 22126 | D:15     | Identified a +0 club
 22126 | D:15     | Identified a +0 robe
 22135 | D:15     | Identified a +0 giant club
 22138 | D:15     | Identified a +0 giant club
 22138 | D:15     | Identified a +0 giant club
 22155 | D:15     | Received a gift from Trog
 22182 | D:15     | Identified +0 fire dragon scales
 22198 | D:15     | Reached skill level 6 in Evocations
 22199 | D:15     | Reached XP level 16. HP: 44/88 MP: 10/21
 22532 | D:15     | Found a staircase to the Depths.
 22730 | D:15     | Identified a +5 shortbow
 22806 | D:15     | Identified a +1 morningstar of pain
 22806 | D:15     | Identified a cursed +0 chain mail
 22806 | D:15     | Identified a +0 battleaxe
 22821 | D:15     | Reached skill level 10 in Bows
 22821 | D:15     | Reached skill level 7 in Dodging
 22958 | D:15     | Identified a +0 giant club
 22958 | D:15     | Identified a +1 great mace of holy wrath
 22959 | D:15     | Identified a +0 troll leather armour
 22959 | D:15     | Identified a +0 halberd
 22959 | D:15     | Identified a +0 robe
 22961 | D:15     | Identified a cursed +0 giant spiked club
 22962 | D:15     | Identified a +0 giant spiked club
 22962 | D:15     | Identified a +0 dire flail
 22965 | D:15     | Identified a +0 giant spiked club
 22968 | D:15     | Identified a +0 giant club
 23334 | Swamp:1  | Entered Level 1 of the Swamp
 23618 | Swamp:1  | Received a gift from Trog
 23757 | Swamp:1  | Reached skill level 12 in Armour
 23821 | Swamp:1  | Identified a ring of intelligence (You found it on level 1
                  | of the Swamp)
 23823 | Swamp:1  | Identified a ring of poison resistance (You found it on
                  | level 1 of the Swamp)
 23876 | Swamp:1  | Reached skill level 7 in Evocations
 24204 | Swamp:2  | Found the +9 scales of the Dragon King {rPois rF+ rC+ MR+}
 24237 | Swamp:2  | Reached skill level 11 in Bows
 24323 | Swamp:2  | Got a slimy wooden ring
 24351 | Swamp:2  | Noticed a thorn hunter
 24370 | Swamp:2  | Killed a thorn hunter
 24371 | Swamp:2  | Received a gift from Trog
 24436 | Swamp:2  | Lost intelligence.
 24436 | Swamp:2  | Identified the ring of Fragile Peace {rF+ EV+2 Int-5 SInv}
                  | (You found it on level 2 of the Swamp)
 24465 | Swamp:2  | Identified a ring of attention (You found it on level 2 of
                  | the Swamp)
 24499 | Swamp:2  | Lost mutation: You are dopey. (Int -2) [potion of mutation]
 24499 | Swamp:2  | Lost mutation: You are occasionally teleported next to
                  | monsters. [potion of mutation]
 24499 | Swamp:2  | Gained mutation: You are somewhat resistant to further
                  | mutation. [potion of mutation]
 24499 | Swamp:2  | Gained mutation: You have a pair of small horns on your
                  | head. [potion of mutation]
 24554 | Swamp:2  | Reached skill level 8 in Dodging
 24562 | Swamp:2  | Received a gift from Trog
 24715 | Swamp:2  | Noticed a thorn hunter
 24728 | Swamp:2  | Killed a thorn hunter
 24789 | Swamp:2  | Noticed a thorn hunter
 24798 | Swamp:2  | Killed a thorn hunter
 25039 | Swamp:2  | Reached skill level 12 in Bows
 25479 | Swamp:3  | Identified a +0 rapier
 25479 | Swamp:3  | Identified a +0 robe
 25479 | Swamp:3  | Identified a +0 buckler
 25487 | Swamp:3  | Reached XP level 17. HP: 93/93 MP: 23/23
 25487 | Swamp:3  | Identified a +0 rapier
 25487 | Swamp:3  | Identified a +0 robe
 25492 | Swamp:3  | Identified a +0 quarterstaff
 25492 | Swamp:3  | Identified a +0 robe
 25513 | Swamp:3  | Got a smoking leather armour
 25521 | Swamp:3  | Noticed a tentacled monstrosity
 25531 | Swamp:3  | Killed a tentacled monstrosity
 25612 | Swamp:3  | Found a hide-covered altar of Uskayaw.
 25975 | Swamp:3  | Identified a +0 quarterstaff
 25975 | Swamp:3  | Identified a cursed -2 robe
 25982 | Swamp:3  | Reached skill level 13 in Bows
 26213 | Swamp:4  | Entered Level 4 of the Swamp
 26213 | Swamp:4  | Identified a +0 dagger
 26213 | Swamp:4  | Identified a +0 robe
 26213 | Swamp:4  | Identified a +0 short sword
 26213 | Swamp:4  | Identified a +0 robe
 26214 | Swamp:4  | Identified a +0 quarterstaff
 26214 | Swamp:4  | Identified a +0 robe
 26230 | Swamp:4  | Received a gift from Trog
 26312 | Swamp:4  | Identified a +0 spear
 26312 | Swamp:4  | Identified a +0 buckler
 26313 | Swamp:4  | Identified a +0 spear
 26365 | Swamp:4  | Received a gift from Trog
 26377 | Swamp:4  | Got a translucent longbow {god gift}
 26379 | Swamp:4  | Identified the +8 longbow "Zuudoz" {flame, Int+2} (Trog
                  | gifted it to you on level 4 of the Swamp)
 26449 | Swamp:4  | Found a large runed translucent door.
 26449 | Swamp:4  | Found a large runed translucent door.
 26484 | Swamp:4  | Identified a +0 spear
 26515 | Swamp:4  | Identified a +0 spear
 26515 | Swamp:4  | Identified a +0 buckler
 26525 | Swamp:4  | Identified a +0 dagger
 26525 | Swamp:4  | Identified a +0 robe
 26533 | Swamp:4  | Identified a +0 spear
 26536 | Swamp:4  | Identified a +0 dagger
 26536 | Swamp:4  | Identified a +0 robe
 26540 | Swamp:4  | Identified a +0 quarterstaff
 26540 | Swamp:4  | Identified a +0 robe
 26549 | Swamp:4  | Identified a +0 short sword
 26549 | Swamp:4  | Identified a +0 robe
 26564 | Swamp:4  | Identified +0 swamp dragon scales
 26576 | Swamp:4  | Identified +0 swamp dragon scales
 26580 | Swamp:4  | Identified +0 swamp dragon scales
 26714 | Swamp:4  | Reached skill level 14 in Bows
 26827 | Swamp:4  | Noticed Platt's ghost (adept MiBe)
 26980 | Swamp:4  | Identified a +0 quarterstaff
 26980 | Swamp:4  | Identified a +0 robe
 26987 | Swamp:4  | Identified a +0 rapier
 26987 | Swamp:4  | Identified a +0 robe
 26987 | Swamp:4  | Identified a +0 buckler
 26995 | Swamp:4  | Identified +0 swamp dragon scales
 27011 | Swamp:4  | Identified a +2 quarterstaff of protection
 27011 | Swamp:4  | Identified a +0 animal skin
 27011 | Swamp:4  | Identified a +0 rapier
 27011 | Swamp:4  | Identified a +0 robe
 27092 | Swamp:4  | Identified +0 swamp dragon scales
 27104 | Swamp:4  | Identified a +0 flail
 27104 | Swamp:4  | Identified a +0 animal skin
 27109 | Swamp:4  | Reached skill level 15 in Bows
 27147 | Swamp:4  | Received a gift from Trog
 27161 | Swamp:4  | Got a decaying rune of Zot
 27254 | Swamp:4  | Killed Platt's ghost
 27266 | Swamp:4  | Got a shimmering copper ring
 27267 | Swamp:4  | Identified a scroll of silence
 27269 | Swamp:4  | Identified the ring "Apijiy" {-Tele AC+2 Int+8 Slay+6} (You
                  | found it on level 4 of the Swamp)
 27430 | Spider:1 | Entered Level 1 of the Spider Nest
 27450 | Spider:1 | Identified the Guide on Unstable Flames
 27516 | Spider:1 | Identified a +0 dire flail
 27516 | Spider:1 | Identified a +2 ring mail of cold resistance
 27516 | Spider:1 | Noticed Frances
 27519 | Spider:1 | Identified a +0 trident
 27531 | Spider:1 | Killed Frances
 27531 | Spider:1 | Received a gift from Trog
 27589 | Spider:1 | Noticed an entropy weaver
 27595 | Spider:1 | Killed an entropy weaver
 27745 | Spider:1 | Received a gift from Trog
 27751 | Spider:1 | Reached XP level 18. HP: 98/98 MP: 24/24
 27780 | Spider:1 | Got a twisted plate armour
 28017 | Spider:1 | Identified a scroll of torment
 28028 | Spider:1 | Identified the +3 plate armour of Filth {*Corrode rC+
                  | Regen+} (You found it on level 1 of the Spider Nest)
 28155 | Spider:2 | Reached skill level 16 in Bows
 28186 | Spider:2 | Noticed an entropy weaver
 28203 | Spider:2 | Killed an entropy weaver
 28269 | Spider:2 | Noticed an entropy weaver
 28280 | Spider:2 | Killed an entropy weaver
 28749 | Spider:2 | Received a gift from Trog
 28847 | Spider:2 | Received a gift from Trog
 28848 | Spider:2 | Found the +14 obsidian axe {chop, +Fly SInv *Curse}
 29014 | Spider:2 | Identified an amulet of regeneration (You found it on level
                  | 2 of the Spider Nest)
 29155 | Spider:2 | Reached skill level 17 in Bows
 29388 | Spider:2 | Identified a ring of positive energy (You found it on level
                  | 2 of the Spider Nest)
 29567 | Spider:3 | Identified 2 scrolls of summoning
 29568 | Spider:3 | Identified a scroll of enchant armour
 29569 | Spider:3 | Identified a scroll of holy word
 29933 | Spider:4 | Entered Level 4 of the Spider Nest
 30005 | Spider:4 | Received a gift from Trog
 30010 | Spider:4 | Identified a +4 longbow of velocity (Trog gifted it to you
                  | on level 4 of the Spider Nest)
 30462 | Spider:4 | Noticed an entropy weaver
 30467 | Spider:4 | Killed an entropy weaver
 30555 | Spider:4 | Reached skill level 18 in Bows
 30754 | Spider:4 | Reached XP level 19. HP: 75/102 MP: 0/25
 31104 | Spider:4 | Received a gift from Trog
 31401 | Spider:4 | Received a gift from Trog
 31419 | Spider:4 | Got a gossamer rune of Zot
 31841 | Vaults:1 | Entered Level 1 of the Vaults
 31858 | Vaults:1 | Identified a +0 great mace
 31858 | Vaults:1 | Identified a +0 ring mail
 31858 | Vaults:1 | Identified a +0 great mace
 31858 | Vaults:1 | Identified a +0 leather armour
 31864 | Vaults:1 | Identified a +0 troll leather armour
 31872 | Vaults:1 | Identified a +0 troll leather armour
 31974 | Vaults:1 | Identified a +0 dagger
 31974 | Vaults:1 | Identified a +0 robe
 32020 | Vaults:1 | Found a ruined gateway.
 32034 | Desolati | Entered the Desolation of Salt
 32041 | Desolati | Identified a +0 club
 32041 | Desolati | Identified a +0 robe
 32103 | Desolati | Identified a +0 short sword
 32103 | Desolati | Identified a +0 robe
 32103 | Desolati | Identified a +0 great mace
 32103 | Desolati | Identified a +0 scale mail
 32109 | Desolati | Identified a +0 double sword
 32109 | Desolati | Identified a +1 hand crossbow of flaming
 32109 | Desolati | Identified a +0 leather armour
 32119 | Desolati | Reached skill level 19 in Bows
 32160 | Desolati | Identified Sif Muna's Incunabulum of the Entrancing
                  | Mountains
 32167 | Desolati | Identified a +0 cloak of invisibility (You found it in the
                  | Desolation of Salt)
 32173 | Desolati | Identified a +0 spear
 32173 | Desolati | Identified a +0 robe
 32185 | Desolati | Identified a +2 long sword of slicing
 32185 | Desolati | Identified a +0 robe
 32250 | Desolati | Identified the ring "Luuv" {rPois rF+++ rC- rN+ MP+9} (You
                  | found it in the Desolation of Salt)
 32310 | Desolati | Identified a +0 dagger
 32310 | Desolati | Identified a +0 robe
 32315 | Desolati | Received a gift from Trog
 32374 | Desolati | Identified the Collected Works on Translocation and
                  | Malediction
 32432 | Desolati | Got a crude lapis lazuli ring
 32433 | Desolati | Identified the ring of Jajan {Ice Int+6 Dex+3} (You found
                  | it in the Desolation of Salt)
 32437 | Desolati | Identified a ring of resist corrosion (You found it in the
                  | Desolation of Salt)
 32451 | Desolati | Identified a +0 rapier
 32451 | Desolati | Identified a +0 robe
 32542 | Desolati | Identified a +0 long sword
 32542 | Desolati | Identified a +0 robe
 32546 | Desolati | Identified a +0 spear
 32546 | Desolati | Identified a +0 robe
 32558 | Desolati | Identified a +0 morningstar
 32558 | Desolati | Identified a +0 ring mail
 32810 | Desolati | Identified a cursed +0 quarterstaff
 32810 | Desolati | Identified the +1 chain mail "Giomat" {+Blink rElec rN+}
 32810 | Desolati | Identified the ring of the Several People {Ice rElec rN++
                  | MP+9 Str-5}
 32831 | Desolati | Got an ancient lapis lazuli ring
 32833 | Desolati | Identified the ring "Hythediu" {*Contam MR+++ Str+3 Slay-3
                  | Stlth-} (You found it in the Desolation of Salt)
 32899 | Desolati | Identified a +0 club
 32899 | Desolati | Identified a +0 robe
 33096 | Vaults:1 | Identified a cursed +0 battleaxe
 33096 | Vaults:1 | Identified a +0 chain mail
 33097 | Vaults:1 | Identified a +2 war axe
 33097 | Vaults:1 | Identified a +0 chain mail
 33097 | Vaults:1 | Identified a +0 hand axe
 33097 | Vaults:1 | Identified a +0 chain mail
 33097 | Vaults:1 | Identified a +0 giant spiked club
 33098 | Vaults:1 | Identified a +0 long sword
 33098 | Vaults:1 | Identified a +0 plate armour
 33098 | Vaults:1 | Identified a +0 buckler
 33099 | Vaults:1 | Identified a +0 arbalest
 33101 | Vaults:1 | Identified a +0 arbalest
 33101 | Vaults:1 | Identified a +0 morningstar
 33101 | Vaults:1 | Identified a +0 ring mail
 33103 | Vaults:1 | Identified a +0 arbalest of flaming
 33149 | Vaults:1 | Identified a +0 morningstar
 33149 | Vaults:1 | Identified a +0 leather armour
 33151 | Vaults:1 | Identified a +0 troll leather armour
 33161 | Vaults:1 | Identified a +0 troll leather armour
 33203 | Vaults:1 | Identified a +0 long sword
 33203 | Vaults:1 | Identified a +0 ring mail
 33215 | Vaults:1 | Identified a +4 morningstar
 33215 | Vaults:1 | Identified a +0 ring mail
 33215 | Vaults:1 | Identified a +0 rapier
 33215 | Vaults:1 | Identified a +3 rapier
 33215 | Vaults:1 | Identified a +0 leather armour
 33215 | Vaults:1 | Identified a +0 long sword
 33215 | Vaults:1 | Noticed a deep elf sorcerer
 33215 | Vaults:1 | Identified a +0 dagger
 33215 | Vaults:1 | Noticed a deep elf demonologist
 33215 | Vaults:1 | Identified a +0 rapier
 33236 | Vaults:1 | Identified a +0 dagger
 33236 | Vaults:1 | Identified a +0 robe
 33282 | Vaults:1 | Identified a +0 whip of electrocution
 33282 | Vaults:1 | Identified a +0 leather armour
 33282 | Vaults:1 | Identified a +2 long sword of slicing
 33282 | Vaults:1 | Identified a +0 chain mail
 33283 | Vaults:1 | Identified a +0 hand axe
 33283 | Vaults:1 | Identified a +0 plate armour
 33284 | Vaults:1 | Identified a +3 great sword
 33284 | Vaults:1 | Identified a +1 plate armour of magic resistance
 33287 | Vaults:1 | Identified a +0 mace
 33287 | Vaults:1 | Identified a +0 plate armour
 33288 | Vaults:1 | Received a gift from Trog
 33329 | Vaults:1 | Identified a +0 short sword
 33330 | Vaults:1 | Reached skill level 20 in Bows
 33336 | Vaults:1 | Killed a deep elf sorcerer
 33339 | Vaults:1 | Identified +0 ice dragon scales
 33342 | Vaults:1 | Killed a deep elf demonologist
 33433 | Vaults:1 | Identified a +0 flail
 33433 | Vaults:1 | Identified a +0 robe
 33433 | Vaults:1 | Identified a +0 giant spiked club
 33433 | Vaults:1 | Identified a +0 giant spiked club
 33433 | Vaults:1 | Identified a +0 giant club
 33433 | Vaults:1 | Identified a +0 giant spiked club
 33433 | Vaults:1 | Identified a cursed -2 giant club
 33478 | Vaults:1 | Identified a +0 great mace
 33478 | Vaults:1 | Identified a +0 scale mail
 33502 | Vaults:1 | Identified a cursed +0 arbalest
 33535 | Vaults:1 | Found Jibron's Gadget Shoppe.
 33586 | Vaults:1 | Identified a +0 great sword
 33586 | Vaults:1 | Identified a +0 plate armour
 33591 | Vaults:1 | Identified a +0 war axe
 33591 | Vaults:1 | Identified a +0 ring mail
 33591 | Vaults:1 | Identified a +0 morningstar
 33591 | Vaults:1 | Identified a +0 scale mail
 33591 | Vaults:1 | Identified a +0 broad axe
 33591 | Vaults:1 | Identified a +0 chain mail
 33591 | Vaults:1 | Identified a +0 bardiche of distortion
 33591 | Vaults:1 | Identified a +0 plate armour
 33598 | Vaults:1 | Identified a +0 giant spiked club
 33599 | Vaults:1 | Identified a +0 arbalest
 33599 | Vaults:1 | Identified a +0 arbalest
 33608 | Vaults:1 | Reached XP level 20. HP: 104/107 MP: 26/26
 33612 | Vaults:1 | Identified a +0 giant spiked club
 33612 | Vaults:1 | Identified a +0 giant spiked club
 33613 | Vaults:1 | Identified a cursed -1 giant spiked club
 33613 | Vaults:1 | Identified a +0 giant spiked club
 33624 | Vaults:1 | Identified a +0 club
 33624 | Vaults:1 | Identified a +0 robe
 33625 | Vaults:1 | Identified a +0 giant club
 33625 | Vaults:1 | Identified a +0 giant club
 33626 | Vaults:1 | Identified a +0 giant club
 33626 | Vaults:1 | Identified a +0 giant club
 33626 | Vaults:1 | Identified a +0 giant spiked club
 33626 | Vaults:1 | Identified a +0 giant club
 33626 | Vaults:1 | Identified a +0 giant club
 33742 | Vaults:1 | Identified a +0 morningstar
 33742 | Vaults:1 | Identified a +0 ring mail
 33972 | Vaults:1 | Identified a +0 great mace
 33972 | Vaults:1 | Identified a +0 ring mail
 33972 | Vaults:1 | Identified a +0 long sword
 33972 | Vaults:1 | Identified a +2 plate armour of magic resistance
 33972 | Vaults:1 | Identified a +0 large shield
 33973 | Vaults:1 | Identified a +0 arbalest
 33975 | Vaults:1 | Identified a +0 club
 33975 | Vaults:1 | Identified a +0 robe
 33977 | Vaults:1 | Identified a +0 giant club
 33977 | Vaults:1 | Identified a +0 giant club
 33979 | Vaults:1 | Identified a +0 giant club
 33979 | Vaults:1 | Identified a +0 giant club
 33981 | Vaults:1 | Identified a +0 war axe
 33981 | Vaults:1 | Identified a +0 plate armour
 33985 | Vaults:1 | Identified a +0 giant club
 33987 | Vaults:1 | Identified a +0 giant club
 33987 | Vaults:1 | Identified a +0 giant club
 33990 | Vaults:1 | Identified a +0 dire flail
 33990 | Vaults:1 | Identified a +0 plate armour
 33995 | Vaults:1 | Identified a cursed +0 great mace
 33995 | Vaults:1 | Identified a +0 ring mail
 34007 | Vaults:1 | Identified a +0 arbalest
 34047 | Vaults:1 | Identified a cursed +0 long sword
 34047 | Vaults:1 | Identified a +0 robe
 34057 | Vaults:1 | Identified a +0 longbow
 34283 | Vaults:2 | Identified a +0 broad axe
 34283 | Vaults:2 | Identified a +0 chain mail
 34283 | Vaults:2 | Identified a +0 dagger
 34283 | Vaults:2 | Identified a +0 flail
 34283 | Vaults:2 | Identified a +0 trident
 34287 | Vaults:2 | Identified a +0 arbalest
 34292 | Vaults:2 | Identified a +0 war axe
 34292 | Vaults:2 | Identified a +0 chain mail
 34305 | Vaults:2 | Identified a +0 arbalest
 34312 | Vaults:2 | Identified a +0 arbalest
 34337 | Vaults:2 | Identified a +0 great mace
 34337 | Vaults:2 | Identified a +0 dire flail
 34342 | Vaults:2 | Received a gift from Trog
 34353 | Vaults:2 | Reached skill level 13 in Fighting
 34357 | Vaults:2 | Identified a +2 great sword of flaming
 34365 | Vaults:2 | Identified a +0 morningstar
 34365 | Vaults:2 | Identified a +0 ring mail
 34365 | Vaults:2 | Identified a +0 morningstar
 34365 | Vaults:2 | Identified a +0 arbalest
 34365 | Vaults:2 | Identified a +0 ring mail
 34376 | Vaults:2 | Identified a +0 dire flail
 34376 | Vaults:2 | Identified a +0 plate armour
 34376 | Vaults:2 | Identified a +0 morningstar
 34376 | Vaults:2 | Identified a +0 leather armour
 34378 | Vaults:2 | Identified a +0 war axe
 34378 | Vaults:2 | Identified a +0 chain mail
 34378 | Vaults:2 | Identified a +0 large shield
 34397 | Vaults:2 | Reached skill level 13 in Armour
 34423 | Vaults:2 | Identified a +0 great mace
 34423 | Vaults:2 | Identified a +0 leather armour
 34427 | Vaults:2 | Identified a +0 giant club
 34427 | Vaults:2 | Identified a +0 giant club
 34427 | Vaults:2 | Identified a +0 giant spiked club
 34427 | Vaults:2 | Identified a +0 giant club
 34428 | Vaults:2 | Identified a +0 long sword
 34428 | Vaults:2 | Identified a +0 ring mail
 34430 | Vaults:2 | Identified a +0 spear
 34430 | Vaults:2 | Identified a +0 robe
 34430 | Vaults:2 | Identified a cursed -2 giant club
 34432 | Vaults:2 | Identified a +0 giant club
 34433 | Vaults:2 | Identified a +0 giant club
 34437 | Vaults:2 | Identified a +0 glaive
 34437 | Vaults:2 | Identified a +0 plate armour
 34438 | Vaults:2 | Identified a +0 dire flail
 34438 | Vaults:2 | Identified a +0 ring mail
 34439 | Vaults:2 | Identified a +0 morningstar
 34439 | Vaults:2 | Identified a +0 ring mail
 34489 | Vaults:2 | Identified a +3 glaive
 34489 | Vaults:2 | Identified a +0 chain mail
 34521 | Vaults:2 | Identified a +0 arbalest
 34540 | Vaults:2 | Identified a +0 arbalest
 34633 | Vaults:2 | Identified a +0 arbalest
 34636 | Vaults:2 | Identified a cursed -1 giant club
 34636 | Vaults:2 | Identified a +0 giant club
 34642 | Vaults:2 | Identified a +0 arbalest
 34688 | Vaults:2 | Identified a +0 broad axe
 34688 | Vaults:2 | Identified a cursed +0 plate armour
 34734 | Vaults:2 | Identified a +0 halberd
 34734 | Vaults:2 | Identified a +0 plate armour
 34770 | Vaults:2 | Identified a +0 battleaxe
 34770 | Vaults:2 | Identified a +0 plate armour
 34771 | Vaults:2 | Identified a +0 arbalest
 34779 | Vaults:2 | Identified a +0 war axe
 34779 | Vaults:2 | Identified a +0 plate armour of magic resistance
 34814 | Vaults:2 | Identified a +0 long sword
 34814 | Vaults:2 | Identified a +0 plate armour
 34822 | Vaults:2 | Identified a +3 battleaxe of chopping
 34822 | Vaults:2 | Identified a +0 plate armour
 34825 | Vaults:2 | Identified a +0 dire flail
 34825 | Vaults:2 | Identified a +0 plate armour
 34831 | Vaults:2 | Identified a cursed +0 mace
 34831 | Vaults:2 | Identified a +0 leather armour
 34853 | Vaults:2 | Identified a +0 dire flail of draining
 34853 | Vaults:2 | Identified a +0 plate armour of cold resistance
 34853 | Vaults:2 | Identified a +0 falchion
 34853 | Vaults:2 | Identified a +0 ring mail
 34857 | Vaults:2 | Identified a +2 long sword of slicing
 34857 | Vaults:2 | Identified a +0 plate armour
 34859 | Vaults:2 | Identified a +0 arbalest
 34861 | Vaults:2 | Identified a +0 battleaxe
 34861 | Vaults:2 | Identified a +0 plate armour
 34872 | Vaults:2 | Identified a +0 arbalest
 34880 | Vaults:2 | Identified a +0 great sword
 34880 | Vaults:2 | Identified a +0 chain mail
 34884 | Vaults:2 | Received a gift from Trog
 34932 | Vaults:2 | Identified a +0 war axe
 34932 | Vaults:2 | Identified a +0 plate armour
 34932 | Vaults:2 | Identified a +0 dagger
 34932 | Vaults:2 | Identified a +2 robe of fire resistance
 34932 | Vaults:2 | Identified a +0 short sword
 34932 | Vaults:2 | Identified a +0 leather armour
 34933 | Vaults:2 | Identified a +1 great sword
 34933 | Vaults:2 | Identified a +0 plate armour
 34989 | Vaults:2 | Identified a +0 long sword
 34989 | Vaults:2 | Identified a +0 ring mail
 35024 | Vaults:2 | Identified a +1 great sword
 35024 | Vaults:2 | Identified a +0 plate armour
 35024 | Vaults:2 | Identified a +0 war axe
 35024 | Vaults:2 | Identified a cursed +0 chain mail
 35024 | Vaults:2 | Identified a +0 large shield
 35024 | Vaults:2 | Identified a +0 halberd
 35024 | Vaults:2 | Identified a +0 chain mail
 35024 | Vaults:2 | Identified a +3 war axe of venom
 35024 | Vaults:2 | Identified a +0 chain mail
 35024 | Vaults:2 | Identified a +0 shield
 35127 | Vaults:2 | Found Rugusmiysu's Antique Armour Shoppe.
 35134 | Vaults:2 | Bought a pair of runed boots for 232 gold pieces
 35146 | Vaults:2 | Identified a +2 pair of boots of flying (You bought it in a
                  | shop on level 2 of the Vaults)
 35208 | Vaults:2 | Identified a +1 great mace of crushing
 35208 | Vaults:2 | Identified a +0 plate armour
 35211 | Vaults:2 | Noticed a curse skull
 35223 | Vaults:2 | HP: 26/110 [jiangshi[a curse skull] (9)]
 35226 | Vaults:2 | Killed a curse skull
 35226 | Vaults:2 | Reached skill level 14 in Fighting
 35276 | Vaults:2 | Found a staircase to the Crypt.
 35349 | Vaults:2 | Identified a cursed +0 falchion
 35349 | Vaults:2 | Identified a +0 robe
 35488 | Vaults:2 | Identified a +1 hat of intelligence (You acquired it on
                  | level 2 of the Vaults)
 35503 | Vaults:2 | Identified a +0 arbalest
 35504 | Vaults:2 | Identified a +0 great sword
 35504 | Vaults:2 | Identified a +0 plate armour
 35516 | Vaults:2 | Identified a +0 arbalest
 35617 | Vaults:2 | Identified the +4 broad axe of Huam {flame, *Slow rN+
                  | Str+6} (You found it on level 2 of the Vaults)
 35637 | Vaults:2 | Identified a +0 shortbow
 35769 | Vaults:3 | Identified a +0 great mace
 35769 | Vaults:3 | Identified a +0 scale mail
 35790 | Vaults:3 | Identified a +0 dire flail
 35790 | Vaults:3 | Identified a +0 dire flail
 35799 | Vaults:3 | Identified a +3 great sword of flaming
 35864 | Vaults:3 | Reached XP level 21. HP: 115/115 MP: 27/27
 35877 | Vaults:3 | Reached skill level 14 in Armour
 35915 | Vaults:3 | Identified a +0 morningstar
 35915 | Vaults:3 | Identified a +4 scale mail of poison resistance
 35916 | Vaults:3 | Identified a +0 flail
 35919 | Vaults:3 | Identified a -1 short sword
 35919 | Vaults:3 | Identified a +0 shortbow
 35919 | Vaults:3 | Identified a cursed +0 leather armour
 35923 | Vaults:3 | Identified a +0 arbalest
 35946 | Vaults:3 | Identified a +0 battleaxe
 35946 | Vaults:3 | Identified a +0 chain mail
 36009 | Vaults:3 | Identified a +0 giant club
 36009 | Vaults:3 | Identified a +0 giant club
 36009 | Vaults:3 | Identified a +0 giant club
 36009 | Vaults:3 | Identified a +0 giant club
 36009 | Vaults:3 | Identified a +0 giant spiked club
 36009 | Vaults:3 | Identified a +0 flail
 36009 | Vaults:3 | Identified a +0 robe
 36018 | Vaults:3 | Identified a +0 great mace
 36018 | Vaults:3 | Identified a +0 leather armour
 36019 | Vaults:3 | Identified a +0 giant spiked club
 36029 | Vaults:3 | Received a gift from Trog
 36133 | Vaults:3 | Identified the Grimoire of Domination
 36135 | Vaults:3 | Identified a cursed -2 long sword
 36135 | Vaults:3 | Identified a +0 arbalest
 36135 | Vaults:3 | Identified a +0 ring mail
 36147 | Vaults:3 | Identified a +0 giant club
 36150 | Vaults:3 | Identified a +0 dire flail
 36150 | Vaults:3 | Identified a +0 ring mail
 36157 | Vaults:3 | Identified a cursed +0 giant spiked club
 36157 | Vaults:3 | Identified a +0 long sword
 36157 | Vaults:3 | Identified a +0 ring mail
 36158 | Vaults:3 | Identified a +0 halberd
 36158 | Vaults:3 | Identified a +0 robe
 36159 | Vaults:3 | Identified a +0 morningstar of crushing
 36159 | Vaults:3 | Identified a +0 ring mail
 36159 | Vaults:3 | Identified a +0 great mace
 36159 | Vaults:3 | Identified a +0 plate armour
 36168 | Vaults:3 | Received a gift from Trog
 36169 | Vaults:3 | Identified a +0 giant club
 36169 | Vaults:3 | Identified a +0 giant club
 36214 | Vaults:3 | Identified a +0 flail
 36214 | Vaults:3 | Identified a +0 plate armour of cold resistance
 36214 | Vaults:3 | Identified a +4 glaive
 36214 | Vaults:3 | Identified a cursed +0 plate armour
 36214 | Vaults:3 | Identified a +1 halberd
 36214 | Vaults:3 | Identified a +0 chain mail
 36215 | Vaults:3 | Identified a +0 giant club
 36217 | Vaults:3 | Identified a +1 battleaxe of freezing
 36218 | Vaults:3 | Identified a +0 club
 36218 | Vaults:3 | Identified a +0 chain mail
 36218 | Vaults:3 | Identified a +0 giant club
 36218 | Vaults:3 | Identified a +0 giant club
 36218 | Vaults:3 | Identified a +0 giant spiked club
 36218 | Vaults:3 | Identified a +0 dire flail
 36218 | Vaults:3 | Identified a +0 dire flail
 36220 | Vaults:3 | Identified a +0 robe
 36221 | Vaults:3 | Identified a +0 dire flail
 36221 | Vaults:3 | Identified a +0 plate armour
 36221 | Vaults:3 | Identified a +0 giant club
 36221 | Vaults:3 | Identified a +0 giant club
 36315 | Vaults:3 | Identified a +0 giant spiked club
 36315 | Vaults:3 | Identified a +0 giant spiked club
 36322 | Vaults:3 | Identified a +0 giant spiked club
 36349 | Vaults:3 | Received a gift from Trog
 36369 | Vaults:3 | Identified a +0 morningstar
 36369 | Vaults:3 | Identified a +0 arbalest
 36369 | Vaults:3 | Identified a +0 scale mail
 36437 | Vaults:3 | Identified a +0 giant spiked club
 36437 | Vaults:3 | Identified a +0 giant club
 36438 | Vaults:3 | Identified a +0 giant club
 36440 | Vaults:3 | Identified a +0 morningstar
 36440 | Vaults:3 | Identified a +0 ring mail
 36444 | Vaults:3 | Identified a +0 spear
 36444 | Vaults:3 | Identified a cursed +0 robe
 36444 | Vaults:3 | Identified a +0 giant spiked club
 36445 | Vaults:3 | Identified a +0 giant club
 36452 | Vaults:3 | Received a gift from Trog
 36476 | Vaults:3 | Identified a +0 dagger
 36476 | Vaults:3 | Identified a +0 robe
 36793 | Vaults:3 | Identified a +1 morningstar of protection
 36793 | Vaults:3 | Identified a +4 arbalest
 36793 | Vaults:3 | Identified a +0 scale mail
 36868 | Vaults:3 | Identified a +0 dire flail
 36868 | Vaults:3 | Identified a +0 scale mail
 36869 | Vaults:3 | Identified a +0 spear
 36869 | Vaults:3 | Identified a +0 arbalest
 36917 | Vaults:3 | Reached skill level 15 in Fighting
 37031 | Vaults:3 | Identified a +0 robe
 37166 | Vaults:4 | Identified a +3 battleaxe
 37166 | Vaults:4 | Identified a +0 plate armour
 37166 | Vaults:4 | Identified a +0 flail
 37166 | Vaults:4 | Identified a +0 club
 37166 | Vaults:4 | Identified a +0 leather armour
 37166 | Vaults:4 | Identified a +2 dire flail of draining
 37166 | Vaults:4 | Identified a +0 plate armour
 37166 | Vaults:4 | Identified a +0 mace
 37166 | Vaults:4 | Identified a +2 plate armour of fire resistance
 37166 | Vaults:4 | Identified a +0 giant club
 37193 | Vaults:4 | Noticed Xtahua
 37205 | Vaults:4 | Killed Xtahua
 37205 | Vaults:4 | Identified +2 fire dragon scales {Xtahua}
 37268 | Vaults:4 | Identified a +0 long sword
 37268 | Vaults:4 | Identified a +0 arbalest
 37268 | Vaults:4 | Identified a +0 chain mail
 37270 | Vaults:4 | Identified a +0 arbalest
 37273 | Vaults:4 | Identified a +0 arbalest
 37274 | Vaults:4 | Identified a +2 arbalest of velocity
 37292 | Vaults:4 | Identified a +0 arbalest
 37292 | Vaults:4 | Identified a +0 arbalest
 37295 | Vaults:4 | Identified a +0 morningstar
 37295 | Vaults:4 | Identified a +0 leather armour
 37297 | Vaults:4 | Identified a +0 flail
 37297 | Vaults:4 | Identified a +0 ring mail
 37297 | Vaults:4 | Identified a +0 great mace
 37297 | Vaults:4 | Identified a +0 ring mail
 37310 | Vaults:4 | Identified a +0 arbalest
 37312 | Vaults:4 | Identified a +0 long sword
 37312 | Vaults:4 | Identified a +0 ring mail
 37316 | Vaults:4 | Identified a +0 arbalest
 37320 | Vaults:4 | Identified a +0 arbalest
 37328 | Vaults:4 | Identified a +0 arbalest
 37330 | Vaults:4 | Identified a +0 arbalest
 37334 | Vaults:4 | Identified a +0 arbalest
 37336 | Vaults:4 | Identified a +0 arbalest
 37339 | Vaults:4 | Identified a +0 arbalest
 37339 | Vaults:4 | Identified a +0 arbalest
 37348 | Vaults:4 | Identified a +0 arbalest
 37348 | Vaults:4 | HP: 28/117 [yaktaur/bolt (19)]
 37350 | Vaults:4 | Identified a +0 great mace
 37350 | Vaults:4 | Identified a +0 leather armour
 37350 | Vaults:4 | Identified a +0 whip
 37350 | Vaults:4 | Identified a cursed +0 robe
 37350 | Vaults:4 | Identified a +0 giant club
 37350 | Vaults:4 | Identified a +0 giant club
 37350 | Vaults:4 | Identified a +0 giant club
 37350 | Vaults:4 | Identified a +0 giant club
 37350 | Vaults:4 | Identified a +0 giant spiked club
 37350 | Vaults:4 | Identified a +0 giant club
 37350 | Vaults:4 | Identified a +0 giant club
 37446 | Vaults:4 | Identified a +0 dagger of holy wrath
 37446 | Vaults:4 | Identified a +0 shortbow
 37446 | Vaults:4 | Identified a +0 leather armour
 37446 | Vaults:4 | Identified a +0 arbalest
 37450 | Vaults:4 | Identified a +0 arbalest
 37453 | Vaults:4 | Identified a +0 arbalest
 37454 | Vaults:4 | Identified a +0 arbalest
 37454 | Vaults:4 | Identified a +0 arbalest
 37461 | Vaults:4 | Identified a cursed -2 great sword
 37461 | Vaults:4 | Identified a +0 plate armour
 37462 | Vaults:4 | Identified a +0 club
 37462 | Vaults:4 | Identified a +0 chain mail
 37464 | Vaults:4 | Identified a +0 trident
 37464 | Vaults:4 | Identified a +0 plate armour
 37576 | Vaults:4 | Reached skill level 15 in Armour
 37635 | Vaults:4 | Identified the +7 arbalest of Precise Incision {velocity,
                  | rPois}
 37793 | Vaults:4 | Received a gift from Trog
 37846 | Vaults:4 | Identified a +0 long sword
 37846 | Vaults:4 | Identified a +0 chain mail
 37867 | Vaults:4 | Identified a +0 long sword
 37867 | Vaults:4 | Identified a +0 plate armour
 37867 | Vaults:4 | Identified a +0 flail of crushing
 37867 | Vaults:4 | Identified a +0 leather armour
 37867 | Vaults:4 | Identified a +0 flail
 37867 | Vaults:4 | Identified a +0 scale mail
 37870 | Vaults:4 | Identified a +2 dire flail of holy wrath
 37870 | Vaults:4 | Identified a +0 ring mail
 37875 | Vaults:4 | Identified a +0 war axe
 37875 | Vaults:4 | Identified a +0 arbalest
 37875 | Vaults:4 | Identified a +0 scale mail
 37926 | Vaults:4 | Identified a +0 troll leather armour
 37926 | Vaults:4 | Reached skill level 1 in Throwing
 37929 | Vaults:4 | Identified a +0 morningstar
 37929 | Vaults:4 | Identified a +0 leather armour
 37940 | Vaults:4 | Identified a +0 troll leather armour
 37965 | Vaults:4 | Identified a +0 trident
 37965 | Vaults:4 | Identified a +0 plate armour
 37968 | Vaults:4 | Identified a +0 mace
 37968 | Vaults:4 | Identified a +0 plate armour
 37970 | Vaults:4 | Identified a +0 plate armour
 38011 | Vaults:4 | Identified a +5 battleaxe of freezing
 38011 | Vaults:4 | Identified a cursed +0 plate armour
 38011 | Vaults:4 | Noticed Frederick
 38015 | Vaults:4 | Identified a +0 scimitar
 38015 | Vaults:4 | Identified a +0 plate armour
 38028 | Vaults:4 | Killed Frederick
 38098 | Vaults:4 | Identified a +0 morningstar
 38098 | Vaults:4 | Identified a +0 scale mail
 38102 | Vaults:4 | Reached skill level 2 in Throwing
 38167 | Vaults:4 | Identified a +0 long sword
 38167 | Vaults:4 | Identified a +0 ring mail
 38167 | Vaults:4 | Identified a +3 war axe
 38167 | Vaults:4 | Identified a +0 arbalest
 38167 | Vaults:4 | Identified a +0 plate armour
 38167 | Vaults:4 | Identified a +0 arbalest
 38167 | Vaults:4 | Identified a +0 arbalest
 38167 | Vaults:4 | Identified a +0 arbalest
 38185 | Vaults:4 | Identified a +0 war axe
 38185 | Vaults:4 | Identified a +0 scale mail
 38327 | Vaults:4 | Identified a +0 battleaxe of freezing
 38341 | Vaults:4 | Identified a +0 morningstar
 38341 | Vaults:4 | Identified a +0 ring mail
 38345 | Vaults:4 | Reached XP level 22. HP: 123/123 MP: 28/28
 38345 | Vaults:4 | Identified a +0 arbalest
 38348 | Vaults:4 | Noticed an entropy weaver
 38351 | Vaults:4 | Identified a +0 arbalest
 38353 | Vaults:4 | Identified a cursed -2 long sword
 38353 | Vaults:4 | Identified a +0 plate armour
 38353 | Vaults:4 | Identified a +0 large shield
 38359 | Vaults:4 | Killed an entropy weaver
 38362 | Vaults:4 | Identified a +0 arbalest
 38364 | Vaults:4 | Identified a +0 arbalest
 38394 | Vaults:4 | Identified a +1 arbalest of freezing
 38750 | Elf:1    | Entered Level 1 of the Elven Halls
 38750 | Elf:1    | Identified a +0 dagger
 38750 | Elf:1    | Identified a +0 leather armour
 38750 | Elf:1    | Identified a +0 long sword
 38750 | Elf:1    | Identified a +0 long sword
 38756 | Elf:1    | Identified a +0 long sword
 38758 | Elf:1    | Identified a +0 short sword
 38762 | Elf:1    | Identified a +1 long sword of slicing
 38768 | Elf:1    | Received a gift from Trog
 38854 | Elf:1    | Identified a +0 dagger
 38854 | Elf:1    | Identified a +0 shortbow
 38854 | Elf:1    | Identified a +0 leather armour
 38855 | Elf:1    | Reached skill level 16 in Fighting
 38864 | Elf:1    | Identified a +0 short sword
 38864 | Elf:1    | Identified a +0 leather armour
 38906 | Elf:1    | Found Heacanev's Magic Scroll Emporium.
 38908 | Elf:1    | Found Coosiruzo's Food Shoppe.
 38910 | Elf:1    | Found Ivuguacs's Food Emporium.
 38915 | Elf:1    | Bought a scroll of enchant armour for 82 gold pieces
 38931 | Elf:1    | Identified a +0 rapier
 38961 | Elf:1    | Identified a +0 short sword
 39025 | Elf:1    | Identified a +6 flail of protection
 39066 | Elf:1    | Identified a +0 vampiric hand axe
 39083 | Elf:1    | Identified a +0 long sword of holy wrath
 39123 | Elf:1    | Identified a +1 trident of flaming
 39151 | Elf:1    | Identified a +0 long sword of slicing
 39151 | Elf:1    | Identified a +0 long sword
 39151 | Elf:1    | Identified a +0 short sword
 39151 | Elf:1    | Identified a +0 shortbow
 39151 | Elf:1    | Identified a cursed +0 leather armour
 39152 | Elf:1    | Identified a +2 scimitar of electrocution
 39160 | Elf:1    | Identified a +0 dagger
 39169 | Elf:1    | Identified a +0 long sword
 39169 | Elf:1    | Identified a +0 leather armour
 39176 | Elf:1    | Identified a +4 mace of protection
 39181 | Elf:1    | Identified a +0 dagger
 39181 | Elf:1    | Identified a +0 shortbow
 39181 | Elf:1    | Identified a +0 leather armour
 39187 | Elf:1    | Identified a +0 dagger
 39187 | Elf:1    | Identified a +0 leather armour
 39190 | Elf:1    | Identified a +0 dagger
 39195 | Elf:1    | Identified a cursed -2 long sword
 39195 | Elf:1    | Identified a +0 shortbow of freezing
 39195 | Elf:1    | Identified a +0 chain mail
 39248 | Elf:1    | Identified a +0 short sword
 39248 | Elf:1    | Identified a +3 ring mail
 39339 | Elf:1    | Identified a +0 long sword of holy wrath
 39339 | Elf:1    | Identified a +0 ring mail
 39341 | Elf:1    | Identified a +3 short sword
 39341 | Elf:1    | Identified a +0 shortbow
 39341 | Elf:1    | Identified a +0 leather armour
 39345 | Elf:1    | Identified a +0 short sword
 39345 | Elf:1    | Identified a +0 shortbow of freezing
 39345 | Elf:1    | Identified a +0 leather armour
 39348 | Elf:1    | Identified a +0 long sword
 39348 | Elf:1    | Identified a +0 chain mail
 39350 | Elf:1    | Identified a +0 long sword
 39350 | Elf:1    | Identified a +0 ring mail
 39375 | Elf:1    | Identified a +0 scimitar
 39375 | Elf:1    | Identified a +0 ring mail
 39375 | Elf:1    | Identified a cursed +0 long sword
 39375 | Elf:1    | Identified a +0 long sword
 39375 | Elf:1    | Identified a +0 chain mail
 39375 | Elf:1    | Identified a +0 dagger
 39375 | Elf:1    | Identified a +0 shortbow
 39375 | Elf:1    | Identified a +0 leather armour
 39376 | Elf:1    | Identified a +0 short sword
 39376 | Elf:1    | Identified a -3 shortbow
 39376 | Elf:1    | Identified a +0 leather armour
 39378 | Elf:1    | Received a gift from Trog
 39451 | Elf:1    | Identified a +0 long sword
 39451 | Elf:1    | Identified a +0 scale mail
 39475 | Elf:1    | Identified a +0 scimitar
 39475 | Elf:1    | Identified a +0 leather armour
 39485 | Elf:1    | Identified a +3 dire flail of crushing
 39533 | Elf:1    | Found a runed translucent door.
 39533 | Elf:1    | Identified a +0 short sword
 39533 | Elf:1    | Identified a +0 shortbow
 39533 | Elf:1    | Identified a +0 leather armour
 39823 | Elf:1    | Identified a +0 dagger
 39823 | Elf:1    | Identified a +0 shortbow
 39823 | Elf:1    | Identified a +0 leather armour
 39834 | Elf:1    | Identified a +0 dagger
 39834 | Elf:1    | Identified a +0 shortbow
 39834 | Elf:1    | Identified a +0 leather armour
 39841 | Elf:1    | Identified a +0 short sword
 39841 | Elf:1    | Identified a +0 leather armour
 39841 | Elf:1    | Identified a +1 short sword of venom
 39855 | Elf:1    | Got a jewelled longbow
 39859 | Elf:1    | Identified the cursed +2 longbow "Grim Tooth" {velocity,
                  | rF+} (You found it on level 1 of the Elven Halls)
 39978 | Elf:2    | Identified a +0 scimitar
 39978 | Elf:2    | Identified a +0 shortbow
 39986 | Elf:2    | Identified a +0 rapier
 39986 | Elf:2    | Identified a +0 scale mail
 39993 | Elf:2    | Identified a +0 scimitar
 39993 | Elf:2    | Identified a +0 buckler
 39996 | Elf:2    | Identified a +0 short sword
 39996 | Elf:2    | Identified a +0 shortbow
 39996 | Elf:2    | Identified a +0 leather armour
 39999 | Elf:2    | Identified a +0 short sword
 40030 | Elf:2    | Identified a +1 dire flail of venom
 40038 | Elf:2    | Identified a +2 trident of piercing
 40068 | Elf:2    | Identified a +5 battleaxe of distortion
 40081 | Elf:2    | Found Nophairr's General Store.
 40081 | Elf:2    | Identified a +0 long sword
 40081 | Elf:2    | Identified a +0 leather armour
 40084 | Elf:2    | Identified a +2 scimitar of holy wrath
 40086 | Elf:2    | Identified a +1 halberd of venom
 40099 | Elf:2    | Identified a +0 rapier
 40099 | Elf:2    | Identified a +0 chain mail
 40099 | Elf:2    | Noticed a deep elf demonologist
 40104 | Elf:2    | Killed a deep elf demonologist
 40107 | Elf:2    | Found Goweci's Distillery.
 40142 | Elf:2    | Bought a potion of might for 68 gold pieces
 40142 | Elf:2    | Bought a potion of agility for 68 gold pieces
 40142 | Elf:2    | Bought a potion of might for 68 gold pieces
 40175 | Elf:2    | Identified a +7 short sword
 40175 | Elf:2    | Identified a +2 battleaxe of chopping
 40176 | Elf:2    | Found a runed translucent gate.
 40176 | Elf:2    | Found a runed translucent gate.
 40176 | Elf:2    | Found a runed translucent gate.
 40222 | Elf:2    | Identified a +0 dagger
 40250 | Elf:2    | Identified a +2 hand axe
 40251 | Elf:2    | Reached skill level 16 in Armour
 40287 | Elf:2    | Identified a +2 trident of protection
 40316 | Elf:2    | Identified a +2 battleaxe of electrocution
 40316 | Elf:2    | Identified a +0 long sword
 40390 | Elf:2    | Identified a +0 rapier
 40390 | Elf:2    | Identified a +0 ring mail
 40390 | Elf:2    | Identified a +3 war axe of freezing
 40490 | Elf:2    | Identified a +4 long sword of protection
 40490 | Elf:2    | Identified a +2 flail of holy wrath
 40496 | Elf:2    | Identified a +0 long sword
 40509 | Elf:2    | Identified a +0 dagger
 40509 | Elf:2    | Identified a +0 leather armour
 40518 | Elf:2    | Identified a +3 longbow
 40521 | Elf:2    | Identified a +0 long sword
 40521 | Elf:2    | Identified a +0 leather armour
 40523 | Elf:2    | Identified a +0 short sword of venom
 40523 | Elf:2    | Identified a +0 leather armour
 40579 | Elf:2    | Identified a +0 short sword
 40579 | Elf:2    | Identified a +0 leather armour
 40579 | Elf:2    | Identified a +0 buckler
 40585 | Elf:2    | Identified a +0 scimitar
 40585 | Elf:2    | Identified a +0 buckler
 40586 | Elf:2    | Identified a +0 short sword
 40588 | Elf:2    | Identified a +4 scimitar of draining
 40589 | Elf:2    | Received a gift from Trog
 40603 | Elf:2    | Identified a +0 double sword of pain
 40617 | Elf:2    | Identified a +0 short sword
 40617 | Elf:2    | Identified a +5 flail of crushing
 40617 | Elf:2    | Identified a +0 short sword
 40617 | Elf:2    | Identified a +0 scale mail
 40617 | Elf:2    | Identified a cursed +0 buckler
 40620 | Elf:2    | Identified a +0 short sword
 40620 | Elf:2    | Identified a +0 short sword
 40620 | Elf:2    | Identified a +0 leather armour
 40621 | Elf:2    | Identified a +1 dire flail of draining
 40623 | Elf:2    | Identified a +0 rapier
 40626 | Elf:2    | Identified a +0 rapier
 40634 | Elf:2    | Identified a +0 trident
 40655 | Elf:2    | Identified an amulet of the acrobat (You found it on level
                  | 2 of the Elven Halls)
 40656 | Elf:2    | Identified the +7 battleaxe "Werih" {flame, *Slow Int+3
                  | Dex+6 SInv} (Trog gifted it to you on level 2 of the Elven
                  | Halls)
 40660 | Elf:2    | Identified a +0 long sword
 40785 | Elf:2    | Identified a +0 short sword
 40797 | Elf:2    | Identified a +5 antimagic bardiche
 40797 | Elf:2    | Identified a +3 scimitar of protection
 40797 | Elf:2    | Identified a +0 short sword
 40797 | Elf:2    | Identified a +2 buckler
 40800 | Elf:2    | Identified a +3 scimitar of protection
 40802 | Elf:2    | Identified a +4 scimitar of holy wrath
 40922 | Elf:3    | Entered Level 3 of the Elven Halls
 40922 | Elf:3    | Identified a +1 dagger of venom
 40927 | Elf:3    | Found Kied's Antique Weapon Shop.
 40927 | Elf:3    | Identified a +0 dagger
 40927 | Elf:3    | Identified a +2 scale mail of magic resistance
 40966 | Elf:3    | Found Byfedina's Magic Scroll Emporium.
 40969 | Elf:3    | Found Siukho's Assorted Antiques.
 40969 | Elf:3    | Identified a +0 hand axe
 40969 | Elf:3    | Identified a +0 scale mail
 40969 | Elf:3    | Identified a +1 flail of draining
 40969 | Elf:3    | Identified a +0 leather armour
 40969 | Elf:3    | Identified a +0 whip
 40969 | Elf:3    | Identified a +0 war axe
 40969 | Elf:3    | Identified a +0 ring mail
 40969 | Elf:3    | Identified a +0 short sword
 40969 | Elf:3    | Identified a +0 chain mail
 40969 | Elf:3    | Identified a +1 war axe of electrocution
 40970 | Elf:3    | Identified a +0 short sword
 40985 | Elf:3    | Reached skill level 17 in Fighting
 40997 | Elf:3    | Found Ewoiw's Book Emporium.
 41013 | Elf:3    | Bought a scroll of acquirement for 832 gold pieces
 41025 | Elf:3    | Identified a scarf of cloud immunity (You acquired it on
                  | level 3 of the Elven Halls)
 41038 | Elf:3    | Found Menitytz's Antique Armour Emporium.
 41076 | Elf:3    | Found a runed translucent door.
 41077 | Elf:3    | Noticed Klatu's ghost (adept TeGl)
 41117 | Elf:3    | Identified a +0 long sword
 41119 | Elf:3    | Identified a +0 long sword
 41119 | Elf:3    | Identified a +0 shortbow
 41126 | Elf:3    | Identified a +0 long sword
 41126 | Elf:3    | Identified a +0 leather armour
 41165 | Elf:3    | Identified a +0 rapier
 41246 | Elf:3    | Identified a +2 long sword of electrocution
 41314 | Elf:3    | Identified a +1 short sword of speed
 41314 | Elf:3    | Identified a -2 shortbow
 41314 | Elf:3    | Identified a +0 leather armour
 41314 | Elf:3    | Identified a +0 long sword
 41314 | Elf:3    | Identified a +0 ring mail
 41316 | Elf:3    | Identified a +0 long sword
 41321 | Elf:3    | Identified a +0 long sword
 41323 | Elf:3    | Identified a +0 short sword
 41323 | Elf:3    | Identified a +0 shortbow
 41323 | Elf:3    | Identified a +0 leather armour
 41375 | Elf:3    | Identified a +2 trident of venom
 41380 | Elf:3    | Identified a +0 rapier
 41396 | Elf:3    | Identified a +0 long sword
 41409 | Elf:3    | Identified a +0 quarterstaff
 41409 | Elf:3    | Identified a +0 robe
 41730 | Elf:3    | Identified a +0 dagger
 41730 | Elf:3    | Identified a +0 dagger
 41730 | Elf:3    | Identified a +0 ring mail
 41731 | Elf:3    | Identified a +0 rapier
 41731 | Elf:3    | Identified a +0 short sword
 41731 | Elf:3    | Identified a +0 chain mail
 41731 | Elf:3    | Identified a +6 long sword of holy wrath
 41731 | Elf:3    | Identified a +0 long sword
 41731 | Elf:3    | Identified a +0 short sword
 41731 | Elf:3    | Identified a +0 leather armour
 41732 | Elf:3    | Identified a +0 rapier of distortion
 41732 | Elf:3    | Identified a +0 short sword
 41732 | Elf:3    | Noticed a deep elf demonologist
 41744 | Elf:3    | Identified a +0 trident
 41744 | Elf:3    | Identified a +0 trident
 41745 | Elf:3    | Identified a +0 long sword
 41745 | Elf:3    | Received a gift from Trog
 41779 | Elf:3    | Killed a deep elf demonologist
 41789 | Elf:3    | Identified a cursed +0 long sword
 41789 | Elf:3    | Noticed a deep elf sorcerer
 41789 | Elf:3    | Identified a +0 short sword
 41789 | Elf:3    | Identified a +0 ring mail
 41789 | Elf:3    | Noticed a deep elf demonologist
 41792 | Elf:3    | Killed a deep elf sorcerer
 41794 | Elf:3    | Killed a deep elf demonologist
 41795 | Elf:3    | Identified a +0 short sword
 41795 | Elf:3    | Identified a +0 leather armour
 41797 | Elf:3    | Identified a +0 rapier
 41797 | Elf:3    | Identified a +0 rapier
 41797 | Elf:3    | Identified a cursed +0 leather armour
 41797 | Elf:3    | Identified an uncursed ring of stealth
 41797 | Elf:3    | Identified a +0 short sword
 41797 | Elf:3    | Noticed a deep elf demonologist
 41806 | Elf:3    | Killed a deep elf demonologist
 41806 | Elf:3    | Received a gift from Trog
 41807 | Elf:3    | Identified a +2 long sword of electrocution
 41807 | Elf:3    | Noticed a deep elf demonologist
 41807 | Elf:3    | Identified a +0 dagger
 41807 | Elf:3    | Identified a +0 leather armour
 41807 | Elf:3    | Noticed a deep elf sorcerer
 41811 | Elf:3    | Identified a +0 vampiric short sword
 41813 | Elf:3    | Identified a +0 dagger
 41813 | Elf:3    | Identified a +0 leather armour
 41813 | Elf:3    | Noticed a deep elf sorcerer
 41815 | Elf:3    | Identified a +0 long sword
 41815 | Elf:3    | Identified a +0 leather armour
 41824 | Elf:3    | Reached XP level 23. HP: 88/131 MP: 19/29
 41826 | Elf:3    | Killed a deep elf sorcerer
 41834 | Elf:3    | Killed a deep elf sorcerer
 41867 | Elf:3    | Killed a deep elf demonologist
 41910 | Elf:3    | Identified a +0 short sword
 41910 | Elf:3    | Identified a +0 short sword
 41910 | Elf:3    | Noticed a deep elf demonologist
 41911 | Elf:3    | Killed a deep elf demonologist
 41943 | Elf:3    | Identified a +0 dagger
 41943 | Elf:3    | Identified a +0 long sword
 41943 | Elf:3    | Identified a +0 leather armour
 41944 | Elf:3    | Identified a +0 battleaxe
 41944 | Elf:3    | Identified a +0 quick blade
 41944 | Elf:3    | Identified a +0 quick blade
 41944 | Elf:3    | Identified a cursed -1 leather armour
 41951 | Elf:3    | Identified a +0 longbow
 41951 | Elf:3    | Identified the +5 scale mail "Jeuv" {MR- Int+3}
 41952 | Elf:3    | Identified a +1 falchion of holy wrath
 41952 | Elf:3    | Identified a +0 leather armour
 41952 | Elf:3    | Noticed a deep elf sorcerer
 41955 | Elf:3    | Killed a deep elf sorcerer
 42011 | Elf:3    | Got a warped hunting sling
 42013 | Elf:3    | Identified the Papyrus of Attacks
 42018 | Elf:3    | Got a crude halberd
 42036 | Elf:3    | Identified the +2 leather armour of the Six Nights {Regen+
                  | Slay+2}
 42036 | Elf:3    | Noticed a deep elf demonologist
 42038 | Elf:3    | Killed a deep elf demonologist
 42059 | Elf:3    | Identified a +0 long sword
 42059 | Elf:3    | Identified a +0 leather armour
 42059 | Elf:3    | Noticed a deep elf demonologist
 42063 | Elf:3    | Killed a deep elf demonologist
 42111 | Elf:3    | Identified a +0 rapier
 42115 | Elf:3    | Identified a +0 longbow
 42115 | Elf:3    | Identified a +0 leather armour
 42135 | Elf:3    | Identified the ring of Limitation {+Fly rF+ rN+ Str-3 SInv}
                  | (You found it on level 3 of the Elven Halls)
 42551 | Crypt:1  | Entered Level 1 of the Crypt
 42581 | Crypt:1  | Reached skill level 17 in Armour
 42792 | Crypt:1  | Identified a +0 long sword
 42797 | Crypt:1  | Identified a +0 long sword
 42800 | Crypt:1  | Identified a +0 halberd
 42804 | Crypt:1  | Identified a +0 long sword
 42883 | Crypt:1  | Identified a +1 demon blade of venom
 42883 | Crypt:1  | Identified a cursed +0 plate armour
 42956 | Crypt:1  | Identified a +0 great sword
 42956 | Crypt:1  | Identified a +0 chain mail
 42957 | Crypt:1  | Identified a +0 robe
 42962 | Crypt:1  | Reached skill level 18 in Fighting
 42972 | Crypt:1  | Received a gift from Trog
 43398 | Crypt:2  | Identified a +1 long sword of slicing
 43398 | Crypt:2  | Identified a +0 leather armour
 43405 | Crypt:2  | Identified a +0 great sword
 43405 | Crypt:2  | Identified a +0 chain mail
 43448 | Crypt:2  | Identified a +0 robe
 43530 | Crypt:2  | Identified a +1 scythe of pain
 43606 | Crypt:2  | Identified a +0 great mace of draining
 43606 | Crypt:2  | Identified a +0 plate armour
 43610 | Crypt:2  | Received a gift from Trog
 43813 | Crypt:2  | Identified a +0 robe
 43813 | Crypt:2  | Identified a +0 glaive
 43813 | Crypt:2  | Identified a +0 glaive
 43816 | Crypt:2  | Identified a cursed +0 spear
 43816 | Crypt:2  | Identified a +0 robe
 43825 | Crypt:2  | Identified a +0 flail
 43928 | Crypt:2  | Identified a +0 dire flail
 43928 | Crypt:2  | Identified a +0 plate armour
 44138 | Crypt:3  | Entered Level 3 of the Crypt
 44179 | Crypt:3  | Identified a +0 war axe
 44184 | Crypt:3  | Identified a cursed +0 falchion
 44184 | Crypt:3  | Identified a +0 robe
 44185 | Crypt:3  | Identified a +0 short sword
 44186 | Crypt:3  | Received a gift from Trog
 44186 | Crypt:3  | Identified a +0 battleaxe
 44186 | Crypt:3  | Identified a +0 chain mail
 44188 | Crypt:3  | Identified a +4 scimitar
 44188 | Crypt:3  | Identified a +0 robe
 44189 | Crypt:3  | Identified a cursed +0 hand axe
 44189 | Crypt:3  | Identified a +0 robe
 44190 | Crypt:3  | Identified a +0 glaive
 44191 | Crypt:3  | Identified a +0 scythe of flaming
 44197 | Crypt:3  | Identified a +1 halberd of freezing
 44197 | Crypt:3  | Identified a +0 robe
 44201 | Crypt:3  | Identified a +0 long sword
 44201 | Crypt:3  | Identified a +0 robe
 44221 | Crypt:3  | Identified a +1 great sword of protection
 44221 | Crypt:3  | Identified a +0 chain mail
 44235 | Crypt:3  | Noticed a lich
 44249 | Crypt:3  | Killed a lich
 44373 | Crypt:3  | Found a staircase to the Tomb.
 44411 | Crypt:3  | Identified a +0 dagger
 44411 | Crypt:3  | Identified a +0 robe
 44541 | Crypt:3  | Identified an amulet of the gourmand (You found it on level
                  | 3 of the Crypt)
 44594 | Crypt:3  | Identified a +6 scythe of freezing
 44700 | Crypt:3  | Received a gift from Trog
 44708 | Crypt:3  | Reached XP level 24. HP: 132/139 MP: 29/29
 44727 | Crypt:3  | Noticed a curse skull
 44737 | Crypt:3  | HP: 29/139 [spectral frost giant[a revenant] (9)]
 44741 | Crypt:3  | HP: 7/140 [phantasmal warrior[a curse skull] (10)]
 44742 | Crypt:3  | Killed a curse skull
 44742 | Crypt:3  | HP: 3/140 [revenant] (4)]
 44985 | Crypt:3  | Received a gift from Trog
 44985 | Crypt:3  | Reached skill level 18 in Armour
 45039 | Crypt:3  | Identified a cursed +0 trident
 45039 | Crypt:3  | Identified a +0 plate armour
 45138 | Crypt:3  | Identified a +0 battleaxe of electrocution
 45138 | Crypt:3  | Identified a +0 arbalest
 45138 | Crypt:3  | Identified a +0 chain mail
 45138 | Crypt:3  | Noticed Saint Roka
 45149 | Crypt:3  | Killed Saint Roka
 45150 | Crypt:3  | Identified a +0 hand axe
 45150 | Crypt:3  | Identified a +0 chain mail
 45150 | Crypt:3  | Identified a +0 dagger
 45150 | Crypt:3  | Identified a +0 scale mail
 45152 | Crypt:3  | Identified a +0 falchion
 45164 | Crypt:3  | Identified a +0 dagger
 45164 | Crypt:3  | Identified a +0 robe
 45165 | Crypt:3  | Identified a +0 whip
 45165 | Crypt:3  | Identified a +0 scale mail
 45165 | Crypt:3  | Identified a +0 flail
 45165 | Crypt:3  | Identified a +0 leather armour
 45170 | Crypt:3  | Identified a +0 dagger
 45182 | Crypt:3  | Identified a +0 war axe
 45182 | Crypt:3  | Identified a +0 scale mail
 45187 | Crypt:3  | Identified a +0 short sword
 45187 | Crypt:3  | Identified a +0 leather armour
 45253 | Crypt:3  | Found an ancient bone altar of Kikubaaqudgha.
 45307 | Crypt:3  | Reached skill level 19 in Fighting
 45404 | Crypt:3  | Noticed a lich
 45443 | Crypt:3  | Killed a lich
 45600 | Crypt:3  | Noticed a lich
 45617 | Crypt:3  | Killed a lich
 45718 | Crypt:3  | Received a gift from Trog
 46007 | Vaults:5 | Entered Level 5 of the Vaults
 46007 | Vaults:5 | Identified a +0 great sword
 46007 | Vaults:5 | Identified a +0 plate armour
 46007 | Vaults:5 | Identified a +3 war axe
 46007 | Vaults:5 | Identified a +0 plate armour
 46007 | Vaults:5 | Identified a +0 shield
 46007 | Vaults:5 | Identified a +1 battleaxe of electrocution
 46007 | Vaults:5 | Identified a +0 plate armour
 46007 | Vaults:5 | Identified a +0 long sword
 46007 | Vaults:5 | Identified a +0 plate armour
 46007 | Vaults:5 | Identified a +0 great sword
 46007 | Vaults:5 | Identified a +0 chain mail
 46007 | Vaults:5 | Identified a cursed -3 great sword
 46007 | Vaults:5 | Identified a +0 plate armour
 46007 | Vaults:5 | Identified a +0 great sword
 46007 | Vaults:5 | Identified a +0 chain mail
 46007 | Vaults:5 | Identified a +0 dire flail
 46007 | Vaults:5 | Identified a +0 chain mail
 46007 | Vaults:5 | Identified a +2 vampiric long sword
 46007 | Vaults:5 | Identified a cursed -1 plate armour
 46007 | Vaults:5 | Identified a +1 long sword of slicing
 46007 | Vaults:5 | Identified a +0 plate armour
 46007 | Vaults:5 | Identified a +0 bardiche
 46007 | Vaults:5 | Identified a +0 chain mail
 46007 | Vaults:5 | Identified a +0 great sword
 46007 | Vaults:5 | Identified a +0 chain mail
 46007 | Vaults:5 | Identified a +0 dire flail
 46007 | Vaults:5 | Identified a +0 plate armour
 46007 | Vaults:5 | Identified a +0 glaive
 46007 | Vaults:5 | Identified a cursed +0 plate armour
 46007 | Vaults:5 | Identified a +2 great sword of protection
 46007 | Vaults:5 | Identified a +0 chain mail
 46007 | Vaults:5 | Identified a +2 war axe of electrocution
 46007 | Vaults:5 | Identified a +0 plate armour
 46007 | Vaults:5 | Identified a +0 battleaxe
 46007 | Vaults:5 | Identified a +0 chain mail
 46007 | Vaults:5 | Identified a +0 long sword
 46007 | Vaults:5 | Identified a +0 chain mail
 46007 | Vaults:5 | Identified a +1 glaive
 46007 | Vaults:5 | Identified a +0 plate armour
 46007 | Vaults:5 | Identified a +3 broad axe
 46007 | Vaults:5 | Identified a +0 plate armour
 46007 | Vaults:5 | Identified a +0 long sword
 46007 | Vaults:5 | Identified a +0 plate armour
 46007 | Vaults:5 | Identified a +0 shield
 46007 | Vaults:5 | Identified a +0 battleaxe
 46007 | Vaults:5 | Identified a +0 plate armour
 46007 | Vaults:5 | Identified a cursed -3 war axe
 46007 | Vaults:5 | Identified a +0 plate armour
 46007 | Vaults:5 | Identified a cursed -3 broad axe
 46007 | Vaults:5 | Identified a +0 plate armour
 46007 | Vaults:5 | Identified a cursed -2 long sword
 46007 | Vaults:5 | Identified a +0 long sword
 46007 | Vaults:5 | Identified a +0 chain mail of fire resistance
 46008 | Vaults:5 | Identified a +0 dire flail
 46008 | Vaults:5 | Identified a cursed -1 dire flail
 46013 | Vaults:5 | Identified a +0 scimitar
 46013 | Vaults:5 | Identified a +0 buckler
 46015 | Vaults:5 | Identified a +0 long sword of protection
 46015 | Vaults:5 | Identified a +0 chain mail
 46015 | Vaults:5 | Identified a +2 shield
 46021 | Vaults:5 | Identified a +0 rapier
 46021 | Vaults:5 | Identified a +4 ring mail
 46022 | Vaults:5 | Identified a +0 short sword
 46022 | Vaults:5 | Identified a +0 leather armour
 46022 | Vaults:5 | Identified a +0 buckler
 46023 | Vaults:5 | Identified a +0 short sword
 46025 | Vaults:5 | Identified a cursed -3 short sword
 46027 | Vaults:5 | Identified a +0 arbalest
 46027 | Vaults:5 | Identified the ring of Ukhuywau {+Fly rC+ MR- Str+3 Dex+7}
 46029 | Vaults:5 | Identified a +0 dire flail
 46029 | Vaults:5 | Identified a +0 dire flail
 46029 | Vaults:5 | Identified a +0 war axe
 46029 | Vaults:5 | Identified a +0 plate armour
 46029 | Vaults:5 | Identified a +2 great sword of holy wrath
 46029 | Vaults:5 | Identified a +0 chain mail
 46029 | Vaults:5 | Identified a +0 halberd
 46029 | Vaults:5 | Identified a +0 chain mail
 46030 | Vaults:5 | Identified a +0 arbalest
 46030 | Vaults:5 | Identified a +0 arbalest
 46030 | Vaults:5 | Identified a +0 arbalest
 46030 | Vaults:5 | Identified a +3 long sword of holy wrath
 46030 | Vaults:5 | Identified a +0 chain mail
 46030 | Vaults:5 | Identified a +0 arbalest
 46030 | Vaults:5 | Identified a +0 arbalest
 46030 | Vaults:5 | Identified a +0 arbalest
 46030 | Vaults:5 | Identified a +0 arbalest
 46033 | Vaults:5 | Identified a +0 rapier
 46033 | Vaults:5 | Identified a +0 chain mail
 46033 | Vaults:5 | Noticed a deep elf sorcerer
 46034 | Vaults:5 | Identified +0 shadow dragon scales
 46036 | Vaults:5 | Identified quicksilver dragon scales
 46040 | Vaults:5 | HP: 18/140 [titan/bolt of lightning (28)]
 46040 | Vaults:5 | Identified a +0 arbalest
 46042 | Vaults:5 | Identified a +3 great mace of venom
 46042 | Vaults:5 | Identified a +2 leather armour of fire resistance
 46045 | Vaults:5 | Identified a +2 dire flail of protection
 46047 | Vaults:5 | Killed a deep elf sorcerer
 46048 | Vaults:5 | Identified a +3 great mace of crushing
 46048 | Vaults:5 | Identified a +0 plate armour
 46048 | Vaults:5 | Identified a +0 dire flail
 46048 | Vaults:5 | Identified a +0 ring mail
 46048 | Vaults:5 | Identified a +0 long sword
 46048 | Vaults:5 | Identified a +0 plate armour
 46048 | Vaults:5 | Identified a cursed +0 shield
 46048 | Vaults:5 | HP: 25/141 [ice dragon/blast of cold (4)]
 46050 | Vaults:5 | Identified a +0 dire flail
 46050 | Vaults:5 | Identified a +0 ring mail
 46052 | Vaults:5 | Identified a cursed -2 flail
 46053 | Vaults:5 | HP: 15/141 [yaktaur captain/bolt (10)]
 46078 | Vaults:5 | HP: 35/141 [yaktaur captain/bolt (8)]
 46089 | Vaults:5 | Identified a +0 rapier
 46089 | Vaults:5 | Identified a +0 leather armour
 46089 | Vaults:5 | Noticed a deep elf sorcerer
 46095 | Vaults:5 | Killed a deep elf sorcerer
 46133 | Vaults:5 | Identified a +2 long sword of slicing
 46133 | Vaults:5 | Identified a +1 ring mail of poison resistance
 46133 | Vaults:5 | Identified a +0 buckler
 46221 | Vaults:5 | Identified the ring "Irrok" {rC- MP+9 Slay+5 SInv Stlth-}
 46271 | Vaults:5 | Identified a +0 arbalest
 46348 | Vaults:5 | Got a silver rune of Zot
 46352 | Vaults:5 | Identified the Handbook of Freezing Evil
 46360 | Vaults:5 | Identified the cursed +0 hat "Fojies" {rElec rPois rC+ MR+}
                  | (You found it on level 5 of the Vaults)
 46475 | Vaults:5 | Identified a +0 giant club
 46476 | Vaults:5 | Identified a +0 robe
 46477 | Vaults:5 | Identified a cursed +0 giant spiked club
 46477 | Vaults:5 | Identified a cursed +0 giant club
 46481 | Vaults:5 | Identified a +0 giant club
 46481 | Vaults:5 | Identified a +0 giant club
 46483 | Vaults:5 | Identified a +0 giant club
 46483 | Vaults:5 | Identified a +0 giant club
 46484 | Vaults:5 | Identified a +0 dire flail
 46484 | Vaults:5 | Identified a +0 giant club
 46490 | Vaults:5 | Identified a cursed -3 giant club
 46510 | Vaults:5 | Identified a +0 war axe
 46510 | Vaults:5 | Identified a +0 ring mail
 46533 | Vaults:5 | Identified a +2 broad axe of venom
 46643 | Vaults:5 | Received a gift from Trog
 46645 | Vaults:5 | Identified a +0 flail
 46655 | Vaults:5 | Identified a +0 dagger
 46655 | Vaults:5 | Identified a +0 scale mail
 46704 | Vaults:5 | Identified a +0 dire flail
 46704 | Vaults:5 | Identified a +0 ring mail
 46708 | Vaults:5 | Reached skill level 19 in Armour
 46712 | Vaults:5 | Identified a +2 long sword of venom
 46729 | Vaults:5 | Identified +0 shadow dragon scales
 46739 | Vaults:5 | Identified a +2 demon whip of draining
 46740 | Vaults:5 | Identified a +0 long sword
 46740 | Vaults:5 | Identified a +0 ring mail
 46740 | Vaults:5 | Noticed a deep elf demonologist
 46741 | Vaults:5 | Identified a +0 arbalest
 46743 | Vaults:5 | Killed a deep elf demonologist
 46746 | Vaults:5 | Reached skill level 20 in Fighting
 46748 | Vaults:5 | Identified a +1 war axe of chopping
 46748 | Vaults:5 | Identified a +0 plate armour
 46748 | Vaults:5 | Identified a +0 shield
 46757 | Vaults:5 | Identified a +0 dire flail
 46757 | Vaults:5 | Identified a +0 dire flail
 46761 | Vaults:5 | Identified a +0 rapier
 46761 | Vaults:5 | Identified a +0 leather armour
 46779 | Vaults:5 | Identified a +0 dire flail
 46779 | Vaults:5 | Identified a +0 dire flail
 46785 | Vaults:5 | Identified a +0 arbalest
 46786 | Vaults:5 | Reached XP level 25. HP: 119/147 MP: 29/29
 46789 | Vaults:5 | Identified a +4 antimagic war axe
 46789 | Vaults:5 | Identified a +0 chain mail
 46789 | Vaults:5 | Identified a cursed +0 shield
 46793 | Vaults:5 | Received a gift from Trog
 46827 | Vaults:5 | Found the +3 giant club "Skullcrusher" {speed, Str+7}
 46848 | Vaults:5 | Identified a +0 arbalest
 46853 | Vaults:5 | Identified a +0 arbalest
 46856 | Vaults:5 | Identified a +0 arbalest
 46894 | Vaults:5 | Identified a +0 rapier
 46943 | Vaults:5 | Identified a +1 great sword of flaming
 46990 | Vaults:5 | Identified a +3 great mace
 46990 | Vaults:5 | Identified a +0 plate armour
 47013 | Vaults:5 | Identified a +0 morningstar
 47013 | Vaults:5 | Identified a +0 scale mail
 47019 | Vaults:5 | Identified a +4 battleaxe of electrocution
 47019 | Vaults:5 | Identified a +3 scale mail of cold resistance
 47122 | Vaults:5 | Identified a +0 rapier
 47137 | Vaults:5 | Identified a +5 long sword of draining
 47137 | Vaults:5 | Identified a +0 plate armour
 47180 | Vaults:5 | Identified a +2 great sword of flaming
 47200 | Vaults:5 | Identified +0 shadow dragon scales
 47202 | Vaults:5 | Identified a +0 falchion
 47202 | Vaults:5 | Identified the +6 acid dragon scales "Ezaur" {rF+ Regen+
                  | rCorr Int-5 Stlth+}
 47219 | Vaults:5 | Identified a +0 war axe
 47219 | Vaults:5 | Identified a +0 scale mail
 47219 | Vaults:5 | Identified a +0 buckler of protection
 47221 | Vaults:5 | Identified a +0 short sword
 47221 | Vaults:5 | Identified a +0 shortbow
 47221 | Vaults:5 | Identified a +0 leather armour
 47223 | Vaults:5 | Identified a +3 war axe
 47223 | Vaults:5 | Identified a +0 ring mail
 47223 | Vaults:5 | Identified a cursed +0 buckler
 47225 | Vaults:5 | Identified a +2 battleaxe of flaming
 47225 | Vaults:5 | Identified a cursed +0 plate armour
 47230 | Vaults:5 | Identified a +1 great sword of flaming
 47231 | Vaults:5 | HP: 37/148 [tengu reaver/+3 war axe (1)]
 47233 | Vaults:5 | Identified a +0 falchion
 47233 | Vaults:5 | Identified a +0 ring mail
 47233 | Vaults:5 | Identified a +0 double sword
 47233 | Vaults:5 | Identified a +0 hunting sling
 47234 | Vaults:5 | Identified a +0 battleaxe
 47234 | Vaults:5 | Identified a +0 scale mail
 47235 | Vaults:5 | HP: 17/148 [quicksilver dragon/bolt of dispelling energy
                  | (25)]
 47240 | Vaults:5 | Noticed a lich
 47254 | Vaults:5 | Identified +0 gold dragon scales
 47262 | Vaults:5 | Identified a +0 long sword
 47407 | Vaults:5 | Identified a +2 trident of venom
 47501 | Vaults:5 | Identified a +0 dire flail
 47501 | Vaults:5 | Identified a +0 dire flail
 47660 | Vaults:5 | Identified a +0 arbalest
 47667 | Vaults:5 | Identified the ring of Goczis {MR+ EV+3}
 47675 | Vaults:5 | Identified a +0 battleaxe of freezing
 47696 | Vaults:5 | Identified a +0 battleaxe of freezing
 47873 | Vaults:5 | Identified +0 storm dragon scales
 47944 | Vaults:5 | Received a gift from Trog
 48042 | Vaults:5 | Identified an amulet of magic regeneration (You found it on
                  | level 5 of the Vaults)
 48059 | Vaults:5 | Got a flickering crystal amulet
 48060 | Vaults:5 | Identified the amulet of Melee {Gourm rPois Str+2} (You
                  | found it on level 5 of the Vaults)
 48213 | Vaults:5 | Killed a lich
 48225 | Vaults:5 | Identified a +2 dire flail of holy wrath
 48225 | Vaults:5 | Identified a +0 great mace
 48265 | Vaults:5 | Identified a +0 dire flail
 48265 | Vaults:5 | Identified a +0 chain mail
 48271 | Vaults:5 | Identified a +3 war axe of electrocution
 48271 | Vaults:5 | Identified a +2 scale mail of positive energy
 48271 | Vaults:5 | Identified a +2 buckler
 48290 | Vaults:5 | Identified a +0 troll leather armour
 48343 | Vaults:5 | Received a gift from Trog
 48347 | Vaults:5 | Identified a +0 great mace
 48347 | Vaults:5 | Identified a +2 ring mail of poison resistance
 48351 | Vaults:5 | Reached skill level 21 in Fighting
 48495 | Vaults:5 | Identified a +6 hunting sling of freezing
 48495 | Vaults:5 | Noticed an entropy weaver
 48499 | Vaults:5 | Killed an entropy weaver
 48499 | Vaults:5 | Reached skill level 20 in Armour
 48694 | D:14     | Received a gift from Trog
 48752 | Depths:1 | Entered Level 1 of the Depths
 48764 | Depths:1 | Found a gateway to a ziggurat.
 48767 | Depths:1 | Paralysed by a floating eye for 2 turns
 48772 | Depths:1 | Paralysed by a floating eye for 3 turns
 48779 | Depths:1 | Paralysed by a floating eye for 2 turns
 48783 | Depths:1 | Paralysed by a floating eye for 4 turns
 48792 | Depths:1 | Paralysed by a floating eye for 3 turns
 48798 | Depths:1 | Paralysed by a floating eye for 3 turns
 48805 | Depths:1 | Paralysed by a floating eye for 4 turns
 48818 | Depths:1 | Paralysed by a floating eye for 3 turns
 48828 | Depths:1 | Paralysed by a floating eye for 3 turns
 48836 | Depths:1 | Paralysed by a floating eye for 3 turns
 48840 | Depths:1 | Paralysed by a floating eye for 2 turns
 48843 | Depths:1 | Paralysed by a floating eye for 3 turns
 48851 | Depths:1 | Paralysed by a floating eye for 2 turns
 48857 | Depths:1 | Paralysed by a floating eye for 4 turns
 48865 | Depths:1 | Paralysed by a floating eye for 2 turns
 48871 | Depths:1 | Paralysed by a floating eye for 4 turns
 48882 | Depths:1 | Paralysed by a floating eye for 4 turns
 48892 | Depths:1 | Paralysed by a floating eye for 2 turns
 48899 | Depths:1 | Paralysed by a floating eye for 3 turns
 48906 | Depths:1 | Paralysed by a floating eye for 4 turns
 48918 | Depths:1 | Paralysed by a floating eye for 4 turns
 48925 | Depths:1 | Paralysed by a floating eye for 3 turns
 48930 | Depths:1 | Paralysed by a floating eye for 4 turns
 48936 | Depths:1 | Paralysed by a floating eye for 3 turns
 48963 | Depths:1 | Paralysed by a floating eye for 3 turns
 48970 | Depths:1 | Paralysed by a floating eye for 3 turns
 48980 | Depths:1 | Paralysed by a floating eye for 2 turns
 48987 | Depths:1 | Paralysed by a floating eye for 3 turns
 48993 | Depths:1 | Paralysed by a floating eye for 2 turns
 48997 | Depths:1 | Paralysed by a floating eye for 2 turns
 49001 | Depths:1 | Paralysed by a floating eye for 2 turns
 49008 | Depths:1 | Paralysed by a floating eye for 4 turns
 49015 | Depths:1 | Paralysed by a floating eye for 3 turns
 49020 | Depths:1 | Paralysed by a floating eye for 4 turns
 49230 | Depths:1 | Got a faintly glowing cloak
 49249 | Depths:1 | Identified the +0 cloak of a ziggurat {rC+ Regen+ MP-9
                  | Str+8} (You acquired it on level 1 of the Depths)
 49312 | Depths:1 | Identified a +0 war axe
 49312 | Depths:1 | Identified a +0 ring mail
 49312 | Depths:1 | Identified a +0 buckler of protection
 49317 | Depths:1 | Received a gift from Trog
 49339 | Depths:1 | Identified a +0 flail
 49339 | Depths:1 | Identified a +0 robe
 49339 | Depths:1 | Identified a +0 giant spiked club
 49339 | Depths:1 | Identified a +0 giant club
 49339 | Depths:1 | Identified a +0 giant club
 49339 | Depths:1 | Identified a +0 giant spiked club
 49339 | Depths:1 | Identified a +0 giant club
 49339 | Depths:1 | Identified a +0 giant spiked club
 49339 | Depths:1 | Identified a +0 giant club
 49339 | Depths:1 | Identified a +2 great sword
 49339 | Depths:1 | Identified a +0 chain mail
 49339 | Depths:1 | Identified a +0 giant club
 49339 | Depths:1 | Identified a cursed -3 giant club
 49339 | Depths:1 | Identified a +0 giant spiked club
 49396 | Depths:1 | Identified a +0 dire flail of pain
 49396 | Depths:1 | Identified a +0 dire flail
 49396 | Depths:1 | Identified a +4 demon trident
 49396 | Depths:1 | Identified a +0 chain mail
 49396 | Depths:1 | Identified a +1 scimitar
 49396 | Depths:1 | Identified a +0 chain mail
 49406 | Depths:1 | Identified a +3 demon blade of flaming
 49406 | Depths:1 | Identified a cursed +0 plate armour
 49420 | Depths:1 | Identified a +3 halberd of flaming
 49420 | Depths:1 | Identified a +0 plate armour
 49455 | Depths:1 | Identified a +0 trident
 49464 | Depths:1 | Identified a +0 long sword
 49464 | Depths:1 | Identified a +0 robe
 49468 | Depths:1 | Identified a +0 dagger
 49468 | Depths:1 | Identified a +0 robe
 49468 | Depths:1 | Identified a +3 halberd of distortion
 49472 | Depths:1 | Identified a +0 shortbow of flaming
 49499 | Depths:1 | Identified a +0 dagger
 49499 | Depths:1 | Identified a +0 robe
 49509 | Depths:1 | Identified a +0 trident
 49510 | Depths:1 | Identified a +0 quarterstaff
 49510 | Depths:1 | Identified a +0 robe
 49552 | Depths:1 | Identified a +3 trident
 49552 | Depths:1 | Identified a +0 robe
 49557 | Depths:1 | Identified a +0 dire flail of protection
 49557 | Depths:1 | Identified a +3 great mace
 49558 | Depths:1 | Identified a +0 dire flail of protection
 49558 | Depths:1 | Identified a +3 great mace
 49559 | Depths:1 | Identified a +0 dire flail of protection
 49559 | Depths:1 | Identified a +3 great mace
 49608 | Depths:1 | Identified +0 ice dragon scales
 49639 | Depths:1 | Found Yfeo's Gadget Boutique.
 49645 | Depths:1 | Found Poxtys's Jewellery Emporium.
 49645 | Depths:1 | Identified a +0 great sword
 49645 | Depths:1 | Identified a +0 chain mail
 49648 | Depths:1 | Found Wecaenegh's Gadget Boutique.
 49673 | Depths:1 | Bought a wand of clouds (5) for 459 gold pieces
 49753 | Depths:1 | Identified a cursed +0 club
 49753 | Depths:1 | Identified a +0 robe
 49753 | Depths:1 | Identified a +0 giant club
 49753 | Depths:1 | Identified a +0 giant club
 49753 | Depths:1 | Identified a +0 giant spiked club
 49753 | Depths:1 | Identified a +0 giant spiked club
 49753 | Depths:1 | Identified a +0 giant club
 49753 | Depths:1 | Identified a +0 giant club
 49753 | Depths:1 | Identified a +0 giant club
 49755 | Depths:1 | Identified a +0 giant club
 49758 | Depths:1 | Reached XP level 26. HP: 155/155 MP: 29/29
 49758 | Depths:1 | Identified a +0 giant club
 49758 | Depths:1 | Identified a +0 giant spiked club
 49775 | Depths:1 | Received a gift from Trog
 49776 | Depths:1 | Got a scorched battleaxe {god gift}
 49777 | Depths:1 | Identified the +5 battleaxe "Plog" {vamp, +Rage rC+ Stlth+}
                  | (Trog gifted it to you on level 1 of the Depths)
 50000 | Depths:1 | Identified a cursed +0 dagger
 50000 | Depths:1 | Identified a +0 robe
 50030 | Depths:1 | Identified a +1 demon whip of flaming
 50055 | Depths:1 | Found a gateway to Hell.
 50288 | Depths:2 | Identified a +0 dagger
 50288 | Depths:2 | Identified a +0 robe
 50403 | Depths:2 | Identified a +0 arbalest
 50423 | Depths:2 | Identified a +0 giant club
 50423 | Depths:2 | Identified a +0 giant club
 50423 | Depths:2 | Identified a +0 giant spiked club
 50423 | Depths:2 | Identified a +0 giant club
 50423 | Depths:2 | Identified a +0 giant club
 50424 | Depths:2 | Identified a +0 giant spiked club
 50424 | Depths:2 | Identified a +0 spear
 50424 | Depths:2 | Identified a +2 robe of magic resistance
 50425 | Depths:2 | Identified a +0 giant club
 50425 | Depths:2 | Identified a +0 giant spiked club
 50429 | Depths:2 | Identified a +0 giant spiked club
 50429 | Depths:2 | Identified a +0 giant club
 50431 | Depths:2 | Identified a +0 giant club
 50432 | Depths:2 | Received a gift from Trog
 50441 | Depths:2 | Found a flickering gateway to a bazaar.
 50446 | Bazaar   | Entered a bazaar
 50485 | Bazaar   | Found Ucunn's Gadget Shoppe.
 50490 | Bazaar   | Bought a wand of clouds (5) for 324 gold pieces
 50533 | Bazaar   | Found Qarpho's Magic Scroll Shoppe.
 50626 | Bazaar   | Found Bomoh's Gadget Boutique.
 50657 | Bazaar   | Found Luysh's Magic Scroll Shoppe.
 50823 | Depths:2 | Identified a +0 dagger
 50823 | Depths:2 | Identified a +0 robe
 50826 | Depths:2 | Identified a +1 great sword of flaming
 50826 | Depths:2 | Identified a +0 dire flail
 50826 | Depths:2 | Identified a +0 dire flail
 50832 | Depths:2 | Identified a +0 arbalest
 50834 | Depths:2 | Identified a +0 arbalest
 50835 | Depths:2 | Identified a +0 arbalest
 50836 | Depths:2 | Identified a cursed -1 robe
 50838 | Depths:2 | Identified a +1 robe of fire resistance
 50841 | Depths:2 | Identified a +0 shortbow
 50852 | Depths:2 | Identified a +0 trident
 50852 | Depths:2 | Identified a +0 robe
 50863 | Depths:2 | Identified +0 fire dragon scales
 50864 | Depths:2 | Identified a +0 arbalest
 50867 | Depths:2 | Identified a +0 great sword of flaming
 50874 | Depths:2 | Identified a +0 whip
 50874 | Depths:2 | Identified a +0 robe
 50874 | Depths:2 | Identified a +3 arbalest
 50877 | Depths:2 | Identified a +0 troll leather armour
 50878 | Depths:2 | Identified a +0 great mace
 50878 | Depths:2 | Identified a +0 dire flail
 50878 | Depths:2 | Identified a +2 great sword of flaming
 50878 | Depths:2 | Identified the ring "Ydutzin" {+Fly SInv}
 50889 | Depths:2 | Identified +0 fire dragon scales
 50914 | Depths:2 | Identified a +0 whip
 50914 | Depths:2 | Identified a +2 robe of positive energy
 51006 | Depths:2 | Identified a +0 long sword
 51006 | Depths:2 | Identified a +0 arbalest
 51006 | Depths:2 | Identified a +0 ring mail
 51027 | Depths:2 | Got a clouded bronze amulet
 51029 | Depths:2 | Identified the amulet of Busil {Inacc Int+3} (You found it
                  | on level 2 of the Depths)
 51052 | Depths:2 | Got a twitching lead ring
 51071 | Depths:2 | Identified a +3 war axe of chopping
 51071 | Depths:2 | Identified a +0 ring mail
 51071 | Depths:2 | Identified a +2 buckler of reflection
 51071 | Depths:2 | Identified the ring "Ykeil" {rPois EV+2}
 51283 | Depths:2 | Identified a +0 long sword
 51283 | Depths:2 | Identified a +0 robe
 51436 | Depths:2 | Identified a +0 demon trident
 51436 | Depths:2 | Identified a +0 ring mail
 51449 | Depths:2 | Identified a +0 demon blade of electrocution
 51449 | Depths:2 | Identified a +0 chain mail
 51468 | Depths:2 | Identified a +0 antimagic demon blade
 51468 | Depths:2 | Identified a +0 chain mail
 51478 | Depths:2 | Found a one-way gate leading to the halls of Pandemonium.
 51508 | Depths:2 | Identified a +1 great sword of draining
 51508 | Depths:2 | Identified a +0 chain mail
 51510 | Depths:2 | Identified a +0 battleaxe
 51510 | Depths:2 | Identified a +0 plate armour
 51511 | Depths:2 | Received a gift from Trog
 51512 | Depths:2 | Identified a +3 morningstar of holy wrath
 51512 | Depths:2 | Identified a +0 chain mail
 51512 | Depths:2 | Identified a +0 shield
 51512 | Depths:2 | Noticed Asterion
 51514 | Depths:2 | Identified a +2 great sword
 51514 | Depths:2 | Identified a +2 cloak
 51527 | Depths:2 | Killed Asterion
 51636 | Depths:2 | Identified a +3 long sword
 51802 | Depths:2 | Identified a +0 shortbow
 51804 | Depths:2 | Identified a +0 shortbow
 51807 | Depths:2 | Identified a +0 shortbow of flaming
 51811 | Depths:2 | Identified the ring "Josomuof" {rElec rN+ MR+ Str+2 SInv}
                  | (You found it on level 2 of the Depths)
 51814 | Depths:2 | Identified a +0 shortbow
 51836 | Depths:2 | Identified a +0 war axe
 51836 | Depths:2 | Identified a +0 animal skin
 51851 | Depths:2 | Identified a +0 shortbow
 51869 | Depths:2 | Identified a +0 shortbow
 52051 | Depths:3 | Got a smoking plate armour
 52057 | Depths:3 | Identified a +1 great sword of flaming
 52073 | Depths:3 | Identified a +0 dire flail
 52073 | Depths:3 | Identified a +0 giant spiked club
 52075 | Depths:3 | Identified a +0 giant club
 52075 | Depths:3 | Identified a +0 giant spiked club
 52077 | Depths:3 | Found Awkoheq's Jewellery Boutique.
 52078 | Depths:3 | Reached skill level 21 in Bows
 52082 | Depths:3 | Identified a +0 halberd
 52082 | Depths:3 | Identified a +0 robe
 52083 | Depths:3 | Identified a +0 arbalest
 52084 | Depths:3 | Identified a +0 robe
 52086 | Depths:3 | Identified a +0 giant club
 52086 | Depths:3 | Identified a +0 giant club
 52090 | Depths:3 | Identified a +0 giant club
 52106 | Depths:3 | Received a gift from Trog
 52107 | Depths:3 | Identified +0 fire dragon scales
 52116 | Depths:3 | Identified a +0 troll leather armour
 52118 | Depths:3 | Identified a +0 troll leather armour
 52225 | Depths:3 | Found a one-way gate to the infinite horrors of the Abyss.
 52354 | Depths:3 | Identified a +0 giant club
 52354 | Depths:3 | Identified a +0 giant club
 52354 | Depths:3 | Identified a +0 giant spiked club
 52354 | Depths:3 | Identified a +0 giant club
 52354 | Depths:3 | Identified a +0 giant spiked club
 52354 | Depths:3 | Identified a +0 dire flail of protection
 52354 | Depths:3 | Identified a +0 long sword
 52354 | Depths:3 | Identified a +0 plate armour
 52354 | Depths:3 | Identified a +0 giant club
 52354 | Depths:3 | Identified a +0 giant club
 52355 | Depths:3 | Identified a +0 giant club
 52357 | Depths:3 | Identified a +1 dire flail of protection
 52357 | Depths:3 | Identified a +0 giant club
 52361 | Depths:3 | Identified a +5 glaive of protection
 52361 | Depths:3 | Identified a +0 robe
 52364 | Depths:3 | Identified a +0 spear
 52364 | Depths:3 | Identified a cursed +0 robe
 52373 | Depths:3 | Identified a +1 battleaxe of freezing
 52373 | Depths:3 | Identified a +3 long sword
 52373 | Depths:3 | Identified a +0 chain mail
 52403 | Depths:3 | Identified +0 gold dragon scales
 52470 | Depths:3 | Identified a +1 trident of piercing
 52470 | Depths:3 | Identified a +0 robe
 52500 | Depths:3 | Identified a +1 great sword of flaming
 52520 | Depths:3 | Identified a +0 great sword of flaming
 52520 | Depths:3 | Identified a +0 quarterstaff
 52520 | Depths:3 | Noticed Bai Suzhen
 52530 | Depths:3 | Killed Bai Suzhen
 52558 | Depths:3 | Identified the +1 plate armour of the Vanishing Stories
                  | {SInv} (You found it on level 3 of the Depths)
 52819 | Depths:3 | Identified a +0 battleaxe
 52819 | Depths:3 | Identified a +0 shortbow
 52819 | Depths:3 | Identified a +2 ring of strength
 52821 | Depths:3 | Identified a +0 dire flail
 52821 | Depths:3 | Identified a +0 dire flail
 52825 | Depths:3 | Identified a +0 arbalest
 52827 | Depths:3 | Identified a cursed -3 arbalest
 52827 | Depths:3 | Identified a +0 arbalest
 52828 | Depths:3 | Reached XP level 27. HP: 161/161 MP: 29/29
 53292 | Depths:5 | Entered Level 5 of the Depths
 53317 | Depths:5 | Identified a +2 antimagic war axe
 53317 | Depths:5 | Identified a +0 animal skin
 53321 | Depths:5 | Received a gift from Trog
 53388 | Depths:5 | Identified a +0 arbalest
 53412 | Depths:5 | Identified a +1 trident of protection
 53412 | Depths:5 | Identified a +10 plate armour of ponderousness
 53412 | Depths:5 | Identified a +0 large shield
 53412 | Depths:5 | Noticed Louise
 53429 | Depths:5 | Killed Louise
 53490 | Depths:5 | Identified a +0 dire flail
 53490 | Depths:5 | Identified a +0 dire flail
 53509 | Depths:5 | Identified a +1 antimagic quarterstaff
 53509 | Depths:5 | Identified a +0 animal skin
 53510 | Depths:5 | Identified a +0 quarterstaff
 53510 | Depths:5 | Identified a +0 animal skin
 53513 | Depths:5 | Reached skill level 22 in Fighting
 53517 | Depths:5 | Identified a +4 lajatang of speed
 53517 | Depths:5 | Identified a +0 robe
 53521 | Depths:5 | Identified a +2 battleaxe of freezing
 53522 | Depths:5 | Identified a +3 demon whip of venom
 53522 | Depths:5 | Identified a +0 robe
 53522 | Depths:5 | Identified a +0 buckler
 53528 | Depths:5 | Identified a +3 great mace
 53528 | Depths:5 | Identified a +0 dire flail
 53588 | Depths:5 | Identified a +0 troll leather armour
 53592 | Depths:5 | Found a magical portal.
 53602 | Depths:5 | Identified a +0 dire flail
 53602 | Depths:5 | Identified a +0 great mace
 53606 | Depths:5 | Identified a +0 troll leather armour
 53608 | Depths:5 | Identified a +0 troll leather armour
 53627 | WizLab   | Identified a +0 leather armour
 53638 | WizLab   | Identified a +0 falchion
 53638 | WizLab   | Identified a +0 leather armour
 53670 | WizLab   | Received a gift from Trog
 53736 | WizLab   | Received a gift from Trog
 53762 | WizLab   | Reached skill level 21 in Armour
 53839 | WizLab   | Identified a +0 club
 54119 | WizLab   | Received a gift from Trog
 54239 | WizLab   | Paralysed by a floating eye for 2 turns
 54246 | WizLab   | Paralysed by a floating eye for 4 turns
 54256 | WizLab   | Paralysed by a floating eye for 2 turns
 54302 | WizLab   | Reached skill level 22 in Bows
 54323 | WizLab   | Identified the Collected Works on Moulding
 54330 | WizLab   | Identified Cigotuvi's Volume of Twisted Changing
 54356 | WizLab   | Received a gift from Trog
 54378 | WizLab   | Found the -2 hat of the Alchemist {rElec rPois rF+ rC+ rN+
                  | MR+ rMut rCorr}
 54535 | Depths:5 | Identified a +0 halberd
 54535 | Depths:5 | Identified a +0 trident
 54543 | Depths:5 | Identified a +0 troll leather armour
 54589 | Depths:5 | Identified a +0 arbalest
 54604 | Depths:5 | Identified a +2 glaive of freezing
 54604 | Depths:5 | Identified a +1 war axe
 54604 | Depths:5 | Identified a +0 cloak
 54604 | Depths:5 | Identified a +0 large shield
 54604 | Depths:5 | Identified a +0 arbalest
 54636 | Depths:5 | Found a gate to the Realm of Zot.
 54797 | Depths:5 | Identified a +0 mace of holy wrath
 54797 | Depths:5 | Identified a +2 long sword of slicing
 54797 | Depths:5 | Identified a +0 cloak
 54797 | Depths:5 | Identified a +0 flail
 54895 | Depths:5 | Identified a +0 troll leather armour
 54910 | Depths:5 | Identified a +0 troll leather armour
 54983 | Depths:5 | Identified a +0 arbalest
 55127 | Depths:5 | Identified a +0 long sword
 55127 | Depths:5 | Identified a +0 cloak
 55153 | Depths:5 | Identified a +0 hand axe
 55153 | Depths:5 | Identified a +0 animal skin
 55161 | Depths:5 | Identified a +0 war axe
 55359 | Hell     | Entered the Vestibule of Hell
 55359 | Hell     | Identified a +0 scimitar
 55359 | Hell     | Noticed Geryon
 55361 | Hell     | Noticed Murray
 55363 | Hell     | Identified a +0 glaive
 55366 | Hell     | Killed Geryon
 55366 | Hell     | Identified a cursed -3 battleaxe
 55369 | Hell     | Identified a cursed -2 dire flail
 55377 | Hell     | Identified a +2 scythe of venom
 55378 | Hell     | Identified a +3 glaive
 55378 | Hell     | Identified a +0 scythe of venom
 55379 | Hell     | Identified a +0 glaive
 55379 | Hell     | Identified a +0 scimitar
 55381 | Hell     | Identified a +0 flail
 55382 | Hell     | Identified a +0 long sword
 55383 | Hell     | Identified a +0 scimitar
 55392 | Hell     | Killed Murray
 55396 | Hell     | Identified a +4 scythe of venom
 55421 | Hell     | Received a gift from Trog
 55421 | Hell     | Identified a +0 short sword
 55427 | Hell     | HP: 39/163 [skeletal warrior/+3 glaive[a skeletal warrior]
                  | (8)]
 55427 | Hell     | Identified a +0 scimitar
 55432 | Depths:5 | HP: 40/163 [poisoned by a reaper]
 55568 | Hell     | Identified a +0 trident
 55577 | Hell     | Identified a +1 long sword of distortion
 55577 | Hell     | Identified a +0 chain mail
 55578 | Hell     | Identified a +2 scimitar of draining
 55578 | Hell     | Identified a +0 plate armour
 55578 | Hell     | Identified a +0 demon trident of draining
 55578 | Hell     | Identified a +0 plate armour
 55579 | Hell     | Identified a +0 dagger
 55579 | Hell     | Identified a +0 robe
 55579 | Hell     | Identified a +4 demon blade
 55579 | Hell     | Identified a +0 chain mail
 55585 | Hell     | Identified a +2 long sword of slicing
 55585 | Hell     | Identified a +0 chain mail
 55686 | Hell     | Identified a +0 mace
 55734 | Hell     | Identified a +2 demon whip of electrocution
 55769 | Hell     | Found a gateway to the ashen valley of Gehenna.
 55817 | Hell     | Identified a +0 hand axe
 55861 | Hell     | Identified a +0 trident
 55861 | Hell     | Identified a +0 great sword of draining
 55861 | Hell     | Identified a +0 chain mail
 55863 | Hell     | Identified a +0 great mace
 55863 | Hell     | Identified a +2 plate armour of fire resistance
 55863 | Hell     | Identified a +0 war axe
 55871 | Hell     | Noticed a lich
 55875 | Hell     | Killed a lich
 55876 | Hell     | Identified a +2 scythe of venom
 55886 | Hell     | Found a gateway to the decaying netherworld of Tartarus.
 56004 | Hell     | Identified a +0 trident
 56016 | Hell     | Found a gateway to the freezing wastes of Cocytus.
 56032 | Hell     | Received a gift from Trog
 56185 | Hell     | Identified a +0 troll leather armour
 56194 | Hell     | Found a gateway to the Iron City of Dis.
 56661 | Slime:1  | Entered Level 1 of the Pits of Slime
 56932 | Slime:1  | Reached skill level 23 in Bows
 57623 | Slime:2  | Received a gift from Trog
 57805 | Slime:3  | Received a gift from Trog
 57833 | Slime:3  | Found a viscous altar of Jiyva.
 58258 | Slime:4  | Received a gift from Trog
 58727 | Slime:5  | Entered Level 5 of the Pits of Slime
 58926 | Slime:5  | Lost mutation: You are somewhat resistant to further
                  | mutation. [a shining eye]
 59066 | Slime:5  | Identified a +2 demon trident of venom
 59066 | Slime:5  | Identified a +3 plate armour of fire resistance
 59066 | Slime:5  | Identified a +0 shield
 59066 | Slime:5  | Noticed Donald
 59072 | Slime:5  | Killed Donald
 59075 | Slime:5  | Reached skill level 9 in Dodging
 59197 | Slime:5  | Found a viscous altar of Jiyva.
 59198 | Slime:5  | Noticed the Royal Jelly
 59209 | Slime:5  | Killed the Royal Jelly
 59386 | Slime:5  | Identified the Collected Works on Flight
 59439 | Slime:5  | Got a slimy rune of Zot
 59521 | Slime:2  | Received a gift from Trog
 59878 | Depths:3 | Voluntarily entered the Abyss.
 59883 | Abyss:1  | Found a transporter.
 59884 | Abyss:1  | Found a corrupted altar of Lugonu.
 59990 | Abyss:1  | Reached skill level 24 in Bows
 60040 | Abyss:2  | Found a corrupted altar of Lugonu.
 60097 | Abyss:2  | Noticed a lich
 60098 | Abyss:2  | Noticed a Tzitzimitl
 60108 | Abyss:2  | Killed a lich
 60237 | Abyss:2  | Paralysed by accursed screaming for 1 turns
 60263 | Abyss:2  | Identified a potion of resistance
 60308 | Abyss:4  | Got a pair of ichor-stained boots
 60319 | Abyss:4  | Identified the cursed +0 pair of boots of Gyxt {rElec rPois
                  | rC- Int+4} (You found it on level 4 of the Abyss)
 60418 | Abyss:4  | Found a corrupted altar of Lugonu.
 60418 | Abyss:4  | Identified a +0 rapier
 60418 | Abyss:4  | Identified a +0 quick blade
 60418 | Abyss:4  | Identified a +0 rapier
 60418 | Abyss:4  | Identified a +0 short sword
 60418 | Abyss:4  | Identified a +0 rapier
 60418 | Abyss:4  | Identified a +0 rapier
 60418 | Abyss:4  | Identified a +0 short sword
 60418 | Abyss:4  | Identified a cursed -1 rapier
 60567 | Abyss:4  | Reached skill level 10 in Dodging
 60659 | Abyss:4  | Paralysed by accursed screaming for 1 turns
 60662 | Abyss:4  | Received a gift from Trog
 60718 | Abyss:4  | Received a gift from Trog
 60762 | Abyss:4  | Identified a +5 scimitar of flaming
 60762 | Abyss:4  | Identified a +0 plate armour
 60762 | Abyss:4  | Identified a +2 scimitar of flaming
 60840 | Abyss:4  | Identified a +0 flail
 60850 | Abyss:4  | Paralysed by accursed screaming for 1 turns
 61079 | Abyss:4  | Identified a +2 demon whip of electrocution
 61146 | Abyss:4  | Received a gift from Trog
 61238 | Abyss:4  | Reached skill level 11 in Dodging
 61241 | Abyss:4  | Paralysed by accursed screaming for 2 turns
 61258 | Abyss:4  | Paralysed by accursed screaming for 1 turns
 61279 | Abyss:4  | Got an abyssal rune of Zot
 61310 | Abyss:4  | Paralysed by accursed screaming for 1 turns
 61347 | Abyss:4  | Identified a +0 long sword
 61347 | Abyss:4  | Identified an uncursed ring of see invisible
 61356 | Abyss:4  | Reached skill level 25 in Bows
 61425 | Abyss:4  | Identified a +1 whip
 61493 | Abyss:4  | Identified a +0 short sword
 61493 | Abyss:4  | Identified a +2 shortbow of freezing
 61493 | Abyss:4  | Identified a +0 leather armour
 61494 | Abyss:4  | Identified a +0 dagger
 61494 | Abyss:4  | Identified a -3 shortbow
 61494 | Abyss:4  | Identified a +0 leather armour
 61494 | Abyss:4  | Identified a +2 long sword of holy wrath
 61494 | Abyss:4  | Identified a +0 buckler
 61495 | Abyss:4  | Identified a +2 dagger of venom
 61495 | Abyss:4  | Identified a -1 shortbow
 61495 | Abyss:4  | Identified a +0 leather armour
 61571 | Abyss:4  | Received a gift from Trog
 61580 | Abyss:4  | Identified a +0 spear
 61581 | Abyss:4  | Identified a cursed -3 spear
 61711 | Abyss:4  | Found a stormy altar of Qazlal.
 61755 | Abyss:4  | Identified +0 shadow dragon scales
 61761 | Depths:3 | Escaped the Abyss
 61818 | Geh:1    | Entered Level 1 of Gehenna
 61838 | Geh:1    | Identified a +0 trident
 61844 | Geh:1    | Identified a +0 long sword
 61844 | Geh:1    | Identified a +0 robe
 61846 | Geh:1    | Identified a +2 scythe of venom
 61861 | Geh:1    | Identified a +0 short sword
 61861 | Geh:1    | Identified a +0 robe
 61864 | Geh:1    | Identified a cursed +0 spear
 61864 | Geh:1    | Identified a +0 robe
 61885 | Geh:1    | Identified a cursed +5 short sword
 61885 | Geh:1    | Identified a +0 robe
 61886 | Geh:1    | Received a gift from Trog
 61902 | Geh:1    | Identified a +0 trident
 61905 | Geh:2    | Identified a +1 scythe of protection
 61905 | Geh:2    | Identified a +0 hand axe
 61905 | Geh:2    | Identified a +0 robe
 61905 | Geh:2    | Identified a +0 trident
 61905 | Geh:2    | Identified a +0 robe
 61905 | Geh:2    | Identified a +3 dire flail of freezing
 61905 | Geh:2    | Identified a +0 robe
 61905 | Geh:2    | Identified a +4 dagger
 61905 | Geh:2    | Identified a +0 robe
 61905 | Geh:2    | Identified a +2 battleaxe
 61905 | Geh:2    | Identified a +0 plate armour
 61905 | Geh:2    | Identified a +0 war axe of distortion
 61905 | Geh:2    | Identified a +0 plate armour
 61905 | Geh:2    | Identified a +1 halberd
 61905 | Geh:2    | Identified a +0 chain mail
 61905 | Geh:2    | Identified a +4 demon trident
 61905 | Geh:2    | Identified a +0 plate armour
 61905 | Geh:2    | Identified a +0 dagger
 61905 | Geh:2    | Identified a +0 robe
 61909 | Geh:2    | Identified a +4 spear
 61909 | Geh:2    | Identified a +0 robe
 61909 | Geh:2    | Identified a cursed +4 flail of freezing
 61909 | Geh:2    | Identified a +0 robe
 61909 | Geh:2    | Identified a +2 great sword
 61909 | Geh:2    | Identified a +0 robe
 61909 | Geh:2    | Identified a +2 falchion
 61909 | Geh:2    | Identified a +0 robe
 61910 | Geh:2    | Identified a +3 scimitar of draining
 61910 | Geh:2    | Identified a +0 plate armour
 61913 | Geh:2    | Identified a +0 battleaxe
 61913 | Geh:2    | Identified a +0 chain mail
 61913 | Geh:2    | Identified a +0 dagger
 61913 | Geh:2    | Identified a +0 robe
 61928 | Geh:2    | Identified a +0 great mace of flaming
 61928 | Geh:2    | Identified a +0 plate armour
 61936 | Geh:2    | Identified a +0 great sword
 61936 | Geh:2    | Identified a +0 plate armour
 61936 | Geh:2    | Identified a +3 scimitar of flaming
 61936 | Geh:2    | Identified a +3 great sword
 61936 | Geh:2    | Identified a +0 chain mail
 61944 | Geh:2    | Identified a +2 great mace
 61944 | Geh:2    | Identified a +0 plate armour
 61945 | Geh:2    | Received a gift from Trog
 61947 | Geh:2    | Identified a +2 demon whip
 61947 | Geh:2    | Identified a +0 chain mail
 61949 | Geh:2    | Identified a +2 scimitar of flaming
 61949 | Geh:2    | Identified a +0 chain mail
 61977 | Geh:2    | Identified a +2 demon trident of flaming
 61977 | Geh:2    | Identified a +0 plate armour
 61981 | Geh:2    | Identified a +0 dagger
 61981 | Geh:2    | Identified a +0 robe
 62024 | Geh:3    | Noticed a Brimstone Fiend
 62027 | Geh:3    | Killed a Brimstone Fiend
 62033 | Geh:3    | Identified a +0 demon whip of draining
 62038 | Geh:3    | Identified a +3 scythe of slicing
 62039 | Geh:3    | Identified a +0 trident of flaming
 62040 | Geh:3    | Identified a +0 trident
 62043 | Geh:3    | Identified a +2 trident of protection
 62057 | Geh:3    | Identified a +3 halberd
 62057 | Geh:3    | Identified a +0 plate armour
 62060 | Geh:3    | Reached skill level 12 in Dodging
 62063 | Geh:3    | Identified a +0 dagger
 62063 | Geh:3    | Identified a +0 robe
 62063 | Geh:3    | Identified a +0 dagger
 62063 | Geh:3    | Identified a +0 robe
 62063 | Geh:3    | Identified a +0 spear
 62063 | Geh:3    | Identified a +0 robe
 62064 | Geh:3    | Identified a +3 scimitar
 62064 | Geh:3    | Identified a +1 plate armour of cold resistance
 62066 | Geh:3    | Identified a +1 war axe
 62066 | Geh:3    | Identified a +0 plate armour
 62067 | Geh:3    | Identified a +0 dagger
 62067 | Geh:3    | Identified a +0 robe
 62067 | Geh:3    | Identified a +3 long sword of freezing
 62067 | Geh:3    | Identified a +0 robe
 62076 | Geh:3    | Identified a cursed +3 short sword of freezing
 62076 | Geh:3    | Identified a +0 robe
 62078 | Geh:3    | Identified a cursed +2 spear
 62078 | Geh:3    | Identified a +0 robe
 62081 | Geh:3    | Identified a +1 scythe of flaming
 62081 | Geh:3    | Identified a +0 hand axe
 62081 | Geh:3    | Identified a +0 robe
 62170 | Geh:3    | Identified a +0 trident
 62212 | Geh:3    | Identified a +0 great mace of draining
 62212 | Geh:3    | Identified a +0 plate armour
 62212 | Geh:3    | Identified a +3 demon trident
 62212 | Geh:3    | Identified a +0 plate armour
 62212 | Geh:3    | Identified a +4 demon whip
 62212 | Geh:3    | Identified a +0 plate armour
 62212 | Geh:3    | Identified a +3 battleaxe of draining
 62212 | Geh:3    | Identified a +0 chain mail
 62214 | Geh:3    | Identified a +4 war axe
 62214 | Geh:3    | Identified a +0 plate armour
 62214 | Geh:3    | Identified a +4 demon trident
 62217 | Geh:3    | Identified a +2 battleaxe of chopping
 62217 | Geh:3    | Identified a +0 plate armour
 62217 | Geh:3    | Identified a +5 demon whip of draining
 62217 | Geh:3    | Identified a +0 plate armour
 62220 | Geh:3    | Received a gift from Trog
 62357 | Geh:3    | Identified a +0 dire flail
 62371 | Geh:3    | Identified a +3 demon trident of freezing
 62398 | Geh:3    | Identified a +0 trident
 62411 | Geh:3    | Identified a +2 demon whip of flaming
 62411 | Geh:3    | Identified a +0 trident
 62411 | Geh:3    | Identified a +0 trident
 62441 | Geh:3    | Identified a +1 demon trident of venom
 62500 | Geh:3    | Noticed a Brimstone Fiend
 62505 | Geh:3    | Killed a Brimstone Fiend
 62567 | Geh:4    | Identified a +0 trident
 62591 | Geh:4    | Noticed a Brimstone Fiend
 62594 | Geh:4    | Killed a Brimstone Fiend
 62609 | Geh:4    | Identified a +5 dire flail of freezing
 62609 | Geh:4    | Identified a +0 robe
 62615 | Geh:4    | Identified a +3 short sword of freezing
 62615 | Geh:4    | Identified a +0 robe
 62615 | Geh:4    | Identified a cursed +5 battleaxe
 62615 | Geh:4    | Identified a +0 robe
 62618 | Geh:4    | Identified a +0 morningstar
 62618 | Geh:4    | Identified a +0 robe
 62650 | Geh:5    | Identified a +3 trident
 62650 | Geh:5    | Identified a +0 robe
 62650 | Geh:5    | Identified a cursed +4 halberd of freezing
 62650 | Geh:5    | Identified a +0 robe
 62650 | Geh:5    | Identified a +0 battleaxe
 62650 | Geh:5    | Identified a +0 robe
 62653 | Geh:5    | Identified a +3 demon trident of pain
 62671 | Geh:5    | Reached skill level 26 in Bows
 62678 | Geh:5    | Noticed a Brimstone Fiend
 62682 | Geh:5    | Killed a Brimstone Fiend
 62768 | Geh:5    | Noticed a lich
 62781 | Geh:5    | Killed a lich
 62848 | Geh:5    | Noticed a Brimstone Fiend
 62851 | Geh:5    | Killed a Brimstone Fiend
 62871 | Geh:6    | Identified a +2 demon trident of pain
 62893 | Geh:6    | Received a gift from Trog
 62942 | Geh:7    | Entered Level 7 of Gehenna
 62942 | Geh:7    | Identified a +2 mace of protection
 62969 | Geh:7    | Identified a +1 mace of protection
 62996 | Geh:7    | Identified a +0 mace
 63004 | Geh:7    | Noticed a lich
 63006 | Geh:7    | Identified a +2 morningstar of crushing
 63012 | Geh:7    | Killed a lich
 63017 | Geh:7    | Identified a +0 flail
 63025 | Geh:7    | Identified a +0 trident
 63033 | Geh:7    | Identified a +0 flail
 63040 | Geh:7    | Identified a +1 demon whip of pain
 63060 | Geh:7    | Received a gift from Trog
 63069 | Geh:7    | Identified a +0 scythe of protection
 63081 | Geh:7    | Identified a +0 flail
 63124 | Geh:7    | Identified a cursed +0 halberd
 63124 | Geh:7    | Identified a +0 robe
 63124 | Geh:7    | Identified a cursed +5 flail
 63124 | Geh:7    | Identified a +0 robe
 63124 | Geh:7    | Identified a cursed +2 spear
 63124 | Geh:7    | Identified a +0 robe
 63124 | Geh:7    | Identified a +0 spear
 63124 | Geh:7    | Identified a +0 robe
 63124 | Geh:7    | Identified a cursed +0 spear
 63124 | Geh:7    | Identified a +0 robe
 63132 | Geh:7    | Received a gift from Trog
 63170 | Geh:7    | Identified a +0 mace
 63180 | Geh:7    | Identified a +0 vampiric demon whip
 63187 | Geh:7    | Identified a +0 trident
 63198 | Geh:7    | Received a gift from Trog
 63207 | Geh:7    | Identified a +0 mace
 63259 | Geh:7    | Identified a +2 vampiric scythe
 63262 | Geh:7    | Identified a +4 scythe of freezing
 63302 | Geh:7    | Identified a +0 short sword
 63302 | Geh:7    | Identified a +0 robe
 63302 | Geh:7    | Identified a +0 hand axe
 63302 | Geh:7    | Identified a +0 robe
 63302 | Geh:7    | Identified a cursed +0 battleaxe
 63302 | Geh:7    | Identified a +0 robe
 63302 | Geh:7    | Identified a cursed +0 great sword
 63302 | Geh:7    | Identified a +0 robe
 63350 | Geh:7    | Identified a +1 scythe of freezing
 63365 | Geh:7    | Identified a +0 demon whip of draining
 63394 | Geh:7    | Identified a +1 demon whip of venom
 63402 | Geh:7    | Noticed a Brimstone Fiend
 63402 | Geh:7    | Noticed a Brimstone Fiend
 63405 | Geh:7    | Killed a Brimstone Fiend
 63409 | Geh:7    | Killed a Brimstone Fiend
 63412 | Geh:7    | Identified a +2 demon trident of venom
 63433 | Geh:7    | Identified the +7 sceptre of Asmodeus
 63433 | Geh:7    | Noticed Asmodeus
 63463 | Geh:7    | Killed Asmodeus
 63463 | Geh:7    | Reached skill level 27 in Bows
 63469 | Geh:7    | Got an obsidian rune of Zot
 63489 | Geh:7    | Noticed a Brimstone Fiend
 63493 | Geh:7    | Killed a Brimstone Fiend
 63597 | Geh:7    | Identified a +0 mace
 63666 | Tar:1    | Entered Level 1 of Tartarus
 63706 | Tar:1    | Noticed a Tzitzimitl
 63719 | Tar:1    | Killed a Tzitzimitl
 63739 | Tar:1    | Identified a +1 demon trident of electrocution
 63740 | Tar:1    | Identified a +3 scythe of protection
 63742 | Tar:1    | Identified a +2 scythe of venom
 63960 | Tar:2    | Identified a +3 war axe
 63960 | Tar:2    | Identified a +0 chain mail
 63960 | Tar:2    | Identified a +0 short sword
 63960 | Tar:2    | Identified a +0 short sword
 63971 | Tar:2    | Noticed a Tzitzimitl
 63978 | Tar:2    | Identified a +3 falchion
 63978 | Tar:2    | Identified a +0 robe
 63978 | Tar:2    | Identified a cursed +0 battleaxe
 63978 | Tar:2    | Identified a +0 robe
 63978 | Tar:2    | Identified a +0 scimitar
 63978 | Tar:2    | Identified a +0 robe
 63978 | Tar:2    | Identified a +4 short sword
 63978 | Tar:2    | Identified a +0 robe
 63980 | Tar:2    | HP: 31/163 [vampire knight/+3 war axe (12)]
 63983 | Tar:2    | Killed a Tzitzimitl
 63985 | Tar:2    | Reached skill level 8 in Evocations
 63985 | Tar:2    | HP: 14/163 [bone dragon[a doom hound] (6)]
 64000 | Hell     | HP: 22/163 [vampire knight/vampiric draining (1)]
 64276 | Coc:1    | Entered Level 1 of Cocytus
 64283 | Coc:1    | Received a gift from Trog
 64321 | Coc:1    | Reached skill level 9 in Evocations
 64488 | Coc:1    | Identified a +0 flail
 64492 | Coc:1    | Identified a +0 flail
 64495 | Coc:1    | Identified a +0 flail
 64555 | Coc:1    | Noticed a Brimstone Fiend
 64564 | Coc:1    | Killed a Brimstone Fiend
 64566 | Coc:1    | Reached skill level 23 in Fighting
 64571 | Coc:2    | Identified a +2 battleaxe of chopping
 64571 | Coc:2    | Identified a +0 long sword
 64571 | Coc:2    | Identified a +0 battleaxe
 64571 | Coc:2    | Identified a +0 flail
 64571 | Coc:2    | Identified a +0 long sword
 64576 | Coc:2    | Identified a +0 short sword
 64700 | Coc:2    | Identified a +0 scimitar
 64707 | Coc:2    | Identified a +0 long sword
 64719 | Coc:2    | Identified a cursed -1 war axe
 64739 | Coc:2    | Identified a +0 hand axe
 64781 | Coc:2    | Received a gift from Trog
 64926 | Coc:3    | Reached skill level 10 in Evocations
 64928 | Coc:3    | Identified a +3 vampiric scythe
 64955 | Coc:3    | Identified a cursed -3 halberd
 64955 | Coc:3    | Identified a +1 battleaxe of chopping
 64955 | Coc:3    | Identified a +0 flail
 64955 | Coc:3    | Identified a +0 dire flail
 64955 | Coc:3    | Identified a +1 battleaxe of electrocution
 65069 | Coc:3    | Identified a cursed +4 halberd
 65069 | Coc:3    | Identified a +0 robe
 65070 | Coc:3    | Identified a +3 hand axe of freezing
 65070 | Coc:3    | Identified a +0 robe
 65070 | Coc:3    | Identified a +3 dagger
 65070 | Coc:3    | Identified a +0 robe
 65070 | Coc:3    | Identified a +3 flail
 65070 | Coc:3    | Identified a +0 robe
 65112 | Coc:3    | Identified a +0 dire flail
 65113 | Coc:3    | Identified a +0 battleaxe
 65114 | Coc:3    | Identified a +0 mace
 65116 | Coc:3    | Identified a +0 mace
 65123 | Coc:3    | Identified a +2 great sword
 65123 | Coc:3    | Identified a +0 robe
 65124 | Coc:3    | Identified a +0 short sword
 65125 | Coc:3    | Identified a +3 mace
 65125 | Coc:3    | Identified a +0 robe
 65218 | Coc:4    | Identified a +2 scythe of freezing
 65323 | Coc:4    | --G>
 65347 | Coc:6    | Identified a +0 mace
 65347 | Coc:6    | Identified a +0 halberd
 65347 | Coc:6    | Identified a +0 trident
 65347 | Coc:6    | Identified a +1 scythe of venom
 65367 | Coc:6    | Received a gift from Trog
 65386 | Coc:7    | Entered Level 7 of Cocytus
 65391 | Coc:7    | Dazliare: playing trog in cocytus with a hand axe you
                  | madlad
 65405 | Coc:7    | Noticed the Serpent of Hell
 65408 | Coc:7    | Noticed an Ice Fiend
 65408 | Coc:7    | Noticed an Ice Fiend
 65416 | Coc:7    | Noticed an Ice Fiend
 65423 | Coc:7    | Noticed an Ice Fiend
 65425 | Coc:7    | HP: 35/164 [??? (11)]
 65425 | Coc:7    | Noticed an Ice Fiend
 65426 | Coc:7    | Killed the Serpent of Hell
 65426 | Coc:7    | Reached skill level 22 in Armour
 65427 | Coc:7    | Noticed an Ice Fiend
 65428 | Coc:7    | Noticed Antaeus
 65430 | Coc:7    | HP: 17/164 [??? (6)]
 65431 | Coc:7    | Noticed an Ice Fiend
 65435 | Coc:7    | Noticed an Ice Fiend
 65439 | Coc:7    | HP: 18/164 [??? (9)]
 65445 | Coc:7    | Noticed an Ice Fiend
 65445 | Coc:7    | HP: 29/164 [Ice Fiend/bolt of cold (5)]
 65446 | Coc:7    | Reached skill level 11 in Evocations
 65447 | Coc:7    | Noticed an Ice Fiend
 65447 | Coc:7    | HP: 12/164 [??? (6)]
 65450 | Coc:7    | HP: 2/164 [spiny frog zombie (7)]
 65465 | Coc:7    | HP: 33/164 [ice dragon/blast of cold (6)]
 65473 | Coc:7    | HP: 40/164 [four-headed hydra zombie (7)]
 65475 | Coc:7    | Killed an Ice Fiend
 65482 | Coc:7    | HP: 40/164 [??? (13)]
 65493 | Coc:7    | Killed an Ice Fiend
 65496 | Coc:7    | HP: 33/164 [??? (13)]
 65497 | Coc:7    | HP: 13/164 [Antaeus (18)]
 65497 | Coc:7    | HP: 1/164 [Antaeus (12)]
 65498 | Coc:7    | Killed from afar by an Ice Fiend

Table legend:
 A = Turns spent in this place as a percentage of turns spent in the entire game.
 B = Non-inter-level travel turns spent in this place as a percentage of non-inter-level travel turns spent in the entire game.
 C = Inter-level travel turns spent in this place as a percentage of turns spent in this place.
 D = Turns resting spent in this place as a percentage of non-inter-level travel turns spent in this place.
 E = Turns spent auto-exploring this place as a percentage of non-inter-level travel turns spent in this place.
 F = Non-inter-level travel turns spent in this place divided by the number of levels of this place that you've seen.
                   A       B       C       D       E      F
               +-------+-------+-------+-------+-------+----------------------
         Total | 100.0 | 100.0 |   6.9 |   1.9 |  66.4 | 791.6
       Dungeon |  23.3 |  22.5 |  10.0 |   2.6 |  75.2 | 915.6
          Lair |  10.4 |  10.0 |  11.0 |   1.0 |  79.0 | 1010.8
         Swamp |   6.1 |   6.4 |   3.2 |   2.4 |  70.0 | 968.0
   Spider Nest |   6.3 |   6.3 |   7.7 |   0.8 |  71.6 | 956.0
    Slime Pits |   4.4 |   4.5 |   4.8 |   1.6 |  68.5 | 554.4
  Orcish Mines |   3.1 |   3.0 |  10.0 |   0.8 |  70.3 | 923.5
   Elven Halls |   5.4 |   5.5 |   6.2 |   0.0 |  70.9 | 1107.7
        Vaults |  13.0 |  13.3 |   4.9 |   1.8 |  69.0 | 1622.4
         Crypt |   5.1 |   5.2 |   5.9 |   1.6 |  68.2 | 1057.7
        Depths |   8.8 |   8.7 |   7.3 |   2.0 |  71.4 | 1065.4
          Hell |   1.8 |   1.9 |   1.9 |  20.1 |  38.8 | 1138.0
       Gehenna |   2.7 |   2.7 |   9.3 |   0.9 |  14.2 | 233.1
       Cocytus |   1.9 |   1.9 |   3.3 |   0.0 |  32.3 | 168.9
      Tartarus |   0.5 |   0.5 |   0.0 |   0.0 |  64.1 | 164.5
         Abyss |   2.9 |   3.1 |   0.0 |   0.0 |  10.1 | 470.8
        Bazaar |   0.5 |   0.5 |   0.0 |   0.0 |  90.4 | 335.0
      Ice Cave |   0.8 |   0.8 |   0.0 |   0.0 |  33.3 | 501.0
        Wizlab |   1.3 |   1.5 |   0.0 |   0.0 |  17.1 | 884.0
    Desolation |   1.6 |   1.7 |   0.0 |   0.0 |  67.9 | 1018.0
               +-------+-------+-------+-------+-------+----------------------

Table legend:
 A = Kills in this place as a percentage of kills in entire the game.
 B = Kills by you in this place as a percentage of kills by you in the entire game.
 C = Kills by friends in this place as a percentage of kills by friends in the entire game.
 D = Other kills in this place as a percentage of other kills in the entire game.
 E = Experience gained in this place as a percentage of experience gained in the entire game.
 F = Experience gained in this place divided by the number of levels of this place that you have seen.
                   A       B       C       D       E      F
               +-------+-------+-------+-------+-------+----------------------
         Total | 100.0 | 100.0 | 100.0 | 100.0 | 100.0 | 26180.2
       Dungeon |  11.8 |  11.7 |  19.6 |   0.0 |   3.4 | 4630.0
          Lair |   5.4 |   5.5 |   0.0 |   0.0 |   2.7 | 9099.5
         Swamp |   5.2 |   5.2 |   2.0 |  21.4 |   4.5 | 22804.5
   Spider Nest |   7.6 |   7.7 |   0.0 |   0.0 |   4.9 | 24866.8
    Slime Pits |   4.6 |   4.7 |   0.0 |   0.0 |   6.1 | 24704.4
  Orcish Mines |   3.1 |   3.0 |  13.7 |   0.0 |   0.6 | 6382.0
   Elven Halls |   4.8 |   4.9 |   0.0 |   7.1 |   6.7 | 44835.7
        Vaults |  13.6 |  13.4 |  31.4 |   0.0 |  21.1 | 85106.0
         Crypt |   6.4 |   6.4 |   2.0 |   0.0 |   7.2 | 48106.7
        Depths |   8.1 |   8.2 |   2.0 |  14.3 |  13.2 | 53261.6
          Hell |   3.1 |   3.1 |   0.0 |   0.0 |   3.9 | 77844.0
       Gehenna |   7.9 |   7.9 |   5.9 |  35.7 |   7.8 | 22427.9
       Cocytus |   4.9 |   4.6 |  23.5 |   7.1 |   5.0 | 14469.9
      Tartarus |   0.9 |   0.9 |   0.0 |   0.0 |   1.4 | 14247.0
         Abyss |   7.2 |   7.3 |   0.0 |   0.0 |   7.7 | 38693.2
      Ice Cave |   1.5 |   1.5 |   0.0 |   7.1 |   0.3 | 6041.0
        Wizlab |   2.1 |   2.1 |   0.0 |   0.0 |   1.6 | 32942.0
    Desolation |   1.8 |   1.8 |   0.0 |   7.1 |   1.8 | 35815.0
               +-------+-------+-------+-------+-------+----------------------

Skill      XL: |  1  2  3  4  5  6  7  8  9 10 11 12 13 14 15 16 17 18 19 20 21 22 23 24 25 26 27 |
---------------+----------------------------------------------------------------------------------+-----
Fighting       | 3 4 5 6 8 10 11 12 14 15 17 18 20 21 23 | 23.2
Armour         | 2 3 4 5 6 8 9 11 12 13 15 16 17 19 20 22 | 22.0
Axes           | 1 4 6 9 11 12 14 | 14.0
Bows           | 3 6 8 9 12 15 18 20 21 27 | 27.0
Evocations     | 1 4 5 6 7 11 | 11.2
Dodging        | 4 6 8 12 | 12.0
Throwing       | 2 |  2.0
Short Blades   | |  2.6

Action                   |  1- 3 |  4- 6 |  7- 9 | 10-12 | 13-15 | 16-18 | 19-21 | 22-24 | 25-27 || total
-------------------------+-------+-------+-------+-------+-------+-------+-------+-------+-------++-------
Melee: Short sword       |   122 |     3 |       |       |       |       |       |       |       ||   125
       Bite              |    30 |    80 |    61 |   167 |   411 |   222 |   172 |   231 |  1061 ||  2435
       Dagger            |       |   237 |       |       |       |       |       |       |       ||   237
       Hand axe          |       |    11 |   168 |   380 |   779 |   448 |   297 |   441 |  1876 ||  4400
       Shillelagh        |       |       |       |       |    57 |    39 |       |       |    46 ||   142
       Shortbow          |       |       |       |       |     1 |       |       |       |       ||     1
       Headbutt          |       |       |       |       |       |   122 |   123 |   199 |   778 ||  1222
       Broad axe         |       |       |       |       |       |       |    23 |     9 |       ||    32
       Longbow           |       |       |       |       |       |       |       |     9 |     2 ||    11
 Fire: Shortbow          |       |       |       |   306 |   591 |       |       |       |       ||   897
       Longbow           |       |       |       |       |    59 |   976 |   966 |  1161 |  1757 ||  4919
Invok: Berserk           |     1 |       |     1 |     3 |     5 |     1 |     2 |     1 |       ||    14
       Trog's Hand       |     1 |     1 |       |     8 |     8 |     3 |     2 |     8 |    18 ||    49
       Brothers in Arms  |       |       |       |     2 |     2 |     1 |     2 |     3 |     8 ||    18
 Abil: Stop Flying       |       |       |       |       |       |       |       |       |     2 ||     2
       Evoke Flight      |       |       |       |       |       |       |       |       |     2 ||     2
Evoke: Wand              |       |       |       |     3 |     2 |       |       |     3 |    14 ||    22
       Lamp of fire      |       |       |       |       |       |       |       |       |     1 ||     1
       Horn of Geryon    |       |       |       |       |       |       |       |       |     1 ||     1
  Use: Potion            |     2 |       |       |     3 |     2 |     2 |     1 |     3 |     6 ||    19
       Scroll            |     1 |    12 |     1 |    11 |    19 |     9 |    11 |    20 |    21 ||   105
 Stab: Invisible         |       |       |       |     1 |       |       |       |       |       ||     1
       Petrified         |       |       |       |       |     4 |       |       |       |       ||     4
       Distracted        |       |       |       |       |       |     1 |     1 |     1 |       ||     3
       Confused          |       |       |       |       |       |       |       |     1 |       ||     1
  Eat: Chunk             |     3 |     7 |     6 |    16 |    27 |    20 |    22 |    28 |    52 ||   181
       Ration            |       |     1 |       |     3 |     4 |     3 |     1 |     8 |     4 ||    24
Armor: Animal skin       |     7 |       |       |       |       |       |       |       |       ||     7
       Chain mail        |    49 |    33 |       |       |       |       |       |       |       ||    82
       Ice dragon scales |       |    70 |    88 |   226 |   488 |    71 |       |       |       ||   943
       Gold dragon scale |       |       |       |       |       |   488 |   332 |   681 |  1919 ||  3420
Dodge: Dodged            |    54 |    95 |    68 |   173 |   443 |   400 |   203 |   395 |  1443 ||  3274
Block: Other             |    11 |    47 |    19 |    83 |   159 |   181 |    79 |   129 |   328 ||  1036
       Reflection        |       |       |       |       |     5 |     3 |       |       |       ||     8

Vanquished Creatures
  Asmodeus (Geh:7)
  the Royal Jelly (Slime:5)
  the Serpent of Hell (Coc:7)
  Bai Suzhen (Depths:3)
  Saint Roka (Crypt:3)
  Frederick (Vaults:4)
  3 shard shrikes (Coc:1)
  Geryon (Hell)
  Xtahua (Vaults:4)
  A profane servitor (Abyss:4)
  5 golden dragons
  3 bone dragons
  A mutant beast (WizLab)
  2 doom hounds (Tar:2)
  2 Tzitzimimeh
  9 Brimstone Fiends
  A shard shrike zombie (Crypt:2)
  7 tentacled monstrosities
  2 Ice Fiends (Coc:7)
  8 liches
  Asterion (Depths:2)
  3 deep elf blademasters
  2 deep elf master archers (Elf:3)
  3 quicksilver dragons (Vaults:5)
  27 acid blobs
  3 titans
  3 eldritch tentacles
  An Executioner (Abyss:4)
  Murray (Hell)
  5 ancient champions
  5 sphinxes (Vaults:5)
  11 shadow dragons
  Frances (Spider:1)
  4 storm dragons
  A sphinx (shapeshifter) (Elf:2)
  4 thorn hunters
  7 tengu reavers
  18 tentacled starspawn
  Kirke (Lair:4)
  Donald (Slime:5)
  3 revenants
  2 iron dragons (Hell)
  11 fire giants
  An imperial myrmidon (Desolation)
  9 balrugs
  A draconian knight (Depths:2)
  6 deep elf sorcerers
  An orc warlord (Orc:2)
  6 frost giants
  13 azure jellies
  3 ghost moths (Spider:4)
  Louise (Depths:5)
  17 vault wardens
  2 cacodemons
  7 emperor scorpions
  2 curse skulls
  4 deep elf elementalists
  17 ghouls
  2 draconian stormcallers (Depths:5)
  19 ironheart preservers
  2 spriggan defenders (Depths:5)
  An elemental wellspring (Coc:7)
  15 reapers
  28 stone giants
  6 entropy weavers
  A caustic shrike skeleton (Crypt:3)
  3 war gargoyles
  The ghost of Qeujaof the Grappler, a journeyman MiFi of Okawaru (D:14)
  34 very ugly things
  10 vampire knights
  10 deep elf demonologists
  4 black draconians
  A halazid warlock (Desolation)
  6 deep elf annihilators
  3 spark wasps
  A red draconian (Depths:5)
  6 eidola
  9 deep elf death magi
  2 white draconians (Depths:5)
  4 blizzard demons
  4 crystal guardians (Desolation)
  14 ettins
  5 death oozes
  A fire dragon (shapeshifter) (WizLab)
  5 ragged hierophants (Desolation)
  A merfolk impaler (Depths:3)
  8 fire dragons
  A kraken zombie (Coc:1)
  10 jiangshi
  3 deep elf high priests
  11 great orbs of eyes
  17 yaktaur captains
  Fannar (D:11)
  24 hydras
  5 servants of whispers (Desolation)
  Harold (D:9)
  2 quicksilver dragon zombies
  39 vault guards
  2 spriggan air magi (Depths:2)
  6 quicksilver dragon skeletons
  6 rakshasas
  8 centaur warriors
  3 shambling mangroves
  5 peacekeepers (Desolation)
  10 ice dragons
  A caustic shrike simulacrum (Depths:2)
  4 death knights
  19 ogre magi
  3 ghost crabs
  Erica (D:8)
  52 two-headed ogres
  A catoblepas (Lair:4)
  32 dancing weapons
  9 death yaks
  11 deep troll shamans
  14 alligators
  4 vampire magi
  22 hell hogs
  10 deep troll earth magi
  7 spriggan berserkers
  8 thrashing horrors (Abyss:4)
  3 titan zombies
  6 orc high priests
  3 tengu warriors
  3 iron golems
  Urug (Lair:3)
  9 wretched stars
  4 soul eaters
  3 sun demons
  2 storm dragon zombies
  Nergalle (Lair:1)
  Sonja (Lair:4)
  3 titan skeletons
  2 fire crabs (shapeshifter)
  35 hell knights
  2 iron trolls (Hell)
  4 storm dragon skeletons
  2 salamander mystics (Depths:1)
  5 spatial maelstroms (Abyss:4)
  A sixfirhy (Hell)
  53 skeletal warriors
  18 deep elf knights
  20 shadow wraiths
  2 glowing orange brains
  A death drake (Tar:2)
  5 anaconda zombies
  3 wizards
  31 deep trolls
  A ghost moth zombie (Geh:7)
  10 swamp dragons
  A golden dragon zombie (Coc:4)
  An infernal demonspawn (Depths:2)
  A sea snake (shapeshifter) (Vaults:5)
  5 spriggan druids
  A gelid demonspawn (Depths:2)
  A torturous demonspawn (Depths:2)
  6 unseen horrors
  42 starcursed masses
  An entropy weaver zombie (Spider:2)
  15 flayed ghosts
  2 shadow demons
  14 deep elf archers
  15 ironbrand convokers
  12 necromancers
  2 golden dragon skeletons
  A harpy (shapeshifter) (WizLab)
  22 phantasmal warriors
  A mana viper (shapeshifter) (Vaults:5)
  14 orc knights
  5 anaconda skeletons
  5 wolf spider zombies
  2 iron dragon zombies
  4 oklob plants
  15 orb spiders
  A shadow dragon zombie (Geh:3)
  A spectral wolf spider (Crypt:3)
  2 orc sorcerers
  2 orb spiders (shapeshifter)
  27 wolf spiders
  62 deep elf magi
  6 harpies
  78 ugly things
  2 fire giant zombies
  A spectral fire dragon (Crypt:3)
  3 stone giant zombies
  11 shining eyes
  4 salamanders (Depths:1)
  A shadow dragon skeleton (Geh:7)
  3 iron dragon skeletons
  5 worldbinders (Abyss:4)
  2 shock serpent zombies
  4 elephants (Lair:4)
  A moth of wrath (shapeshifter) (WizLab)
  3 moths of wrath
  7 cyclopes
  8 rust devils
  A black mamba (shapeshifter) (WizLab)
  5 frost giant skeletons
  4 guardian serpents
  A stone giant skeleton (Coc:1)
  12 molten gargoyles
  4 fire giant skeletons
  2 apocalypse crabs (Abyss:4)
  22 vault sentinels
  3 torpor snails
  2 gargoyles
  A guardian serpent (shapeshifter) (Elf:1)
  4 orange demons (Hell)
  3 human skeletons
  2 ice statues
  A shock serpent skeleton (Geh:5)
  2 centaur skeletons
  10 smoke demons
  24 spiny frogs
  A dire elephant skeleton (Geh:7)
  4 eyes of devastation
  5 hellions
  2 efreet
  2 komodo dragons (shapeshifter)
  2 redback zombies (Spider:2)
  15 demonic crawlers
  6 komodo dragons
  A catoblepas zombie (Tar:1)
  An anaconda simulacrum (Hell)
  5 rime drakes
  2 yaktaur skeletons
  An emperor scorpion zombie (Geh:2)
  10 tormentors
  58 yaktaurs
  2 tengu conjurers
  2 elves (WizLab)
  5 ancient zymes
  A green draconian skeleton (Crypt:3)
  35 freezing wraiths
  A hellwing (Abyss:4)
  18 red devils
  16 ice devils
  A polar bear (shapeshifter) (WizLab)
  A jumping spider (shapeshifter) (Depths:2)
  A harpy zombie (Abyss:1)
  14 hydra zombies
  10 guardian mummies
  11 trolls
  A troll (shapeshifter) (Vaults:3)
  A queen bee (Lair:1)
  A wandering mushroom (D:10)
  3 meliai (D:14)
  2 meliai (shapeshifter)
  3 polar bears
  32 hornets
  Prince Ribbit (D:6)
  4 harpy skeletons
  2 moth of wrath zombies
  107 slime creatures
  27 jumping spiders
  21 blink frogs
  38 saltlings (Desolation)
  2 blink frogs (shapeshifter) (WizLab)
  16 tyrant leeches
  2 hydra skeletons
  3 ice dragon zombies
  24 raiju (Abyss:4)
  A hornet (shapeshifter) (WizLab)
  3 wind drakes (shapeshifter) (WizLab)
  16 bog bodies
  A frost giant simulacrum (Vaults:2)
  3 hippogriffs
  A slime creature (shapeshifter) (Depths:5)
  2 tarantella zombies (Spider:2)
  6 ettin zombies
  A meliai zombie (D:10)
  3 jumping spider zombies (Spider:2)
  A raiju (shapeshifter) (Elf:1)
  A hippogriff (shapeshifter) (Depths:2)
  2 alligator zombies
  A fire dragon zombie (Depths:1)
  A snapping turtle (shapeshifter) (WizLab)
  6 dream sheep (Lair:5)
  39 large abominations
  2 ice dragon skeletons (Geh:5)
  11 spriggans
  3 fire dragon skeletons
  3 alligator skeletons
  17 shadows
  3 ettin skeletons
  78 redbacks
  A spriggan (shapeshifter) (WizLab)
  2 tarantellas (shapeshifter)
  5 air elementals
  4 ynoxinuls
  24 water elementals
  2 yaks (shapeshifter) (WizLab)
  A black mamba zombie (Geh:5)
  30 yaks
  40 flying skulls
  28 tarantellas
  32 wraiths
  A wyvern (shapeshifter) (WizLab)
  28 fire elementals
  4 humans
  3 wyverns
  5 basilisks
  2 hogs (shapeshifter)
  2 humans (shapeshifter)
  A basilisk (shapeshifter) (Vaults:5)
  6 neqoxecs (Abyss:4)
  11 hogs
  8 hungry ghosts
  17 golden eyes
  32 small abominations
  5 chaos spawn (Abyss:4)
  16 swamp worms
  A yaktaur simulacrum (Vaults:3)
  14 vampire mosquitoes
  2 merfolk zombies
  5 spatial vortices (Abyss:4)
  3 steam dragons (Lair:6)
  A human simulacrum (Vaults:1)
  A soldier ant (shapeshifter) (WizLab)
  2 acid dragons
  3 spiny frog zombies
  13 wargs
  2 hydra simulacra
  21 insubstantial wisps
  10 soldier ants
  4 floating eyes (WizLab)
  11 water moccasins
  3 orb spider zombies (Spider:2)
  Duvessa (D:6)
  8 porcupines
  2 merfolk skeletons
  44 hell hounds
  A monstrous demonspawn skeleton (Crypt:2)
  4 sky beasts
  6 spiny frog skeletons
  8 eyes of draining
  3 black bears
  12 ice beasts
  4 black bears (shapeshifter) (WizLab)
  32 orc warriors
  6 phantoms
  5 snapping turtle zombies
  13 necrophages
  An elf simulacrum (Depths:2)
  11 swamp drakes
  50 ogres
  2 manticore zombies
  An ettin simulacrum (Abyss:4)
  18 wolves
  13 centaurs
  4 snapping turtle skeletons
  A lindwurm skeleton (Crypt:2)
  A swamp dragon skeleton (Coc:1)
  14 crocodiles
  10 big kobolds
  18 bullfrogs
  10 earth elementals
  An elf skeleton (Coc:6)
  A wyvern zombie (Crypt:3)
  A komodo dragon skeleton (Crypt:1)
  Dowan (D:6)
  2 wyvern skeletons
  A water moccasin skeleton (D:5)
  12 scorpions
  A water moccasin zombie (D:6)
  A scorpion (shapeshifter) (Depths:2)
  A swamp dragon simulacrum (IceCv)
  A spectral naga (Crypt:3)
  An elephant simulacrum (IceCv)
  35 killer bees
  A spectral tengu (Crypt:3)
  A warg skeleton (Crypt:1)
  5 electric eels
  51 wights
  3 troll skeletons
  A spriggan skeleton (Crypt:3)
  A howler monkey (D:7)
  6 crimson imps
  A wolf skeleton (Crypt:1)
  2 quasits
  3 centaur zombies
  3 draconian simulacra (IceCv)
  2 bullfrog zombies
  6 hounds
  14 orc wizards
  A gnoll shaman (D:6)
  A human zombie (Geh:7)
  2 jellies
  42 orc priests
  An iron imp (Hell)
  4 iguanas
  13 worker ants
  2 polar bear simulacra (IceCv)
  A statue (D:5)
  4 spriggan simulacra
  6 troll simulacra (IceCv)
  A killer bee zombie (Crypt:1)
  A dwarf zombie (Crypt:1)
  A naga zombie (Crypt:1)
  5 centaur simulacra (IceCv)
  2 hound zombies
  2 tengu skeletons
  12 mummies
  A hound skeleton (Crypt:3)
  A worker ant zombie (D:7)
  A howler monkey zombie (D:5)
  6 adders
  10 gnolls (D:6)
  A naga simulacrum (IceCv)
  3 ogre simulacra
  A steam dragon zombie (Crypt:1)
  4 shadow imps
  19 white imps
  A lava snake zombie (Crypt:2)
  A worm zombie (Crypt:2)
  An adder skeleton (D:4)
  4 worms
  A dart slug (D:3)
  7 leopard geckos
  109 orcs
  4 bats
  10 giant cockroaches
  9 goblins
  4 hobgoblins
  14 jackals
  3 quokkas
  3 ball pythons
  5 frilled lizards
  A frilled lizard zombie (Crypt:3)
  A giant cockroach zombie (Crypt:2)
  A gnoll skeleton (Crypt:2)
  2 jackal skeletons (D:7)
  17 kobolds
  A leopard gecko skeleton (Crypt:1)
  A leopard gecko zombie (D:5)
  An orc skeleton (Geh:7)
  2 quokka skeletons
  5 rats
  A spectral kobold (Crypt:3)
  A spectral orc (Crypt:3)
  2 briar patches (Swamp:2)
  A bush (Abyss:3)
  13 crawling corpses
  2 fire vortices (Geh:4)
  4 fungi
  2 lurking horrors
  8 pillars of salt (Vaults:1)
  14 plants
  14 starspawn tentacles (Abyss:4)
  2 tentacles (Coc:1)
3593 creatures vanquished.

Vanquished Creatures (collateral kills)
  The ghost of Platt the Hoplite, an adept MiBe of Trog (Swamp:4)
  2 titans (Vaults:5)
  2 shadow dragons (Vaults:5)
  A storm dragon (Vaults:5)
  A vault warden (Vaults:5)
  A deep elf sorcerer (Vaults:5)
  An ettin (Vaults:5)
  A blizzard demon (Coc:7)
  Josephine (Orc:1)
  A yaktaur captain (Vaults:5)
  A quicksilver dragon zombie (Geh:7)
  A great orb of eyes (shapeshifter) (Vaults:5)
  3 ice dragons (Coc:7)
  A deep troll shaman (Depths:3)
  A dancing weapon (Vaults:5)
  2 deep elf knights (Vaults:5)
  An anaconda zombie (Coc:7)
  A deep elf mage (Vaults:5)
  A hellion (Geh:7)
  2 freezing wraiths (Coc:7)
  A troll (D:14)
  A meliai zombie (D:14)
  2 flying skulls (Coc:7)
  2 wraiths (Orc:1)
  A vampire (D:14)
  A hungry ghost (Coc:7)
  A hell hound (Geh:6)
  An orc warrior (Orc:1)
  3 ogres
  4 centaurs (D:14)
  A wight (D:14)
  An orc wizard (Orc:1)
  2 white imps (Coc:7)
  4 orcs
51 creatures vanquished.

Vanquished Creatures (others)
  A draconian knight (Depths:5)
  A deep elf elementalist (Elf:3)
  An elemental wellspring (Coc:7)
  A rakshasa (Depths:2)
  A hell hog (Geh:2)
  A spriggan druid (Swamp:4)
  A necromancer (IceCv)
  A guardian serpent (Desolation)
  A red devil (Geh:3)
  2 hornets (Swamp:4)
  A flying skull (Coc:7)
  A wraith (Geh:7)
  A shadow (Geh:5)
  3 spriggans (Swamp:4)
  2 wights (Geh:2)
  A human zombie (Geh:7)
  An orc (Vaults:2)
  A briar patch (Swamp:2)
  11 fungi
  A lurking horror (Abyss:4)
  35 plants
  38 starspawn tentacles
  4 tentacles (Coc:1)
  4 withered plants
115 creatures vanquished.

Grand Total: 3759 creatures vanquished
